Workbook
Name NvsASD: "V2019-06-30"
Name NvsAutoDrillOk: "VN"
Name NvsDateToNumber: "Y"
Name NvsDrillHyperLink: "https://jcspa.jeffco.k12.co.us/psp/PA92PRD_newwin/EMPLOYEE/PSFT_EP/c/REPORT_BOOKS.IC_RUN_DRILLDOWN.GBL?Action=A&NVS_INSTANCE=5636228_8523937"
Name NvsElapsedTime: 0.0000231481535593048
Name NvsEndTime: 43622.2690625
Name NvsInstanceHook: CollapseNplosionMacro
Name NvsInstLang: "VENG"
Name NvsInstSpec: "%,FDEPTID,V55800"
Name NvsInstSpec1: ","
Name NvsInstSpec2: ","
Name NvsInstSpec3: ","
Name NvsInstSpec4: ","
Name NvsInstSpec5: ","
Name NvsInstSpec6: ","
Name NvsInstSpec7: ","
Name NvsInstSpec8: ","
Name NvsInstSpec9: ","
Name NvsLayoutType: "M3"
Name NvsNplSpec: "%,X,RPT.ACCOUNT.,CZF.."
Name NvsPanelEffdt: "V1900-01-01"
Name NvsPanelSetid: "VGF020"
Name NvsReqBU: "VGF020"
Name NvsReqBUOnly: "VY"
Name NvsSheetType: "M"
Name NvsTransLed: "VN"
Name NvsTreeASD: "V2019-06-30"
Name NvsValTbl.ACCOUNT: "GL_ACCOUNT_TBL"
Name NvsValTbl.BUDGET_YEAR: "BUDGET_YEAR"
Name NvsValTbl.BUSINESS_UNIT: "BUS_UNIT_TBL_GL"
Name NvsValTbl.FUND_CODE: "FUND_TBL"
Name NvsValTbl.PROGRAM_CODE: "PROGRAM_TBL"
Name PED: PROJECTIONS!$CY$4

Sheet FINANCIALS
B1: %,AFF,FACCOUNT | C1: %,AFT,FDESCR | D1: %,VCA020 | E1: %,VCC020 | F1: %,VGF020 | G1: %,VGS020 | H1: %,LACTUALS,SALLYEAR-1,FFUND_CODE,X,VCA020,VFS020,VGF020,VGS020,VIR020,VCC020 | J1: %,VCR020 | K1: %,VDS020 | L1: %,LACTUALS,SALLYEAR-1,FFUND_CODE,X,VCR020,VDS020 | N1: %,LACTUALS,SALLYEAR-1 | P1: %,LREVEST_BD,UPOSTED_TOTAL_AMT,SADJBAL,FACCOUNT,TACCOUNT_ROLLUP,NREVENUE | Q1: %,LORG_BD,UPOSTED_TOTAL_AMT,SADJBAL,R,FACCOUNT,TACCOUNT_ROLLUP,XDYYNYN00,NTRANSFERS | R1: %,C | T1: %,V512100 | U1: %,V513100 | V1: %,V521100 | W1: %,V521900 | X1: %,V522100 | Y1: %,V522200 | Z1: %,V524200 | AA1: %,V526200 | AB1: %,V529200 | AC1: %,V529400 | AD1: %,V529500 | AE1: %,V529600 | AF1: %,V529800 | AG1: %,V552100 | AH1: %,V557100 | AI1: %,V557600 | AJ1: %,V591100 | AK1: %,V599400 | AL1: %,V599810 | AM1: %,V599820 | AN1: %,V599830 | AO1: %,V699000 | AP1: %,V701000 | AQ1: %,V702000 | AR1: %,V708000 | AS1: %,V710000 | AT1: %,V713000 | AU1: %,V715000 | AV1: %,V721000 | AW1: %,V723000 | AX1: %,V731000 | AY1: %,V743000 | AZ1: %,V745000 | BA1: %,V745500 | BB1: %,V746000 | BC1: %,V752000 | BD1: %,V761000 | BE1: %,V764000 | BF1: %,V765000 | BG1: %,V766000 | BH1: %,V768000 | BI1: %,V769000 | BJ1: %,V770000 | BK1: %,V770800 | BL1: %,V781000 | BM1: %,V781500 | BN1: %,V804000 | BO1: %,V805000 | BP1: %,V806000 | BQ1: %,V810000 | BR1: %,V810001 | BS1: %,V812000 | BT1: %,V814000 | BU1: %,V820000 | BV1: %,V820001 | BW1: %,V822000 | BX1: %,V823000 | BY1: %,V824000 | BZ1: %,V826000 | CA1: %,V840000 | CB1: %,V870000 | CC1: %,V885000 | CD1: %,V889000 | CE1: %,V930000 | CF1: %,V950000 | CG1: %,LORG_BD,UPOSTED_TOTAL_AMT,SADJBAL,R,FACCOUNT,TACCOUNT_ROLLUP,XDYYNYN00,NEXPENDITURE | CI1: %,VCA020 | CJ1: %,VCC020 | CK1: %,VGF020 | CL1: %,VGS020 | CM1: %,LACTUALS,SYTD,FFUND_CODE,X,VCA020,VFS020,VGF020,VGS020,VIR020,VCC020 | CO1: %,VCR020 | CP1: %,VDS020 | CQ1: %,LACTUALS,SYTD,FFUND_CODE,X,VCR020,VDS020 | CS1: %,LACTUALS,SYTD | CT1: %,C | CU1: %,C
B2: Jefferson County Public Schools | CQ2: Lincoln Academy Charter School | CY2: 558OPC
B3: Charter Schools | CS3: Unaudited Financials
B4: Lincoln Academy Charter School | CQ4: 07/01/18 - 6/6/19 | CY4: 43646
B5: ="Report ID: "&CY2 -> Report ID: 558OPC | CX5: 55800
B6: For Accounting Period: | CQ6: Board JUNE 10, 2019 | CX6: Lincoln Academy Charter School
B7: 43646
A8: %,ATF,FFUND_CODE | B8: Account | D8: CA020 | E8: CC020 | F8: GF020 | G8: GS020 | H8: Prior Year | J8: CR020 | K8: DS020 | L8: Prior Year | N8: Prior Year | CI8: CA020 | CJ8: CC020 | CK8: GF020 | CL8: GS020 | CM8: Current Year | CO8: CR020 | CP8: DS020 | CQ8: Current Year | CS8: Current Year
A9: %,ATF,FDESCR | B9: Number | C9: Description | D9: Charter School Campus Activity | E9: Charter School Child Care Fund | F9: Charter School General Fund | G9: Charter School Grant Fund | H9: Operational Funds | J9: Charter School Capital Reserve | K9: Charter School Debt Service | L9: Capital Funds | N9: Total | R9: Estimated Revenue | T9: Principal | U9: Assistant Principal | V9: Teacher | W9: Substitute Teacher | X9: Counselor | Y9: Teacher Librarian | Z9: Coordinator - Classified | AA9: Instructional Coach | AB9: Occupational Therapist | AC9: Nurse | AD9: Psychologist | AE9: Social Worker | AF9: Speech Therapist | AG9: School Secretary | AH9: Paraprofessional | AI9: Clinic Aides | AJ9: Custodian | AK9: Unused Sick Leave | AL9: Additional Pay - Certificated | AM9: Additional Pay-Classified | AN9: Additional Pay-Administrative | AO9: Employee Benefits | AP9: Mileage And Travel | AQ9: Employee Training & Conf | AR9: Employee Background Verificatn | AS9: Meals/Refreshments | AT9: Student Transportation | AU9: Student Admission/Entry Fees | AV9: Legal Fees | AW9: Printing | AX9: Contracted Services | AY9: Equipment Rental | AZ9: Contract Maint/Eq Repair | BA9: Technology Services | BB9: Const Maint/Repair-Bldg | BC9: Marketing - Advertising | BD9: Natural Gas | BE9: Electricity | BF9: Voice Communication Line | BG9: Water & Sanitation | BH9: Postage | BI9: Permits/Licenses/Fees | BJ9: Risk Management Charges | BK9: Unemployment Comp Insur | BL9: Lease Purch-Other-Principal | BM9: Lease Purch-Other-Interest | BN9: Fund Raising | BO9: Materials/Supplies-Other | BP9: Materials/Supplies Resale | BQ9: Office Material/Supplies | BR9: Office Equipment - Under $5K | BS9: Clinic Supplies/Materials | BT9: Custodial Supplies | BU9: Instructional Material/Supply | BV9: Instructional Equip-Under $5K | BW9: Textbooks | BX9: Copier Usage | BY9: Testing Materials | BZ9: Graduation Materials | CA9: Maint Materials/Supplies | CB9: Library Materials | CC9: Miscellaneous Expense | CD9: Consumable Supplies | CE9: Building Improvements | CF9: Transfers | CG9: Budget | CI9: Charter School Campus Activity | CJ9: Charter School Child Care Fund | CK9: Charter School General Fund | CL9: Charter School Grant Fund | CM9: Operational Funds | CO9: Charter School Capital Reserve | CP9: Charter School Debt Service | CQ9: Capital Funds | CS9: Total | CT9: Variance | CU9: Percent Spent
C11: Prior Year Carryforward | H11: 2645403.7 | N11: 2645403.7 | CI11: 62657.49 | CJ11: 105530.51 | CK11: 1930278.2 | CL11: 0 | CM11: 2098466.2 | CO11: 0 | CP11: 788564.45 | CQ11: 788564.45 | CS11: 2887030.6
A13: %,V401000 | B13: 401000 | C13: Commissions/Profits | D13: 2523.56 | E13: 0 | F13: 13189.65 | G13: 0 | H13: 15713.21 | J13: 0 | K13: 0 | L13: 0 | N13: 15713.21 | P13: -18000 | Q13: 0 | R13: =-1*(P13+Q13) -> 18000 | T13: 0 | U13: 0 | V13: 0 | W13: 0 | X13: 0 | Y13: 0 | Z13: 0 | AA13: 0 | AB13: 0 | AC13: 0 | AD13: 0 | AE13: 0 | AF13: 0 | AG13: 0 | AH13: 0 | AI13: 0 | AJ13: 0 | AK13: 0 | AL13: 0 | AM13: 0 | AN13: 0 | AO13: 0 | AP13: 0 | AQ13: 0 | AR13: 0 | AS13: 0 | AT13: 0 | AU13: 0 | AV13: 0 | AW13: 0 | AX13: 0 | AY13: 0 | AZ13: 0 | BA13: 0 | BB13: 0 | BC13: 0 | BD13: 0 | BE13: 0 | BF13: 0 | BG13: 0 | BH13: 0 | BI13: 0 | BJ13: 0 | BK13: 0 | BL13: 0 | BM13: 0 | BN13: 0 | BO13: 0 | BP13: 0 | BQ13: 0 | BR13: 0 | BS13: 0 | BT13: 0 | BU13: 0 | BV13: 0 | BW13: 0 | BX13: 0 | BY13: 0 | BZ13: 0 | CA13: 0 | CB13: 0 | CC13: 0 | CD13: 0 | CE13: 0 | CF13: 0 | CG13: 0 | CI13: 576.19 | CJ13: 0 | CK13: 7834.03 | CL13: 0 | CM13: 8410.22 | CO13: 0 | CP13: 0 | CQ13: 0 | CS13: 8410.22 | CT13: =R13-CS13 -> 9589.78 | CU13: =IF(R13=0,"n/a",CS13/(R13)) -> 0.46723444
A14: %,V401400 | B14: 401400 | C14: Ticket Sales | D14: 1372 | E14: 0 | F14: 0 | G14: 0 | H14: 1372 | J14: 0 | K14: 0 | L14: 0 | N14: 1372 | P14: -1250 | Q14: 0 | R14: =-1*(P14+Q14) -> 1250 | T14: 0 | U14: 0 | V14: 0 | W14: 0 | X14: 0 | Y14: 0 | Z14: 0 | AA14: 0 | AB14: 0 | AC14: 0 | AD14: 0 | AE14: 0 | AF14: 0 | AG14: 0 | AH14: 0 | AI14: 0 | AJ14: 0 | AK14: 0 | AL14: 0 | AM14: 0 | AN14: 0 | AO14: 0 | AP14: 0 | AQ14: 0 | AR14: 0 | AS14: 0 | AT14: 0 | AU14: 0 | AV14: 0 | AW14: 0 | AX14: 0 | AY14: 0 | AZ14: 0 | BA14: 0 | BB14: 0 | BC14: 0 | BD14: 0 | BE14: 0 | BF14: 0 | BG14: 0 | BH14: 0 | BI14: 0 | BJ14: 0 | BK14: 0 | BL14: 0 | BM14: 0 | BN14: 0 | BO14: 0 | BP14: 0 | BQ14: 0 | BR14: 0 | BS14: 0 | BT14: 0 | BU14: 0 | BV14: 0 | BW14: 0 | BX14: 0 | BY14: 0 | BZ14: 0 | CA14: 0 | CB14: 0 | CC14: 0 | CD14: 0 | CE14: 0 | CF14: 0 | CG14: 0 | CI14: 1415 | CJ14: 0 | CK14: 0 | CL14: 0 | CM14: 1415 | CO14: 0 | CP14: 0 | CQ14: 0 | CS14: 1415 | CT14: =R14-CS14 -> -165 | CU14: =IF(R14=0,"n/a",CS14/(R14)) -> 1.132
A15: %,V408000 | B15: 408000 | C15: Resale | D15: 17863.84 | E15: 0 | F15: 0 | G15: 0 | H15: 17863.84 | J15: 0 | K15: 0 | L15: 0 | N15: 17863.84 | P15: -18797 | Q15: 0 | R15: =-1*(P15+Q15) -> 18797 | T15: 0 | U15: 0 | V15: 0 | W15: 0 | X15: 0 | Y15: 0 | Z15: 0 | AA15: 0 | AB15: 0 | AC15: 0 | AD15: 0 | AE15: 0 | AF15: 0 | AG15: 0 | AH15: 0 | AI15: 0 | AJ15: 0 | AK15: 0 | AL15: 0 | AM15: 0 | AN15: 0 | AO15: 0 | AP15: 0 | AQ15: 0 | AR15: 0 | AS15: 0 | AT15: 0 | AU15: 0 | AV15: 0 | AW15: 0 | AX15: 0 | AY15: 0 | AZ15: 0 | BA15: 0 | BB15: 0 | BC15: 0 | BD15: 0 | BE15: 0 | BF15: 0 | BG15: 0 | BH15: 0 | BI15: 0 | BJ15: 0 | BK15: 0 | BL15: 0 | BM15: 0 | BN15: 0 | BO15: 0 | BP15: 0 | BQ15: 0 | BR15: 0 | BS15: 0 | BT15: 0 | BU15: 0 | BV15: 0 | BW15: 0 | BX15: 0 | BY15: 0 | BZ15: 0 | CA15: 0 | CB15: 0 | CC15: 0 | CD15: 0 | CE15: 0 | CF15: 0 | CG15: 0 | CI15: 12002.43 | CJ15: 0 | CK15: 2575 | CL15: 0 | CM15: 14577.43 | CO15: 0 | CP15: 0 | CQ15: 0 | CS15: 14577.43 | CT15: =R15-CS15 -> 4219.57 | CU15: =IF(R15=0,"n/a",CS15/(R15)) -> 0.77551897
A16: %,V409000 | B16: 409000 | C16: Sales-Fund Raising | D16: 8892.85 | E16: 200 | F16: 2096.02 | G16: 0 | H16: 11188.87 | J16: 0 | K16: 0 | L16: 0 | N16: 11188.87 | P16: -8680 | Q16: 0 | R16: =-1*(P16+Q16) -> 8680 | T16: 0 | U16: 0 | V16: 0 | W16: 0 | X16: 0 | Y16: 0 | Z16: 0 | AA16: 0 | AB16: 0 | AC16: 0 | AD16: 0 | AE16: 0 | AF16: 0 | AG16: 0 | AH16: 0 | AI16: 0 | AJ16: 0 | AK16: 0 | AL16: 0 | AM16: 0 | AN16: 0 | AO16: 0 | AP16: 0 | AQ16: 0 | AR16: 0 | AS16: 0 | AT16: 0 | AU16: 0 | AV16: 0 | AW16: 0 | AX16: 0 | AY16: 0 | AZ16: 0 | BA16: 0 | BB16: 0 | BC16: 0 | BD16: 0 | BE16: 0 | BF16: 0 | BG16: 0 | BH16: 0 | BI16: 0 | BJ16: 0 | BK16: 0 | BL16: 0 | BM16: 0 | BN16: 0 | BO16: 0 | BP16: 0 | BQ16: 0 | BR16: 0 | BS16: 0 | BT16: 0 | BU16: 0 | BV16: 0 | BW16: 0 | BX16: 0 | BY16: 0 | BZ16: 0 | CA16: 0 | CB16: 0 | CC16: 0 | CD16: 0 | CE16: 0 | CF16: 0 | CG16: 0 | CI16: 9974.85 | CJ16: 300 | CK16: 2197.32 | CL16: 0 | CM16: 12472.17 | CO16: 0 | CP16: 0 | CQ16: 0 | CS16: 12472.17 | CT16: =R16-CS16 -> -3792.17 | CU16: =IF(R16=0,"n/a",CS16/(R16)) -> 1.4368859
A17: %,V411000 | B17: 411000 | C17: Prop Tax-Mill Levy Override | D17: 0 | E17: 0 | F17: 961827.16 | G17: 0 | H17: 961827.16 | J17: 0 | K17: 0 | L17: 0 | N17: 961827.16 | P17: -1260252 | Q17: 0 | R17: =-1*(P17+Q17) -> 1260252 | T17: 0 | U17: 0 | V17: 0 | W17: 0 | X17: 0 | Y17: 0 | Z17: 0 | AA17: 0 | AB17: 0 | AC17: 0 | AD17: 0 | AE17: 0 | AF17: 0 | AG17: 0 | AH17: 0 | AI17: 0 | AJ17: 0 | AK17: 0 | AL17: 0 | AM17: 0 | AN17: 0 | AO17: 0 | AP17: 0 | AQ17: 0 | AR17: 0 | AS17: 0 | AT17: 0 | AU17: 0 | AV17: 0 | AW17: 0 | AX17: 0 | AY17: 0 | AZ17: 0 | BA17: 0 | BB17: 0 | BC17: 0 | BD17: 0 | BE17: 0 | BF17: 0 | BG17: 0 | BH17: 0 | BI17: 0 | BJ17: 0 | BK17: 0 | BL17: 0 | BM17: 0 | BN17: 0 | BO17: 0 | BP17: 0 | BQ17: 0 | BR17: 0 | BS17: 0 | BT17: 0 | BU17: 0 | BV17: 0 | BW17: 0 | BX17: 0 | BY17: 0 | BZ17: 0 | CA17: 0 | CB17: 0 | CC17: 0 | CD17: 0 | CE17: 0 | CF17: 0 | CG17: 0 | CI17: 0 | CJ17: 0 | CK17: 1260251.5 | CL17: 0 | CM17: 1260251.5 | CO17: 0 | CP17: 0 | CQ17: 0 | CS17: 1260251.5 | CT17: =R17-CS17 -> 0.5 | CU17: =IF(R17=0,"n/a",CS17/(R17)) -> 0.9999996
A18: %,V415000 | B18: 415000 | C18: Earnings On Investments | D18: 0 | E18: 0 | F18: 0 | G18: 0 | H18: 0 | J18: 0 | K18: 5917.4 | L18: 5917.4 | N18: 5917.4 | P18: -3800 | Q18: 0 | R18: =-1*(P18+Q18) -> 3800 | T18: 0 | U18: 0 | V18: 0 | W18: 0 | X18: 0 | Y18: 0 | Z18: 0 | AA18: 0 | AB18: 0 | AC18: 0 | AD18: 0 | AE18: 0 | AF18: 0 | AG18: 0 | AH18: 0 | AI18: 0 | AJ18: 0 | AK18: 0 | AL18: 0 | AM18: 0 | AN18: 0 | AO18: 0 | AP18: 0 | AQ18: 0 | AR18: 0 | AS18: 0 | AT18: 0 | AU18: 0 | AV18: 0 | AW18: 0 | AX18: 0 | AY18: 0 | AZ18: 0 | BA18: 0 | BB18: 0 | BC18: 0 | BD18: 0 | BE18: 0 | BF18: 0 | BG18: 0 | BH18: 0 | BI18: 0 | BJ18: 0 | BK18: 0 | BL18: 0 | BM18: 0 | BN18: 0 | BO18: 0 | BP18: 0 | BQ18: 0 | BR18: 0 | BS18: 0 | BT18: 0 | BU18: 0 | BV18: 0 | BW18: 0 | BX18: 0 | BY18: 0 | BZ18: 0 | CA18: 0 | CB18: 0 | CC18: 0 | CD18: 0 | CE18: 0 | CF18: 0 | CG18: 0 | CI18: 0 | CJ18: 0 | CK18: 0 | CL18: 0 | CM18: 0 | CO18: 0 | CP18: 12516.24 | CQ18: 12516.24 | CS18: 12516.24 | CT18: =R18-CS18 -> -8716.24 | CU18: =IF(R18=0,"n/a",CS18/(R18)) -> 3.2937474
A19: %,V419000 | B19: 419000 | C19: Other Revenue | D19: 160 | E19: 0 | F19: 29992.21 | G19: 300 | H19: 30452.21 | J19: 0 | K19: 0 | L19: 0 | N19: 30452.21 | P19: -31815 | Q19: 0 | R19: =-1*(P19+Q19) -> 31815 | T19: 0 | U19: 0 | V19: 0 | W19: 0 | X19: 0 | Y19: 0 | Z19: 0 | AA19: 0 | AB19: 0 | AC19: 0 | AD19: 0 | AE19: 0 | AF19: 0 | AG19: 0 | AH19: 0 | AI19: 0 | AJ19: 0 | AK19: 0 | AL19: 0 | AM19: 0 | AN19: 0 | AO19: 0 | AP19: 0 | AQ19: 0 | AR19: 0 | AS19: 0 | AT19: 0 | AU19: 0 | AV19: 0 | AW19: 0 | AX19: 0 | AY19: 0 | AZ19: 0 | BA19: 0 | BB19: 0 | BC19: 0 | BD19: 0 | BE19: 0 | BF19: 0 | BG19: 0 | BH19: 0 | BI19: 0 | BJ19: 0 | BK19: 0 | BL19: 0 | BM19: 0 | BN19: 0 | BO19: 0 | BP19: 0 | BQ19: 0 | BR19: 0 | BS19: 0 | BT19: 0 | BU19: 0 | BV19: 0 | BW19: 0 | BX19: 0 | BY19: 0 | BZ19: 0 | CA19: 0 | CB19: 0 | CC19: 0 | CD19: 0 | CE19: 0 | CF19: 0 | CG19: 0 | CI19: 0 | CJ19: 0 | CK19: 1409.36 | CL19: 0 | CM19: 1409.36 | CO19: 0 | CP19: 0 | CQ19: 0 | CS19: 1409.36 | CT19: =R19-CS19 -> 30405.64 | CU19: =IF(R19=0,"n/a",CS19/(R19)) -> 0.044298601
A20: %,V433000 | B20: 433000 | C20: State Revenue - Other | D20: 0 | E20: 0 | F20: 1657.17 | G20: 0 | H20: 1657.17 | J20: 182038.08 | K20: 0 | L20: 182038.08 | N20: 183695.25 | P20: -204978 | Q20: 0 | R20: =-1*(P20+Q20) -> 204978 | T20: 0 | U20: 0 | V20: 0 | W20: 0 | X20: 0 | Y20: 0 | Z20: 0 | AA20: 0 | AB20: 0 | AC20: 0 | AD20: 0 | AE20: 0 | AF20: 0 | AG20: 0 | AH20: 0 | AI20: 0 | AJ20: 0 | AK20: 0 | AL20: 0 | AM20: 0 | AN20: 0 | AO20: 0 | AP20: 0 | AQ20: 0 | AR20: 0 | AS20: 0 | AT20: 0 | AU20: 0 | AV20: 0 | AW20: 0 | AX20: 0 | AY20: 0 | AZ20: 0 | BA20: 0 | BB20: 0 | BC20: 0 | BD20: 0 | BE20: 0 | BF20: 0 | BG20: 0 | BH20: 0 | BI20: 0 | BJ20: 0 | BK20: 0 | BL20: 0 | BM20: 0 | BN20: 0 | BO20: 0 | BP20: 0 | BQ20: 0 | BR20: 0 | BS20: 0 | BT20: 0 | BU20: 0 | BV20: 0 | BW20: 0 | BX20: 0 | BY20: 0 | BZ20: 0 | CA20: 0 | CB20: 0 | CC20: 0 | CD20: 0 | CE20: 0 | CF20: 0 | CG20: 0 | CI20: 0 | CJ20: 0 | CK20: 1622.77 | CL20: 0 | CM20: 1622.77 | CO20: 158266.17 | CP20: 0 | CQ20: 158266.17 | CS20: 159888.94 | CT20: =R20-CS20 -> 45089.06 | CU20: =IF(R20=0,"n/a",CS20/(R20)) -> 0.78002976
A21: %,V434000 | B21: 434000 | C21: Exceptional Children Revenue | D21: 0 | E21: 0 | F21: 80991 | G21: 0 | H21: 80991 | J21: 0 | K21: 0 | L21: 0 | N21: 80991 | P21: -81270 | Q21: 0 | R21: =-1*(P21+Q21) -> 81270 | T21: 0 | U21: 0 | V21: 0 | W21: 0 | X21: 0 | Y21: 0 | Z21: 0 | AA21: 0 | AB21: 0 | AC21: 0 | AD21: 0 | AE21: 0 | AF21: 0 | AG21: 0 | AH21: 0 | AI21: 0 | AJ21: 0 | AK21: 0 | AL21: 0 | AM21: 0 | AN21: 0 | AO21: 0 | AP21: 0 | AQ21: 0 | AR21: 0 | AS21: 0 | AT21: 0 | AU21: 0 | AV21: 0 | AW21: 0 | AX21: 0 | AY21: 0 | AZ21: 0 | BA21: 0 | BB21: 0 | BC21: 0 | BD21: 0 | BE21: 0 | BF21: 0 | BG21: 0 | BH21: 0 | BI21: 0 | BJ21: 0 | BK21: 0 | BL21: 0 | BM21: 0 | BN21: 0 | BO21: 0 | BP21: 0 | BQ21: 0 | BR21: 0 | BS21: 0 | BT21: 0 | BU21: 0 | BV21: 0 | BW21: 0 | BX21: 0 | BY21: 0 | BZ21: 0 | CA21: 0 | CB21: 0 | CC21: 0 | CD21: 0 | CE21: 0 | CF21: 0 | CG21: 0 | CI21: 0 | CJ21: 0 | CK21: 81270 | CL21: 0 | CM21: 81270 | CO21: 0 | CP21: 0 | CQ21: 0 | CS21: 81270 | CT21: =R21-CS21 -> 0 | CU21: =IF(R21=0,"n/a",CS21/(R21)) -> 1
A22: %,V438000 | B22: 438000 | C22: State ELPA Revenue | D22: 0 | E22: 0 | F22: 11826.86 | G22: 0 | H22: 11826.86 | J22: 0 | K22: 0 | L22: 0 | N22: 11826.86 | P22: -12203 | Q22: 0 | R22: =-1*(P22+Q22) -> 12203 | T22: 0 | U22: 0 | V22: 0 | W22: 0 | X22: 0 | Y22: 0 | Z22: 0 | AA22: 0 | AB22: 0 | AC22: 0 | AD22: 0 | AE22: 0 | AF22: 0 | AG22: 0 | AH22: 0 | AI22: 0 | AJ22: 0 | AK22: 0 | AL22: 0 | AM22: 0 | AN22: 0 | AO22: 0 | AP22: 0 | AQ22: 0 | AR22: 0 | AS22: 0 | AT22: 0 | AU22: 0 | AV22: 0 | AW22: 0 | AX22: 0 | AY22: 0 | AZ22: 0 | BA22: 0 | BB22: 0 | BC22: 0 | BD22: 0 | BE22: 0 | BF22: 0 | BG22: 0 | BH22: 0 | BI22: 0 | BJ22: 0 | BK22: 0 | BL22: 0 | BM22: 0 | BN22: 0 | BO22: 0 | BP22: 0 | BQ22: 0 | BR22: 0 | BS22: 0 | BT22: 0 | BU22: 0 | BV22: 0 | BW22: 0 | BX22: 0 | BY22: 0 | BZ22: 0 | CA22: 0 | CB22: 0 | CC22: 0 | CD22: 0 | CE22: 0 | CF22: 0 | CG22: 0 | CI22: 0 | CJ22: 0 | CK22: 12203.35 | CL22: 0 | CM22: 12203.35 | CO22: 0 | CP22: 0 | CQ22: 0 | CS22: 12203.35 | CT22: =R22-CS22 -> -0.35 | CU22: =IF(R22=0,"n/a",CS22/(R22)) -> 1.0000287
A23: %,V450000 | B23: 450000 | C23: Funding PPR | D23: 0 | E23: 0 | F23: 5159406.1 | G23: 0 | H23: 5159406.1 | J23: 0 | K23: 465569.95 | L23: 465569.95 | N23: 5159406.1 | P23: -5580722 | Q23: 0 | R23: =-1*(P23+Q23) -> 5580722 | T23: 0 | U23: 0 | V23: 0 | W23: 0 | X23: 0 | Y23: 0 | Z23: 0 | AA23: 0 | AB23: 0 | AC23: 0 | AD23: 0 | AE23: 0 | AF23: 0 | AG23: 0 | AH23: 0 | AI23: 0 | AJ23: 0 | AK23: 0 | AL23: 0 | AM23: 0 | AN23: 0 | AO23: 0 | AP23: 0 | AQ23: 0 | AR23: 0 | AS23: 0 | AT23: 0 | AU23: 0 | AV23: 0 | AW23: 0 | AX23: 0 | AY23: 0 | AZ23: 0 | BA23: 0 | BB23: 0 | BC23: 0 | BD23: 0 | BE23: 0 | BF23: 0 | BG23: 0 | BH23: 0 | BI23: 0 | BJ23: 0 | BK23: 0 | BL23: 0 | BM23: 0 | BN23: 0 | BO23: 0 | BP23: 0 | BQ23: 0 | BR23: 0 | BS23: 0 | BT23: 0 | BU23: 0 | BV23: 0 | BW23: 0 | BX23: 0 | BY23: 0 | BZ23: 0 | CA23: 0 | CB23: 0 | CC23: 0 | CD23: 0 | CE23: 0 | CF23: 0 | CG23: 0 | CI23: 0 | CJ23: 0 | CK23: 5573893.7 | CL23: 0 | CM23: 5573893.7 | CO23: 0 | CP23: 0 | CQ23: 0 | CS23: 5573893.7 | CT23: =R23-CS23 -> 6828.32 | CU23: =IF(R23=0,"n/a",CS23/(R23)) -> 0.99877645
B24: 450000 | C24: Transfers Bond | N24: 465569.95 | R24: 467155.04 | CG24: 0 | CI24: 0 | CJ24: 0 | CK24: 0 | CL24: 0 | CM24: 0 | CO24: 0 | CP24: 463492.11 | CQ24: 463492.11 | CS24: 463492.11 | CT24: =R24-CS24 -> 3662.93 | CU24: =IF(R24=0,"n/a",CS24/(R24)) -> 0.99215907
A25: %,V451000 | B25: 451000 | C25: Fees/Dues | D25: 0 | E25: 0 | F25: 70746.78 | G25: 0 | H25: 70746.78 | J25: 0 | K25: 0 | L25: 0 | N25: 70746.78 | P25: -54800 | Q25: 0 | R25: =-1*(P25+Q25) -> 54800 | T25: 0 | U25: 0 | V25: 0 | W25: 0 | X25: 0 | Y25: 0 | Z25: 0 | AA25: 0 | AB25: 0 | AC25: 0 | AD25: 0 | AE25: 0 | AF25: 0 | AG25: 0 | AH25: 0 | AI25: 0 | AJ25: 0 | AK25: 0 | AL25: 0 | AM25: 0 | AN25: 0 | AO25: 0 | AP25: 0 | AQ25: 0 | AR25: 0 | AS25: 0 | AT25: 0 | AU25: 0 | AV25: 0 | AW25: 0 | AX25: 0 | AY25: 0 | AZ25: 0 | BA25: 0 | BB25: 0 | BC25: 0 | BD25: 0 | BE25: 0 | BF25: 0 | BG25: 0 | BH25: 0 | BI25: 0 | BJ25: 0 | BK25: 0 | BL25: 0 | BM25: 0 | BN25: 0 | BO25: 0 | BP25: 0 | BQ25: 0 | BR25: 0 | BS25: 0 | BT25: 0 | BU25: 0 | BV25: 0 | BW25: 0 | BX25: 0 | BY25: 0 | BZ25: 0 | CA25: 0 | CB25: 0 | CC25: 0 | CD25: 0 | CE25: 0 | CF25: 0 | CG25: 0 | CI25: 0 | CJ25: 0 | CK25: 61007.95 | CL25: 0 | CM25: 61007.95 | CO25: 0 | CP25: 0 | CQ25: 0 | CS25: 61007.95 | CT25: =R25-CS25 -> -6207.95 | CU25: =IF(R25=0,"n/a",CS25/(R25)) -> 1.1132838
A26: %,V455000 | B26: 455000 | C26: Tuition from Individuals | D26: 0 | E26: 120941.9 | F26: 0 | G26: 0 | H26: 120941.9 | J26: 0 | K26: 0 | L26: 0 | N26: 120941.9 | P26: -145000 | Q26: 0 | R26: =-1*(P26+Q26) -> 145000 | T26: 0 | U26: 0 | V26: 0 | W26: 0 | X26: 0 | Y26: 0 | Z26: 0 | AA26: 0 | AB26: 0 | AC26: 0 | AD26: 0 | AE26: 0 | AF26: 0 | AG26: 0 | AH26: 0 | AI26: 0 | AJ26: 0 | AK26: 0 | AL26: 0 | AM26: 0 | AN26: 0 | AO26: 0 | AP26: 0 | AQ26: 0 | AR26: 0 | AS26: 0 | AT26: 0 | AU26: 0 | AV26: 0 | AW26: 0 | AX26: 0 | AY26: 0 | AZ26: 0 | BA26: 0 | BB26: 0 | BC26: 0 | BD26: 0 | BE26: 0 | BF26: 0 | BG26: 0 | BH26: 0 | BI26: 0 | BJ26: 0 | BK26: 0 | BL26: 0 | BM26: 0 | BN26: 0 | BO26: 0 | BP26: 0 | BQ26: 0 | BR26: 0 | BS26: 0 | BT26: 0 | BU26: 0 | BV26: 0 | BW26: 0 | BX26: 0 | BY26: 0 | BZ26: 0 | CA26: 0 | CB26: 0 | CC26: 0 | CD26: 0 | CE26: 0 | CF26: 0 | CG26: 0 | CI26: 0 | CJ26: 143609.8 | CK26: 0 | CL26: 0 | CM26: 143609.8 | CO26: 0 | CP26: 0 | CQ26: 0 | CS26: 143609.8 | CT26: =R26-CS26 -> 1390.2 | CU26: =IF(R26=0,"n/a",CS26/(R26)) -> 0.99041241
B27: 455000 | C27: Tuition from Individuals Deposit for 19-20 | N27: 0 | R27: 0 | CG27: 0 | CI27: -350 | CJ27: 18755 | CK27: 0 | CL27: 0 | CM27: 18405 | CO27: 0 | CP27: 0 | CQ27: 0 | CS27: 18405 | CT27: =R27-CS27 -> -18405 | CU27: =IF(R27=0,"n/a",CS27/(R27)) -> n/a
A28: %,V456000 | B28: 456000 | C28: Tuition-Extended Day Kdgn | D28: 0 | E28: 0 | F28: 123461 | G28: 0 | H28: 123461 | J28: 0 | K28: 0 | L28: 0 | N28: 123461 | P28: -125000 | Q28: 0 | R28: =-1*(P28+Q28) -> 125000 | T28: 0 | U28: 0 | V28: 0 | W28: 0 | X28: 0 | Y28: 0 | Z28: 0 | AA28: 0 | AB28: 0 | AC28: 0 | AD28: 0 | AE28: 0 | AF28: 0 | AG28: 0 | AH28: 0 | AI28: 0 | AJ28: 0 | AK28: 0 | AL28: 0 | AM28: 0 | AN28: 0 | AO28: 0 | AP28: 0 | AQ28: 0 | AR28: 0 | AS28: 0 | AT28: 0 | AU28: 0 | AV28: 0 | AW28: 0 | AX28: 0 | AY28: 0 | AZ28: 0 | BA28: 0 | BB28: 0 | BC28: 0 | BD28: 0 | BE28: 0 | BF28: 0 | BG28: 0 | BH28: 0 | BI28: 0 | BJ28: 0 | BK28: 0 | BL28: 0 | BM28: 0 | BN28: 0 | BO28: 0 | BP28: 0 | BQ28: 0 | BR28: 0 | BS28: 0 | BT28: 0 | BU28: 0 | BV28: 0 | BW28: 0 | BX28: 0 | BY28: 0 | BZ28: 0 | CA28: 0 | CB28: 0 | CC28: 0 | CD28: 0 | CE28: 0 | CF28: 0 | CG28: 0 | CI28: 0 | CJ28: 0 | CK28: 127275 | CL28: 0 | CM28: 127275 | CO28: 0 | CP28: 0 | CQ28: 0 | CS28: 127275 | CT28: =R28-CS28 -> -2275 | CU28: =IF(R28=0,"n/a",CS28/(R28)) -> 1.0182
A29: %,V461000 | B29: 461000 | C29: Building Rental | D29: 0 | E29: 0 | F29: 13583.43 | G29: 0 | H29: 13583.43 | J29: 0 | K29: 0 | L29: 0 | N29: 13583.43 | P29: -18000 | Q29: 0 | R29: =-1*(P29+Q29) -> 18000 | T29: 0 | U29: 0 | V29: 0 | W29: 0 | X29: 0 | Y29: 0 | Z29: 0 | AA29: 0 | AB29: 0 | AC29: 0 | AD29: 0 | AE29: 0 | AF29: 0 | AG29: 0 | AH29: 0 | AI29: 0 | AJ29: 0 | AK29: 0 | AL29: 0 | AM29: 0 | AN29: 0 | AO29: 0 | AP29: 0 | AQ29: 0 | AR29: 0 | AS29: 0 | AT29: 0 | AU29: 0 | AV29: 0 | AW29: 0 | AX29: 0 | AY29: 0 | AZ29: 0 | BA29: 0 | BB29: 0 | BC29: 0 | BD29: 0 | BE29: 0 | BF29: 0 | BG29: 0 | BH29: 0 | BI29: 0 | BJ29: 0 | BK29: 0 | BL29: 0 | BM29: 0 | BN29: 0 | BO29: 0 | BP29: 0 | BQ29: 0 | BR29: 0 | BS29: 0 | BT29: 0 | BU29: 0 | BV29: 0 | BW29: 0 | BX29: 0 | BY29: 0 | BZ29: 0 | CA29: 0 | CB29: 0 | CC29: 0 | CD29: 0 | CE29: 0 | CF29: 0 | CG29: 0 | CI29: 50 | CJ29: 0 | CK29: 14586 | CL29: 0 | CM29: 14636 | CO29: 0 | CP29: 0 | CQ29: 0 | CS29: 14636 | CT29: =R29-CS29 -> 3364 | CU29: =IF(R29=0,"n/a",CS29/(R29)) -> 0.81311111
A30: %,V474000 | B30: 474000 | C30: Transportation - Field Trips | D30: 47714.15 | E30: 407.85 | F30: 0 | G30: 0 | H30: 48122 | J30: 0 | K30: 0 | L30: 0 | N30: 48122 | P30: -48810 | Q30: 0 | R30: =-1*(P30+Q30) -> 48810 | T30: 0 | U30: 0 | V30: 0 | W30: 0 | X30: 0 | Y30: 0 | Z30: 0 | AA30: 0 | AB30: 0 | AC30: 0 | AD30: 0 | AE30: 0 | AF30: 0 | AG30: 0 | AH30: 0 | AI30: 0 | AJ30: 0 | AK30: 0 | AL30: 0 | AM30: 0 | AN30: 0 | AO30: 0 | AP30: 0 | AQ30: 0 | AR30: 0 | AS30: 0 | AT30: 0 | AU30: 0 | AV30: 0 | AW30: 0 | AX30: 0 | AY30: 0 | AZ30: 0 | BA30: 0 | BB30: 0 | BC30: 0 | BD30: 0 | BE30: 0 | BF30: 0 | BG30: 0 | BH30: 0 | BI30: 0 | BJ30: 0 | BK30: 0 | BL30: 0 | BM30: 0 | BN30: 0 | BO30: 0 | BP30: 0 | BQ30: 0 | BR30: 0 | BS30: 0 | BT30: 0 | BU30: 0 | BV30: 0 | BW30: 0 | BX30: 0 | BY30: 0 | BZ30: 0 | CA30: 0 | CB30: 0 | CC30: 0 | CD30: 0 | CE30: 0 | CF30: 0 | CG30: 0 | CI30: 49215 | CJ30: 0 | CK30: 0 | CL30: 0 | CM30: 49215 | CO30: 0 | CP30: 0 | CQ30: 0 | CS30: 49215 | CT30: =R30-CS30 -> -405 | CU30: =IF(R30=0,"n/a",CS30/(R30)) -> 1.0082975
A31: %,V482000 | B31: 482000 | C31: Activity Revenue | D31: 25411 | E31: 0 | F31: 0 | G31: 0 | H31: 25411 | J31: 0 | K31: 0 | L31: 0 | N31: 25411 | P31: -11500 | Q31: 0 | R31: =-1*(P31+Q31) -> 11500 | T31: 0 | U31: 0 | V31: 0 | W31: 0 | X31: 0 | Y31: 0 | Z31: 0 | AA31: 0 | AB31: 0 | AC31: 0 | AD31: 0 | AE31: 0 | AF31: 0 | AG31: 0 | AH31: 0 | AI31: 0 | AJ31: 0 | AK31: 0 | AL31: 0 | AM31: 0 | AN31: 0 | AO31: 0 | AP31: 0 | AQ31: 0 | AR31: 0 | AS31: 0 | AT31: 0 | AU31: 0 | AV31: 0 | AW31: 0 | AX31: 0 | AY31: 0 | AZ31: 0 | BA31: 0 | BB31: 0 | BC31: 0 | BD31: 0 | BE31: 0 | BF31: 0 | BG31: 0 | BH31: 0 | BI31: 0 | BJ31: 0 | BK31: 0 | BL31: 0 | BM31: 0 | BN31: 0 | BO31: 0 | BP31: 0 | BQ31: 0 | BR31: 0 | BS31: 0 | BT31: 0 | BU31: 0 | BV31: 0 | BW31: 0 | BX31: 0 | BY31: 0 | BZ31: 0 | CA31: 0 | CB31: 0 | CC31: 0 | CD31: 0 | CE31: 0 | CF31: 0 | CG31: 0 | CI31: 20953.25 | CJ31: 0 | CK31: 0 | CL31: 0 | CM31: 20953.25 | CO31: 0 | CP31: 0 | CQ31: 0 | CS31: 20953.25 | CT31: =R31-CS31 -> -9453.25 | CU31: =IF(R31=0,"n/a",CS31/(R31)) -> 1.8220217
A32: %,V498000 | B32: 498000 | C32: Donations | D32: 0 | E32: 0 | F32: 1988.19 | G32: 0 | H32: 1988.19 | J32: 0 | K32: 0 | L32: 0 | N32: 1988.19 | P32: -6500 | Q32: 0 | R32: =-1*(P32+Q32) -> 6500 | T32: 0 | U32: 0 | V32: 0 | W32: 0 | X32: 0 | Y32: 0 | Z32: 0 | AA32: 0 | AB32: 0 | AC32: 0 | AD32: 0 | AE32: 0 | AF32: 0 | AG32: 0 | AH32: 0 | AI32: 0 | AJ32: 0 | AK32: 0 | AL32: 0 | AM32: 0 | AN32: 0 | AO32: 0 | AP32: 0 | AQ32: 0 | AR32: 0 | AS32: 0 | AT32: 0 | AU32: 0 | AV32: 0 | AW32: 0 | AX32: 0 | AY32: 0 | AZ32: 0 | BA32: 0 | BB32: 0 | BC32: 0 | BD32: 0 | BE32: 0 | BF32: 0 | BG32: 0 | BH32: 0 | BI32: 0 | BJ32: 0 | BK32: 0 | BL32: 0 | BM32: 0 | BN32: 0 | BO32: 0 | BP32: 0 | BQ32: 0 | BR32: 0 | BS32: 0 | BT32: 0 | BU32: 0 | BV32: 0 | BW32: 0 | BX32: 0 | BY32: 0 | BZ32: 0 | CA32: 0 | CB32: 0 | CC32: 0 | CD32: 0 | CE32: 0 | CF32: 0 | CG32: 0 | CI32: 0 | CJ32: 0 | CK32: 7355.69 | CL32: 1199 | CM32: 8554.69 | CO32: 0 | CP32: 0 | CQ32: 0 | CS32: 8554.69 | CT32: =R32-CS32 -> -2054.69 | CU32: =IF(R32=0,"n/a",CS32/(R32)) -> 1.3161062
A33: %,V499000 | B33: 499000 | C33: Miscellaneous Revenue | D33: 0 | E33: 0 | F33: 0 | G33: 0 | H33: 0 | J33: 0 | K33: 0 | L33: 0 | N33: 0 | P33: -600 | Q33: 0 | R33: =-1*(P33+Q33) -> 600 | T33: 0 | U33: 0 | V33: 0 | W33: 0 | X33: 0 | Y33: 0 | Z33: 0 | AA33: 0 | AB33: 0 | AC33: 0 | AD33: 0 | AE33: 0 | AF33: 0 | AG33: 0 | AH33: 0 | AI33: 0 | AJ33: 0 | AK33: 0 | AL33: 0 | AM33: 0 | AN33: 0 | AO33: 0 | AP33: 0 | AQ33: 0 | AR33: 0 | AS33: 0 | AT33: 0 | AU33: 0 | AV33: 0 | AW33: 0 | AX33: 0 | AY33: 0 | AZ33: 0 | BA33: 0 | BB33: 0 | BC33: 0 | BD33: 0 | BE33: 0 | BF33: 0 | BG33: 0 | BH33: 0 | BI33: 0 | BJ33: 0 | BK33: 0 | BL33: 0 | BM33: 0 | BN33: 0 | BO33: 0 | BP33: 0 | BQ33: 0 | BR33: 0 | BS33: 0 | BT33: 0 | BU33: 0 | BV33: 0 | BW33: 0 | BX33: 0 | BY33: 0 | BZ33: 0 | CA33: 0 | CB33: 0 | CC33: 0 | CD33: 0 | CE33: 0 | CF33: 0 | CG33: 0 | CI33: 0 | CJ33: 0 | CK33: 0 | CL33: 0 | CM33: 0 | CO33: 0 | CP33: 0 | CQ33: 0 | CS33: 0 | CT33: =R33-CS33 -> 600 | CU33: =IF(R33=0,"n/a",CS33/(R33)) -> 0
A34: %,V950500 | B34: 950500 | C34: Mandatory Transfers Bond | D34: 0 | E34: 0 | F34: -283531.87 | G34: 0 | H34: -283531.87 | J34: -182038.08 | K34: 0 | L34: -182038.08 | N34: -465569.95 | P34: 0 | Q34: 0 | R34: -467155.04 | T34: 0 | U34: 0 | V34: 0 | W34: 0 | X34: 0 | Y34: 0 | Z34: 0 | AA34: 0 | AB34: 0 | AC34: 0 | AD34: 0 | AE34: 0 | AF34: 0 | AG34: 0 | AH34: 0 | AI34: 0 | AJ34: 0 | AK34: 0 | AL34: 0 | AM34: 0 | AN34: 0 | AO34: 0 | AP34: 0 | AQ34: 0 | AR34: 0 | AS34: 0 | AT34: 0 | AU34: 0 | AV34: 0 | AW34: 0 | AX34: 0 | AY34: 0 | AZ34: 0 | BA34: 0 | BB34: 0 | BC34: 0 | BD34: 0 | BE34: 0 | BF34: 0 | BG34: 0 | BH34: 0 | BI34: 0 | BJ34: 0 | BK34: 0 | BL34: 0 | BM34: 0 | BN34: 0 | BO34: 0 | BP34: 0 | BQ34: 0 | BR34: 0 | BS34: 0 | BT34: 0 | BU34: 0 | BV34: 0 | BW34: 0 | BX34: 0 | BY34: 0 | BZ34: 0 | CA34: 0 | CB34: 0 | CC34: 0 | CD34: 0 | CE34: 0 | CF34: 0 | CG34: 0 | CI34: 0 | CJ34: 0 | CK34: -256220.52 | CL34: 0 | CM34: -256220.52 | CO34: -207271.59 | CP34: 0 | CQ34: -207271.59 | CS34: -463492.11 | CT34: =R34-CS34 -> -3662.93 | CU34: =IF(R34=0,"n/a",CS34/(R34)) -> 0.99215907
A35: %,R,FACCOUNT,TACCOUNT_ROLLUP,X,NREVENUE | C35: Revenues | D35: 103937.4 | E35: 121549.75 | F35: 6187233.7 | G35: 300 | H35: 6413020.8 | J35: 0 | K35: 471487.35 | L35: 471487.35 | N35: 6884508.2 | P35: -7631977 | Q35: 0 | R35: =-1*(P35+Q35) -> 7631977 | T35: 0 | U35: 0 | V35: 0 | W35: 0 | X35: 0 | Y35: 0 | Z35: 0 | AA35: 0 | AB35: 0 | AC35: 0 | AD35: 0 | AE35: 0 | AF35: 0 | AG35: 0 | AH35: 0 | AI35: 0 | AJ35: 0 | AK35: 0 | AL35: 0 | AM35: 0 | AN35: 0 | AO35: 0 | AP35: 0 | AQ35: 0 | AR35: 0 | AS35: 0 | AT35: 0 | AU35: 0 | AV35: 0 | AW35: 0 | AX35: 0 | AY35: 0 | AZ35: 0 | BA35: 0 | BB35: 0 | BC35: 0 | BD35: 0 | BE35: 0 | BF35: 0 | BG35: 0 | BH35: 0 | BI35: 0 | BJ35: 0 | BK35: 0 | BL35: 0 | BM35: 0 | BN35: 0 | BO35: 0 | BP35: 0 | BQ35: 0 | BR35: 0 | BS35: 0 | BT35: 0 | BU35: 0 | BV35: 0 | BW35: 0 | BX35: 0 | BY35: 0 | BZ35: 0 | CA35: 0 | CB35: 0 | CC35: 0 | CD35: 0 | CE35: 0 | CF35: 0 | CG35: 0 | CI35: 93836.72 | CJ35: 162664.8 | CK35: 6897261.1 | CL35: 1199 | CM35: 7154961.7 | CO35: -49005.42 | CP35: 476008.35 | CQ35: 427002.93 | CS35: 7581964.6 | CT35: =R35-CS35 -> 50012.42 | CU35: =IF(R35=0,"n/a",CS35/(R35)) -> 0.99344699
A37: %,C | C37: Available | D37: =D11+D35 -> 103937.4 | E37: =E11+E35 -> 121549.75 | F37: =F11+F35 -> 6187233.7 | G37: =G11+G35 -> 300 | H37: =H11+H35 -> 9058424.5 | J37: =J11+J35 -> 0 | K37: =K11+K35 -> 471487.35 | L37: =L11+L35 -> 471487.35 | N37: =N11+N35 -> 9529911.9 | R37: =R11+R35 -> 7631977 | CI37: =CI11+CI35 -> 156494.21 | CJ37: =CJ11+CJ35 -> 268195.31 | CK37: =CK11+CK35 -> 8827539.3 | CL37: =CL11+CL35 -> 1199 | CM37: =CM11+CM35 -> 9253427.8 | CO37: =CO11+CO35 -> -49005.42 | CP37: =CP11+CP35 -> 1264572.8 | CQ37: =CQ11+CQ35 -> 1215567.4 | CS37: =CS11+CS35 -> 10468995 | CT37: =CT11+CT35 -> 50012.42 | CU37: =IF(R37=0,"n/a",CS37/(R37)) -> 1.3717278
A39: %,V512100 | B39: 512100 | C39: Principal | D39: 0 | E39: 0 | F39: 113537.25 | G39: 0 | H39: 113537.25 | J39: 0 | K39: 0 | L39: 0 | N39: 0 | P39: 0 | Q39: 0 | T39: 112200 | U39: 0 | V39: 0 | W39: 0 | X39: 0 | Y39: 0 | Z39: 0 | AA39: 0 | AB39: 0 | AC39: 0 | AD39: 0 | AE39: 0 | AF39: 0 | AG39: 0 | AH39: 0 | AI39: 0 | AJ39: 0 | AK39: 0 | AL39: 0 | AM39: 0 | AN39: 0 | AO39: 0 | AP39: 0 | AQ39: 0 | AR39: 0 | AS39: 0 | AT39: 0 | AU39: 0 | AV39: 0 | AW39: 0 | AX39: 0 | AY39: 0 | AZ39: 0 | BA39: 0 | BB39: 0 | BC39: 0 | BD39: 0 | BE39: 0 | BF39: 0 | BG39: 0 | BH39: 0 | BI39: 0 | BJ39: 0 | BK39: 0 | BL39: 0 | BM39: 0 | BN39: 0 | BO39: 0 | BP39: 0 | BQ39: 0 | BR39: 0 | BS39: 0 | BT39: 0 | BU39: 0 | BV39: 0 | BW39: 0 | BX39: 0 | BY39: 0 | BZ39: 0 | CA39: 0 | CB39: 0 | CC39: 0 | CD39: 0 | CE39: 0 | CF39: 0 | CG39: 0 | CI39: 0 | CJ39: 0 | CK39: 0 | CL39: 0 | CM39: 0 | CO39: 0 | CP39: 0 | CQ39: 0 | CS39: 0 | CT39: =CG39-CS39 -> 0 | CU39: =IF(CG39=0,"n/a",CS39/(CG39)) -> n/a
A40: %,V513100 | B40: 513100 | C40: Assistant Principal | D40: 0 | E40: 0 | F40: 163422.01 | G40: 0 | H40: 163422.01 | J40: 0 | K40: 0 | L40: 0 | N40: 0 | P40: 0 | Q40: 0 | T40: 0 | U40: 159000 | V40: 0 | W40: 0 | X40: 0 | Y40: 0 | Z40: 0 | AA40: 0 | AB40: 0 | AC40: 0 | AD40: 0 | AE40: 0 | AF40: 0 | AG40: 0 | AH40: 0 | AI40: 0 | AJ40: 0 | AK40: 0 | AL40: 0 | AM40: 0 | AN40: 0 | AO40: 0 | AP40: 0 | AQ40: 0 | AR40: 0 | AS40: 0 | AT40: 0 | AU40: 0 | AV40: 0 | AW40: 0 | AX40: 0 | AY40: 0 | AZ40: 0 | BA40: 0 | BB40: 0 | BC40: 0 | BD40: 0 | BE40: 0 | BF40: 0 | BG40: 0 | BH40: 0 | BI40: 0 | BJ40: 0 | BK40: 0 | BL40: 0 | BM40: 0 | BN40: 0 | BO40: 0 | BP40: 0 | BQ40: 0 | BR40: 0 | BS40: 0 | BT40: 0 | BU40: 0 | BV40: 0 | BW40: 0 | BX40: 0 | BY40: 0 | BZ40: 0 | CA40: 0 | CB40: 0 | CC40: 0 | CD40: 0 | CE40: 0 | CF40: 0 | CG40: 0 | CI40: 0 | CJ40: 0 | CK40: 0 | CL40: 0 | CM40: 0 | CO40: 0 | CP40: 0 | CQ40: 0 | CS40: 0 | CT40: =CG40-CS40 -> 0 | CU40: =IF(CG40=0,"n/a",CS40/(CG40)) -> n/a
B41: 512100-513100 | C41: Adminstration | N41: 276959.26 | CG41: 271200 | CI41: 0 | CJ41: 0 | CK41: 249986.34 | CM41: 249986.34 | CO41: 0 | CP41: 0 | CQ41: 0 | CS41: 249986.34 | CT41: =CG41-CS41 -> 21213.66 | CU41: =IF(CG41=0,"n/a",CS41/(CG41)) -> 0.92177854
A42: %,V521100 | B42: 521100 | C42: Teacher | D42: 6666.64 | E42: 42956.25 | F42: 1985260.7 | G42: 0 | H42: 2034883.6 | J42: 0 | K42: 0 | L42: 0 | N42: 2034883.6 | P42: 0 | Q42: 0 | T42: 0 | U42: 0 | V42: 2058201 | W42: 0 | X42: 0 | Y42: 0 | Z42: 0 | AA42: 0 | AB42: 0 | AC42: 0 | AD42: 0 | AE42: 0 | AF42: 0 | AG42: 0 | AH42: 0 | AI42: 0 | AJ42: 0 | AK42: 0 | AL42: 0 | AM42: 0 | AN42: 0 | AO42: 0 | AP42: 0 | AQ42: 0 | AR42: 0 | AS42: 0 | AT42: 0 | AU42: 0 | AV42: 0 | AW42: 0 | AX42: 0 | AY42: 0 | AZ42: 0 | BA42: 0 | BB42: 0 | BC42: 0 | BD42: 0 | BE42: 0 | BF42: 0 | BG42: 0 | BH42: 0 | BI42: 0 | BJ42: 0 | BK42: 0 | BL42: 0 | BM42: 0 | BN42: 0 | BO42: 0 | BP42: 0 | BQ42: 0 | BR42: 0 | BS42: 0 | BT42: 0 | BU42: 0 | BV42: 0 | BW42: 0 | BX42: 0 | BY42: 0 | BZ42: 0 | CA42: 0 | CB42: 0 | CC42: 0 | CD42: 0 | CE42: 0 | CF42: 0 | CG42: 2058201 | CI42: 6666.64 | CJ42: 46501.58 | CK42: 1838550.5 | CL42: 0 | CM42: 1891718.7 | CO42: 0 | CP42: 0 | CQ42: 0 | CS42: 1891718.7 | CT42: =CG42-CS42 -> 166482.26 | CU42: =IF(CG42=0,"n/a",CS42/(CG42)) -> 0.91911273
A43: %,V521900 | B43: 521900 | C43: Substitute Teacher | D43: 1850 | E43: 3765.61 | F43: 44292.5 | G43: 0 | H43: 49908.11 | J43: 0 | K43: 0 | L43: 0 | N43: 49908.11 | P43: 0 | Q43: 0 | T43: 0 | U43: 0 | V43: 0 | W43: 35000 | X43: 0 | Y43: 0 | Z43: 0 | AA43: 0 | AB43: 0 | AC43: 0 | AD43: 0 | AE43: 0 | AF43: 0 | AG43: 0 | AH43: 0 | AI43: 0 | AJ43: 0 | AK43: 0 | AL43: 0 | AM43: 0 | AN43: 0 | AO43: 0 | AP43: 0 | AQ43: 0 | AR43: 0 | AS43: 0 | AT43: 0 | AU43: 0 | AV43: 0 | AW43: 0 | AX43: 0 | AY43: 0 | AZ43: 0 | BA43: 0 | BB43: 0 | BC43: 0 | BD43: 0 | BE43: 0 | BF43: 0 | BG43: 0 | BH43: 0 | BI43: 0 | BJ43: 0 | BK43: 0 | BL43: 0 | BM43: 0 | BN43: 0 | BO43: 0 | BP43: 0 | BQ43: 0 | BR43: 0 | BS43: 0 | BT43: 0 | BU43: 0 | BV43: 0 | BW43: 0 | BX43: 0 | BY43: 0 | BZ43: 0 | CA43: 0 | CB43: 0 | CC43: 0 | CD43: 0 | CE43: 0 | CF43: 0 | CG43: 35000 | CI43: 1800 | CJ43: 0 | CK43: 29390 | CL43: 0 | CM43: 31190 | CO43: 0 | CP43: 0 | CQ43: 0 | CS43: 31190 | CT43: =CG43-CS43 -> 3810 | CU43: =IF(CG43=0,"n/a",CS43/(CG43)) -> 0.89114286
A44: %,V522100 | B44: 522100 | C44: Counselor | D44: 0 | E44: 0 | F44: 0 | G44: 0 | H44: 0 | J44: 0 | K44: 0 | L44: 0 | N44: 0 | P44: 0 | Q44: 0 | T44: 0 | U44: 0 | V44: 0 | W44: 0 | X44: 24000 | Y44: 0 | Z44: 0 | AA44: 0 | AB44: 0 | AC44: 0 | AD44: 0 | AE44: 0 | AF44: 0 | AG44: 0 | AH44: 0 | AI44: 0 | AJ44: 0 | AK44: 0 | AL44: 0 | AM44: 0 | AN44: 0 | AO44: 0 | AP44: 0 | AQ44: 0 | AR44: 0 | AS44: 0 | AT44: 0 | AU44: 0 | AV44: 0 | AW44: 0 | AX44: 0 | AY44: 0 | AZ44: 0 | BA44: 0 | BB44: 0 | BC44: 0 | BD44: 0 | BE44: 0 | BF44: 0 | BG44: 0 | BH44: 0 | BI44: 0 | BJ44: 0 | BK44: 0 | BL44: 0 | BM44: 0 | BN44: 0 | BO44: 0 | BP44: 0 | BQ44: 0 | BR44: 0 | BS44: 0 | BT44: 0 | BU44: 0 | BV44: 0 | BW44: 0 | BX44: 0 | BY44: 0 | BZ44: 0 | CA44: 0 | CB44: 0 | CC44: 0 | CD44: 0 | CE44: 0 | CF44: 0 | CG44: 24000 | CI44: 0 | CJ44: 0 | CK44: 20862.98 | CL44: 0 | CM44: 20862.98 | CO44: 0 | CP44: 0 | CQ44: 0 | CS44: 20862.98 | CT44: =CG44-CS44 -> 3137.02 | CU44: =IF(CG44=0,"n/a",CS44/(CG44)) -> 0.86929083
A45: %,V522200 | B45: 522200 | C45: Teacher Librarian | D45: 0 | E45: 0 | F45: 48372 | G45: 0 | H45: 48372 | J45: 0 | K45: 0 | L45: 0 | N45: 48372 | P45: 0 | Q45: 0 | T45: 0 | U45: 0 | V45: 0 | W45: 0 | X45: 0 | Y45: 50000 | Z45: 0 | AA45: 0 | AB45: 0 | AC45: 0 | AD45: 0 | AE45: 0 | AF45: 0 | AG45: 0 | AH45: 0 | AI45: 0 | AJ45: 0 | AK45: 0 | AL45: 0 | AM45: 0 | AN45: 0 | AO45: 0 | AP45: 0 | AQ45: 0 | AR45: 0 | AS45: 0 | AT45: 0 | AU45: 0 | AV45: 0 | AW45: 0 | AX45: 0 | AY45: 0 | AZ45: 0 | BA45: 0 | BB45: 0 | BC45: 0 | BD45: 0 | BE45: 0 | BF45: 0 | BG45: 0 | BH45: 0 | BI45: 0 | BJ45: 0 | BK45: 0 | BL45: 0 | BM45: 0 | BN45: 0 | BO45: 0 | BP45: 0 | BQ45: 0 | BR45: 0 | BS45: 0 | BT45: 0 | BU45: 0 | BV45: 0 | BW45: 0 | BX45: 0 | BY45: 0 | BZ45: 0 | CA45: 0 | CB45: 0 | CC45: 0 | CD45: 0 | CE45: 0 | CF45: 0 | CG45: 50000 | CI45: 0 | CJ45: 0 | CK45: 45072.66 | CL45: 0 | CM45: 45072.66 | CO45: 0 | CP45: 0 | CQ45: 0 | CS45: 45072.66 | CT45: =CG45-CS45 -> 4927.34 | CU45: =IF(CG45=0,"n/a",CS45/(CG45)) -> 0.9014532
A46: %,V524200 | B46: 524200 | C46: Coordinator - Classified | D46: 0 | E46: 0 | F46: 47059.75 | G46: 0 | H46: 47059.75 | J46: 0 | K46: 0 | L46: 0 | N46: 47059.75 | P46: 0 | Q46: 0 | T46: 0 | U46: 0 | V46: 0 | W46: 0 | X46: 0 | Y46: 0 | Z46: 47147 | AA46: 0 | AB46: 0 | AC46: 0 | AD46: 0 | AE46: 0 | AF46: 0 | AG46: 0 | AH46: 0 | AI46: 0 | AJ46: 0 | AK46: 0 | AL46: 0 | AM46: 0 | AN46: 0 | AO46: 0 | AP46: 0 | AQ46: 0 | AR46: 0 | AS46: 0 | AT46: 0 | AU46: 0 | AV46: 0 | AW46: 0 | AX46: 0 | AY46: 0 | AZ46: 0 | BA46: 0 | BB46: 0 | BC46: 0 | BD46: 0 | BE46: 0 | BF46: 0 | BG46: 0 | BH46: 0 | BI46: 0 | BJ46: 0 | BK46: 0 | BL46: 0 | BM46: 0 | BN46: 0 | BO46: 0 | BP46: 0 | BQ46: 0 | BR46: 0 | BS46: 0 | BT46: 0 | BU46: 0 | BV46: 0 | BW46: 0 | BX46: 0 | BY46: 0 | BZ46: 0 | CA46: 0 | CB46: 0 | CC46: 0 | CD46: 0 | CE46: 0 | CF46: 0 | CG46: 47147 | CI46: 0 | CJ46: 0 | CK46: 36736 | CL46: 0 | CM46: 36736 | CO46: 0 | CP46: 0 | CQ46: 0 | CS46: 36736 | CT46: =CG46-CS46 -> 10411 | CU46: =IF(CG46=0,"n/a",CS46/(CG46)) -> 0.77918001
A47: %,V526200 | B47: 526200 | C47: Instructional Coach | D47: 0 | E47: 0 | F47: 68441.89 | G47: 0 | H47: 68441.89 | J47: 0 | K47: 0 | L47: 0 | N47: 68441.89 | P47: 0 | Q47: 0 | T47: 0 | U47: 0 | V47: 0 | W47: 0 | X47: 0 | Y47: 0 | Z47: 0 | AA47: 76459 | AB47: 0 | AC47: 0 | AD47: 0 | AE47: 0 | AF47: 0 | AG47: 0 | AH47: 0 | AI47: 0 | AJ47: 0 | AK47: 0 | AL47: 0 | AM47: 0 | AN47: 0 | AO47: 0 | AP47: 0 | AQ47: 0 | AR47: 0 | AS47: 0 | AT47: 0 | AU47: 0 | AV47: 0 | AW47: 0 | AX47: 0 | AY47: 0 | AZ47: 0 | BA47: 0 | BB47: 0 | BC47: 0 | BD47: 0 | BE47: 0 | BF47: 0 | BG47: 0 | BH47: 0 | BI47: 0 | BJ47: 0 | BK47: 0 | BL47: 0 | BM47: 0 | BN47: 0 | BO47: 0 | BP47: 0 | BQ47: 0 | BR47: 0 | BS47: 0 | BT47: 0 | BU47: 0 | BV47: 0 | BW47: 0 | BX47: 0 | BY47: 0 | BZ47: 0 | CA47: 0 | CB47: 0 | CC47: 0 | CD47: 0 | CE47: 0 | CF47: 0 | CG47: 76459 | CI47: 0 | CJ47: 0 | CK47: 68985.7 | CL47: 0 | CM47: 68985.7 | CO47: 0 | CP47: 0 | CQ47: 0 | CS47: 68985.7 | CT47: =CG47-CS47 -> 7473.3 | CU47: =IF(CG47=0,"n/a",CS47/(CG47)) -> 0.90225742
A48: %,V529200 | B48: 529200 | C48: Occupational Therapist | D48: 0 | E48: 0 | F48: 34455.68 | G48: 0 | H48: 34455.68 | J48: 0 | K48: 0 | L48: 0 | N48: 34455.68 | P48: 0 | Q48: 0 | T48: 0 | U48: 0 | V48: 0 | W48: 0 | X48: 0 | Y48: 0 | Z48: 0 | AA48: 0 | AB48: 34793 | AC48: 0 | AD48: 0 | AE48: 0 | AF48: 0 | AG48: 0 | AH48: 0 | AI48: 0 | AJ48: 0 | AK48: 0 | AL48: 0 | AM48: 0 | AN48: 0 | AO48: 0 | AP48: 0 | AQ48: 0 | AR48: 0 | AS48: 0 | AT48: 0 | AU48: 0 | AV48: 0 | AW48: 0 | AX48: 0 | AY48: 0 | AZ48: 0 | BA48: 0 | BB48: 0 | BC48: 0 | BD48: 0 | BE48: 0 | BF48: 0 | BG48: 0 | BH48: 0 | BI48: 0 | BJ48: 0 | BK48: 0 | BL48: 0 | BM48: 0 | BN48: 0 | BO48: 0 | BP48: 0 | BQ48: 0 | BR48: 0 | BS48: 0 | BT48: 0 | BU48: 0 | BV48: 0 | BW48: 0 | BX48: 0 | BY48: 0 | BZ48: 0 | CA48: 0 | CB48: 0 | CC48: 0 | CD48: 0 | CE48: 0 | CF48: 0 | CG48: 34793 | CI48: 0 | CJ48: 0 | CK48: 30802.97 | CL48: 0 | CM48: 30802.97 | CO48: 0 | CP48: 0 | CQ48: 0 | CS48: 30802.97 | CT48: =CG48-CS48 -> 3990.03 | CU48: =IF(CG48=0,"n/a",CS48/(CG48)) -> 0.8853209
A49: %,V529400 | B49: 529400 | C49: Nurse | D49: 0 | E49: 0 | F49: 29180.88 | G49: 0 | H49: 29180.88 | J49: 0 | K49: 0 | L49: 0 | N49: 29180.88 | P49: 0 | Q49: 0 | T49: 0 | U49: 0 | V49: 0 | W49: 0 | X49: 0 | Y49: 0 | Z49: 0 | AA49: 0 | AB49: 0 | AC49: 28434 | AD49: 0 | AE49: 0 | AF49: 0 | AG49: 0 | AH49: 0 | AI49: 0 | AJ49: 0 | AK49: 0 | AL49: 0 | AM49: 0 | AN49: 0 | AO49: 0 | AP49: 0 | AQ49: 0 | AR49: 0 | AS49: 0 | AT49: 0 | AU49: 0 | AV49: 0 | AW49: 0 | AX49: 0 | AY49: 0 | AZ49: 0 | BA49: 0 | BB49: 0 | BC49: 0 | BD49: 0 | BE49: 0 | BF49: 0 | BG49: 0 | BH49: 0 | BI49: 0 | BJ49: 0 | BK49: 0 | BL49: 0 | BM49: 0 | BN49: 0 | BO49: 0 | BP49: 0 | BQ49: 0 | BR49: 0 | BS49: 0 | BT49: 0 | BU49: 0 | BV49: 0 | BW49: 0 | BX49: 0 | BY49: 0 | BZ49: 0 | CA49: 0 | CB49: 0 | CC49: 0 | CD49: 0 | CE49: 0 | CF49: 0 | CG49: 28434 | CI49: 0 | CJ49: 0 | CK49: 26018.92 | CL49: 0 | CM49: 26018.92 | CO49: 0 | CP49: 0 | CQ49: 0 | CS49: 26018.92 | CT49: =CG49-CS49 -> 2415.08 | CU49: =IF(CG49=0,"n/a",CS49/(CG49)) -> 0.91506366
A50: %,V529500 | B50: 529500 | C50: Psychologist | D50: 0 | E50: 0 | F50: 28582.84 | G50: 0 | H50: 28582.84 | J50: 0 | K50: 0 | L50: 0 | N50: 28582.84 | P50: 0 | Q50: 0 | T50: 0 | U50: 0 | V50: 0 | W50: 0 | X50: 0 | Y50: 0 | Z50: 0 | AA50: 0 | AB50: 0 | AC50: 0 | AD50: 31032 | AE50: 0 | AF50: 0 | AG50: 0 | AH50: 0 | AI50: 0 | AJ50: 0 | AK50: 0 | AL50: 0 | AM50: 0 | AN50: 0 | AO50: 0 | AP50: 0 | AQ50: 0 | AR50: 0 | AS50: 0 | AT50: 0 | AU50: 0 | AV50: 0 | AW50: 0 | AX50: 0 | AY50: 0 | AZ50: 0 | BA50: 0 | BB50: 0 | BC50: 0 | BD50: 0 | BE50: 0 | BF50: 0 | BG50: 0 | BH50: 0 | BI50: 0 | BJ50: 0 | BK50: 0 | BL50: 0 | BM50: 0 | BN50: 0 | BO50: 0 | BP50: 0 | BQ50: 0 | BR50: 0 | BS50: 0 | BT50: 0 | BU50: 0 | BV50: 0 | BW50: 0 | BX50: 0 | BY50: 0 | BZ50: 0 | CA50: 0 | CB50: 0 | CC50: 0 | CD50: 0 | CE50: 0 | CF50: 0 | CG50: 31032 | CI50: 0 | CJ50: 0 | CK50: 22666.29 | CL50: 0 | CM50: 22666.29 | CO50: 0 | CP50: 0 | CQ50: 0 | CS50: 22666.29 | CT50: =CG50-CS50 -> 8365.71 | CU50: =IF(CG50=0,"n/a",CS50/(CG50)) -> 0.73041667
A51: %,V529600 | B51: 529600 | C51: Social Worker | D51: 0 | E51: 0 | F51: 54455.25 | G51: 0 | H51: 54455.25 | J51: 0 | K51: 0 | L51: 0 | N51: 54455.25 | P51: 0 | Q51: 0 | T51: 0 | U51: 0 | V51: 0 | W51: 0 | X51: 0 | Y51: 0 | Z51: 0 | AA51: 0 | AB51: 0 | AC51: 0 | AD51: 0 | AE51: 52846 | AF51: 0 | AG51: 0 | AH51: 0 | AI51: 0 | AJ51: 0 | AK51: 0 | AL51: 0 | AM51: 0 | AN51: 0 | AO51: 0 | AP51: 0 | AQ51: 0 | AR51: 0 | AS51: 0 | AT51: 0 | AU51: 0 | AV51: 0 | AW51: 0 | AX51: 0 | AY51: 0 | AZ51: 0 | BA51: 0 | BB51: 0 | BC51: 0 | BD51: 0 | BE51: 0 | BF51: 0 | BG51: 0 | BH51: 0 | BI51: 0 | BJ51: 0 | BK51: 0 | BL51: 0 | BM51: 0 | BN51: 0 | BO51: 0 | BP51: 0 | BQ51: 0 | BR51: 0 | BS51: 0 | BT51: 0 | BU51: 0 | BV51: 0 | BW51: 0 | BX51: 0 | BY51: 0 | BZ51: 0 | CA51: 0 | CB51: 0 | CC51: 0 | CD51: 0 | CE51: 0 | CF51: 0 | CG51: 52846 | CI51: 0 | CJ51: 0 | CK51: 48281.51 | CL51: 0 | CM51: 48281.51 | CO51: 0 | CP51: 0 | CQ51: 0 | CS51: 48281.51 | CT51: =CG51-CS51 -> 4564.49 | CU51: =IF(CG51=0,"n/a",CS51/(CG51)) -> 0.91362658
A52: %,V529800 | B52: 529800 | C52: Speech Therapist | D52: 0 | E52: 0 | F52: 58095.63 | G52: 0 | H52: 58095.63 | J52: 0 | K52: 0 | L52: 0 | N52: 58095.63 | P52: 0 | Q52: 0 | T52: 0 | U52: 0 | V52: 0 | W52: 0 | X52: 0 | Y52: 0 | Z52: 0 | AA52: 0 | AB52: 0 | AC52: 0 | AD52: 0 | AE52: 0 | AF52: 52886 | AG52: 0 | AH52: 0 | AI52: 0 | AJ52: 0 | AK52: 0 | AL52: 0 | AM52: 0 | AN52: 0 | AO52: 0 | AP52: 0 | AQ52: 0 | AR52: 0 | AS52: 0 | AT52: 0 | AU52: 0 | AV52: 0 | AW52: 0 | AX52: 0 | AY52: 0 | AZ52: 0 | BA52: 0 | BB52: 0 | BC52: 0 | BD52: 0 | BE52: 0 | BF52: 0 | BG52: 0 | BH52: 0 | BI52: 0 | BJ52: 0 | BK52: 0 | BL52: 0 | BM52: 0 | BN52: 0 | BO52: 0 | BP52: 0 | BQ52: 0 | BR52: 0 | BS52: 0 | BT52: 0 | BU52: 0 | BV52: 0 | BW52: 0 | BX52: 0 | BY52: 0 | BZ52: 0 | CA52: 0 | CB52: 0 | CC52: 0 | CD52: 0 | CE52: 0 | CF52: 0 | CG52: 52886 | CI52: 0 | CJ52: 0 | CK52: 43106.49 | CL52: 0 | CM52: 43106.49 | CO52: 0 | CP52: 0 | CQ52: 0 | CS52: 43106.49 | CT52: =CG52-CS52 -> 9779.51 | CU52: =IF(CG52=0,"n/a",CS52/(CG52)) -> 0.8150832
A53: %,V552100 | B53: 552100 | C53: School Secretary | D53: 0 | E53: 0 | F53: 157105.77 | G53: 0 | H53: 157105.77 | J53: 0 | K53: 0 | L53: 0 | N53: 157105.77 | P53: 0 | Q53: 0 | T53: 0 | U53: 0 | V53: 0 | W53: 0 | X53: 0 | Y53: 0 | Z53: 0 | AA53: 0 | AB53: 0 | AC53: 0 | AD53: 0 | AE53: 0 | AF53: 0 | AG53: 143409 | AH53: 0 | AI53: 0 | AJ53: 0 | AK53: 0 | AL53: 0 | AM53: 0 | AN53: 0 | AO53: 0 | AP53: 0 | AQ53: 0 | AR53: 0 | AS53: 0 | AT53: 0 | AU53: 0 | AV53: 0 | AW53: 0 | AX53: 0 | AY53: 0 | AZ53: 0 | BA53: 0 | BB53: 0 | BC53: 0 | BD53: 0 | BE53: 0 | BF53: 0 | BG53: 0 | BH53: 0 | BI53: 0 | BJ53: 0 | BK53: 0 | BL53: 0 | BM53: 0 | BN53: 0 | BO53: 0 | BP53: 0 | BQ53: 0 | BR53: 0 | BS53: 0 | BT53: 0 | BU53: 0 | BV53: 0 | BW53: 0 | BX53: 0 | BY53: 0 | BZ53: 0 | CA53: 0 | CB53: 0 | CC53: 0 | CD53: 0 | CE53: 0 | CF53: 0 | CG53: 143409 | CI53: 0 | CJ53: 0 | CK53: 146041.7 | CL53: 0 | CM53: 146041.7 | CO53: 0 | CP53: 0 | CQ53: 0 | CS53: 146041.7 | CT53: =CG53-CS53 -> -2632.7 | CU53: =IF(CG53=0,"n/a",CS53/(CG53)) -> 1.018358
... A60: %,V599830 | B60: 599830 | C60: Additional Pay-Administrative | D60: 0 | E60: 0 | F60: 0 | G60: 0 | H60: 0 | J60: 0 | K60: 0 | L60: 0 | N60: 0 | P60: 0 | Q60: 0 | T60: 0 | U60: 0 | V60: 0 | W60: 0 | X60: 0 | Y60: 0 | Z60: 0 | AA60: 0 | AB60: 0 | AC60: 0 | AD60: 0 | AE60: 0 | AF60: 0 | AG60: 0 | AH60: 0 | AI60: 0 | AJ60: 0 | AK60: 0 | AL60: 0 | AM60: 0 | AN60: 7750 | AO60: 0 | AP60: 0 | AQ60: 0 | AR60: 0 | AS60: 0 | AT60: 0 | AU60: 0 | AV60: 0 | AW60: 0 | AX60: 0 | AY60: 0 | AZ60: 0 | BA60: 0 | BB60: 0 | BC60: 0 | BD60: 0 | BE60: 0 | BF60: 0 | BG60: 0 | BH60: 0 | BI60: 0 | BJ60: 0 | BK60: 0 | BL60: 0 | BM60: 0 | BN60: 0 | BO60: 0 | BP60: 0 | BQ60: 0 | BR60: 0 | BS60: 0 | BT60: 0 | BU60: 0 | BV60: 0 | BW60: 0 | BX60: 0 | BY60: 0 | BZ60: 0 | CA60: 0 | CB60: 0 | CC60: 0 | CD60: 0 | CE60: 0 | CF60: 0 | CG60: 7750 | CI60: 0 | CJ60: 0 | CK60: 6000 | CL60: 0 | CM60: 6000 | CO60: 0 | CP60: 0 | CQ60: 0 | CS60: 6000 | CT60: =CG60-CS60 -> 1750 | CU60: =IF(CG60=0,"n/a",CS60/(CG60)) -> 0.77419355
A61: %,FACCOUNT,TACCOUNT_ROLLUP,X,NSALARIES | C61: Salaries | D61: 19978.58 | E61: 77904.9 | F61: 3466253.7 | G61: 0 | H61: 3564137.2 | J61: 0 | K61: 0 | L61: 0 | N61: 3564137.2 | P61: 0 | Q61: 0 | T61: 112200 | U61: 159000 | V61: 2058201 | W61: 35000 | X61: 24000 | Y61: 50000 | Z61: 47147 | AA61: 76459 | AB61: 34793 | AC61: 28434 | AD61: 31032 | AE61: 52846 | AF61: 52886 | AG61: 143409 | AH61: 549470 | AI61: 20986 | AJ61: 137674 | AK61: 22000 | AL61: 108670 | AM61: 74810 | AN61: 7750 | AO61: 0 | AP61: 0 | AQ61: 0 | AR61: 0 | AS61: 0 | AT61: 0 | AU61: 0 | AV61: 0 | AW61: 0 | AX61: 0 | AY61: 0 | AZ61: 0 | BA61: 0 | BB61: 0 | BC61: 0 | BD61: 0 | BE61: 0 | BF61: 0 | BG61: 0 | BH61: 0 | BI61: 0 | BJ61: 0 | BK61: 0 | BL61: 0 | BM61: 0 | BN61: 0 | BO61: 0 | BP61: 0 | BQ61: 0 | BR61: 0 | BS61: 0 | BT61: 0 | BU61: 0 | BV61: 0 | BW61: 0 | BX61: 0 | BY61: 0 | BZ61: 0 | CA61: 0 | CB61: 0 | CC61: 0 | CD61: 0 | CE61: 0 | CF61: 0 | CG61: 3826767 | CI61: 15489.64 | CJ61: 92064.8 | CK61: 3342326.4 | CL61: 0 | CM61: 3449880.9 | CO61: 0 | CP61: 0 | CQ61: 0 | CS61: 3449880.9 | CT61: =CG61-CS61 -> 376886.13 | CU61: =IF(CG61=0,"n/a",CS61/(CG61)) -> 0.90151318
A63: %,V699000 | B63: 699000 | C63: Employee Benefits | D63: 4507.7 | E63: 17394.86 | F63: 836283.55 | G63: 0 | H63: 858186.11 | J63: 0 | K63: 0 | L63: 0 | N63: 858186.11 | P63: 0 | Q63: 0 | T63: 0 | U63: 0 | V63: 0 | W63: 0 | X63: 0 | Y63: 0 | Z63: 0 | AA63: 0 | AB63: 0 | AC63: 0 | AD63: 0 | AE63: 0 | AF63: 0 | AG63: 0 | AH63: 0 | AI63: 0 | AJ63: 0 | AK63: 0 | AL63: 0 | AM63: 0 | AN63: 0 | AO63: 1067717 | AP63: 0 | AQ63: 0 | AR63: 0 | AS63: 0 | AT63: 0 | AU63: 0 | AV63: 0 | AW63: 0 | AX63: 0 | AY63: 0 | AZ63: 0 | BA63: 0 | BB63: 0 | BC63: 0 | BD63: 0 | BE63: 0 | BF63: 0 | BG63: 0 | BH63: 0 | BI63: 0 | BJ63: 0 | BK63: 0 | BL63: 0 | BM63: 0 | BN63: 0 | BO63: 0 | BP63: 0 | BQ63: 0 | BR63: 0 | BS63: 0 | BT63: 0 | BU63: 0 | BV63: 0 | BW63: 0 | BX63: 0 | BY63: 0 | BZ63: 0 | CA63: 0 | CB63: 0 | CC63: 0 | CD63: 0 | CE63: 0 | CF63: 0 | CG63: 1067717 | CI63: 4365.53 | CJ63: 22790.43 | CK63: 864864.13 | CL63: 0 | CM63: 892020.09 | CO63: 0 | CP63: 0 | CQ63: 0 | CS63: 892020.09 | CT63: =CG63-CS63 -> 175696.91 | CU63: =IF(CG63=0,"n/a",CS63/(CG63)) -> 0.83544618
A64: %,FACCOUNT,TACCOUNT_ROLLUP,X,NBENEFITS | C64: Benefits | D64: 4507.7 | E64: 17394.86 | F64: 836283.55 | G64: 0 | H64: 858186.11 | J64: 0 | K64: 0 | L64: 0 | N64: 858186.11 | P64: 0 | Q64: 0 | T64: 0 | U64: 0 | V64: 0 | W64: 0 | X64: 0 | Y64: 0 | Z64: 0 | AA64: 0 | AB64: 0 | AC64: 0 | AD64: 0 | AE64: 0 | AF64: 0 | AG64: 0 | AH64: 0 | AI64: 0 | AJ64: 0 | AK64: 0 | AL64: 0 | AM64: 0 | AN64: 0 | AO64: 1067717 | AP64: 0 | AQ64: 0 | AR64: 0 | AS64: 0 | AT64: 0 | AU64: 0 | AV64: 0 | AW64: 0 | AX64: 0 | AY64: 0 | AZ64: 0 | BA64: 0 | BB64: 0 | BC64: 0 | BD64: 0 | BE64: 0 | BF64: 0 | BG64: 0 | BH64: 0 | BI64: 0 | BJ64: 0 | BK64: 0 | BL64: 0 | BM64: 0 | BN64: 0 | BO64: 0 | BP64: 0 | BQ64: 0 | BR64: 0 | BS64: 0 | BT64: 0 | BU64: 0 | BV64: 0 | BW64: 0 | BX64: 0 | BY64: 0 | BZ64: 0 | CA64: 0 | CB64: 0 | CC64: 0 | CD64: 0 | CE64: 0 | CF64: 0 | CG64: 1067717 | CI64: 4365.53 | CJ64: 22790.43 | CK64: 864864.13 | CL64: 0 | CM64: 892020.09 | CO64: 0 | CP64: 0 | CQ64: 0 | CS64: 892020.09 | CT64: =CG64-CS64 -> 175696.91 | CU64: =IF(CG64=0,"n/a",CS64/(CG64)) -> 0.83544618
A66: %,C | C66: Total Salaries and Benefits | D66: =D61+D64 -> 24486.28 | E66: =E61+E64 -> 95299.76 | F66: =F61+F64 -> 4302537.3 | G66: =G61+G64 -> 0 | H66: =H61+H64 -> 4422323.3 | J66: =J61+J64 -> 0 | K66: =K61+K64 -> 0 | L66: =L61+L64 -> 0 | N66: =N61+N64 -> 4422323.3 | T66: =T61+T64 -> 112200 | U66: =U61+U64 -> 159000 | V66: =V61+V64 -> 2058201 | W66: =W61+W64 -> 35000 | X66: =X61+X64 -> 24000 | Y66: =Y61+Y64 -> 50000 | Z66: =Z61+Z64 -> 47147 | AA66: =AA61+AA64 -> 76459 | ... CG66: =CG61+CG64 -> 4894484 | CI66: =CI61+CI64 -> 19855.17 | CJ66: =CJ61+CJ64 -> 114855.23 | CK66: =CK61+CK64 -> 4207190.6 | CL66: =CL61+CL64 -> 0 | CM66: =CM61+CM64 -> 4341901 | CO66: =CO61+CO64 -> 0 | CP66: =CP61+CP64 -> 0 | CQ66: =CQ61+CQ64 -> 0 | CS66: =CS61+CS64 -> 4341901 | CT66: =CT61+CT64 -> 552583.04 | CU66: =IF(CG66=0,"n/a",CS66/(CG66)) -> 0.88710086
A68: %,V701000 | B68: 701000 | C68: Mileage And Travel | D68: 0 | E68: 0 | F68: 715.99 | G68: 0 | H68: 715.99 | J68: 0 | K68: 0 | L68: 0 | N68: 715.99 | P68: 0 | Q68: 0 | T68: 0 | U68: 0 | V68: 0 | W68: 0 | X68: 0 | Y68: 0 | Z68: 0 | AA68: 0 | AB68: 0 | AC68: 0 | AD68: 0 | AE68: 0 | AF68: 0 | AG68: 0 | AH68: 0 | AI68: 0 | AJ68: 0 | AK68: 0 | AL68: 0 | AM68: 0 | AN68: 0 | AO68: 0 | AP68: 1100 | AQ68: 0 | AR68: 0 | AS68: 0 | AT68: 0 | AU68: 0 | AV68: 0 | AW68: 0 | AX68: 0 | AY68: 0 | AZ68: 0 | BA68: 0 | BB68: 0 | BC68: 0 | BD68: 0 | BE68: 0 | BF68: 0 | BG68: 0 | BH68: 0 | BI68: 0 | BJ68: 0 | BK68: 0 | BL68: 0 | BM68: 0 | BN68: 0 | BO68: 0 | BP68: 0 | BQ68: 0 | BR68: 0 | BS68: 0 | BT68: 0 | BU68: 0 | BV68: 0 | BW68: 0 | BX68: 0 | BY68: 0 | BZ68: 0 | CA68: 0 | CB68: 0 | CC68: 0 | CD68: 0 | CE68: 0 | CF68: 0 | CG68: 1100 | CI68: 0 | CJ68: 0 | CK68: 936.72 | CL68: 0 | CM68: 936.72 | CO68: 0 | CP68: 0 | CQ68: 0 | CS68: 936.72 | CT68: =CG68-CS68 -> 163.28 | CU68: =IF(CG68=0,"n/a",CS68/(CG68)) -> 0.85156364
A69: %,V702000 | B69: 702000 | C69: Employee Training & Conf | D69: 0 | E69: 22 | F69: 16311.11 | G69: 0 | H69: 16333.11 | J69: 0 | K69: 0 | L69: 0 | N69: 16333.11 | P69: 0 | Q69: 0 | T69: 0 | U69: 0 | V69: 0 | W69: 0 | X69: 0 | Y69: 0 | Z69: 0 | AA69: 0 | AB69: 0 | AC69: 0 | AD69: 0 | AE69: 0 | AF69: 0 | AG69: 0 | AH69: 0 | AI69: 0 | AJ69: 0 | AK69: 0 | AL69: 0 | AM69: 0 | AN69: 0 | AO69: 0 | AP69: 0 | AQ69: 17470 | AR69: 0 | AS69: 0 | AT69: 0 | AU69: 0 | AV69: 0 | AW69: 0 | AX69: 0 | AY69: 0 | AZ69: 0 | BA69: 0 | BB69: 0 | BC69: 0 | BD69: 0 | BE69: 0 | BF69: 0 | BG69: 0 | BH69: 0 | BI69: 0 | BJ69: 0 | BK69: 0 | BL69: 0 | BM69: 0 | BN69: 0 | BO69: 0 | BP69: 0 | BQ69: 0 | BR69: 0 | BS69: 0 | BT69: 0 | BU69: 0 | BV69: 0 | BW69: 0 | BX69: 0 | BY69: 0 | BZ69: 0 | CA69: 0 | CB69: 0 | CC69: 0 | CD69: 0 | CE69: 0 | CF69: 0 | CG69: 17470 | CI69: 0 | CJ69: 0 | CK69: 13352.52 | CL69: 0 | CM69: 13352.52 | CO69: 0 | CP69: 0 | CQ69: 0 | CS69: 13352.52 | CT69: =CG69-CS69 -> 4117.48 | CU69: =IF(CG69=0,"n/a",CS69/(CG69)) -> 0.76431139
A70: %,V708000 | B70: 708000 | C70: Employee Background Verificatn | D70: 17 | E70: 0 | F70: 692.5 | G70: 0 | H70: 709.5 | J70: 0 | K70: 0 | L70: 0 | N70: 709.5 | P70: 0 | Q70: 0 | T70: 0 | U70: 0 | V70: 0 | W70: 0 | X70: 0 | Y70: 0 | Z70: 0 | AA70: 0 | AB70: 0 | AC70: 0 | AD70: 0 | AE70: 0 | AF70: 0 | AG70: 0 | AH70: 0 | AI70: 0 | AJ70: 0 | AK70: 0 | AL70: 0 | AM70: 0 | AN70: 0 | AO70: 0 | AP70: 0 | AQ70: 0 | AR70: 825 | AS70: 0 | AT70: 0 | AU70: 0 | AV70: 0 | AW70: 0 | AX70: 0 | AY70: 0 | AZ70: 0 | BA70: 0 | BB70: 0 | BC70: 0 | BD70: 0 | BE70: 0 | BF70: 0 | BG70: 0 | BH70: 0 | BI70: 0 | BJ70: 0 | BK70: 0 | BL70: 0 | BM70: 0 | BN70: 0 | BO70: 0 | BP70: 0 | BQ70: 0 | BR70: 0 | BS70: 0 | BT70: 0 | BU70: 0 | BV70: 0 | BW70: 0 | BX70: 0 | BY70: 0 | BZ70: 0 | CA70: 0 | CB70: 0 | CC70: 0 | CD70: 0 | CE70: 0 | CF70: 0 | CG70: 825 | CI70: 72 | CJ70: 269.5 | CK70: 1003 | CL70: 0 | CM70: 1344.5 | CO70: 0 | CP70: 0 | CQ70: 0 | CS70: 1344.5 | CT70: =CG70-CS70 -> -519.5 | CU70: =IF(CG70=0,"n/a",CS70/(CG70)) -> 1.629697
A71: %,V710000 | B71: 710000 | C71: Meals/Refreshments | D71: 5722.18 | E71: 366.33 | F71: 165.44 | G71: 0 | H71: 6253.95 | J71: 0 | K71: 0 | L71: 0 | N71: 6253.95 | P71: 0 | Q71: 0 | T71: 0 | U71: 0 | V71: 0 | W71: 0 | X71: 0 | Y71: 0 | Z71: 0 | AA71: 0 | AB71: 0 | AC71: 0 | AD71: 0 | AE71: 0 | AF71: 0 | AG71: 0 | AH71: 0 | AI71: 0 | AJ71: 0 | AK71: 0 | AL71: 0 | AM71: 0 | AN71: 0 | AO71: 0 | AP71: 0 | AQ71: 0 | AR71: 0 | AS71: 7805 | AT71: 0 | AU71: 0 | AV71: 0 | AW71: 0 | AX71: 0 | AY71: 0 | AZ71: 0 | BA71: 0 | BB71: 0 | BC71: 0 | BD71: 0 | BE71: 0 | BF71: 0 | BG71: 0 | BH71: 0 | BI71: 0 | BJ71: 0 | BK71: 0 | BL71: 0 | BM71: 0 | BN71: 0 | BO71: 0 | BP71: 0 | BQ71: 0 | BR71: 0 | BS71: 0 | BT71: 0 | BU71: 0 | BV71: 0 | BW71: 0 | BX71: 0 | BY71: 0 | BZ71: 0 | CA71: 0 | CB71: 0 | CC71: 0 | CD71: 0 | CE71: 0 | CF71: 0 | CG71: 7805 | CI71: 3833.51 | CJ71: 403.85 | CK71: 58.98 | CL71: 0 | CM71: 4296.34 | CO71: 0 | CP71: 0 | CQ71: 0 | CS71: 4296.34 | CT71: =CG71-CS71 -> 3508.66 | CU71: =IF(CG71=0,"n/a",CS71/(CG71)) -> 0.55045996
A72: %,V713000 | B72: 713000 | C72: Student Transportation | D72: 9580.31 | E72: 0 | F72: 0 | G72: 0 | H72: 9580.31 | J72: 0 | K72: 0 | L72: 0 | N72: 9580.31 | P72: 0 | Q72: 0 | T72: 0 | U72: 0 | V72: 0 | W72: 0 | X72: 0 | Y72: 0 | Z72: 0 | AA72: 0 | AB72: 0 | AC72: 0 | AD72: 0 | AE72: 0 | AF72: 0 | AG72: 0 | AH72: 0 | AI72: 0 | AJ72: 0 | AK72: 0 | AL72: 0 | AM72: 0 | AN72: 0 | AO72: 0 | AP72: 0 | AQ72: 0 | AR72: 0 | AS72: 0 | AT72: 10384 | AU72: 0 | AV72: 0 | AW72: 0 | AX72: 0 | AY72: 0 | AZ72: 0 | BA72: 0 | BB72: 0 | BC72: 0 | BD72: 0 | BE72: 0 | BF72: 0 | BG72: 0 | BH72: 0 | BI72: 0 | BJ72: 0 | BK72: 0 | BL72: 0 | BM72: 0 | BN72: 0 | BO72: 0 | BP72: 0 | BQ72: 0 | BR72: 0 | BS72: 0 | BT72: 0 | BU72: 0 | BV72: 0 | BW72: 0 | BX72: 0 | BY72: 0 | BZ72: 0 | CA72: 0 | CB72: 0 | CC72: 0 | CD72: 0 | CE72: 0 | CF72: 0 | CG72: 10384 | CI72: 9359.85 | CJ72: 0 | CK72: 0 | CL72: 0 | CM72: 9359.85 | CO72: 0 | CP72: 0 | CQ72: 0 | CS72: 9359.85 | CT72: =CG72-CS72 -> 1024.15 | CU72: =IF(CG72=0,"n/a",CS72/(CG72)) -> 0.9013723
A73: %,V715000 | B73: 715000 | C73: Student Admission/Entry Fees | D73: 41448.61 | E73: 413.25 | F73: 0 | G73: 0 | H73: 41861.86 | J73: 0 | K73: 0 | L73: 0 | N73: 41861.86 | P73: 0 | Q73: 0 | T73: 0 | U73: 0 | V73: 0 | W73: 0 | X73: 0 | Y73: 0 | Z73: 0 | AA73: 0 | AB73: 0 | AC73: 0 | AD73: 0 | AE73: 0 | AF73: 0 | AG73: 0 | AH73: 0 | AI73: 0 | AJ73: 0 | AK73: 0 | AL73: 0 | AM73: 0 | AN73: 0 | AO73: 0 | AP73: 0 | AQ73: 0 | AR73: 0 | AS73: 0 | AT73: 0 | AU73: 48882 | AV73: 0 | AW73: 0 | AX73: 0 | AY73: 0 | AZ73: 0 | BA73: 0 | BB73: 0 | BC73: 0 | BD73: 0 | BE73: 0 | BF73: 0 | BG73: 0 | BH73: 0 | BI73: 0 | BJ73: 0 | BK73: 0 | BL73: 0 | BM73: 0 | BN73: 0 | BO73: 0 | BP73: 0 | BQ73: 0 | BR73: 0 | BS73: 0 | BT73: 0 | BU73: 0 | BV73: 0 | BW73: 0 | BX73: 0 | BY73: 0 | BZ73: 0 | CA73: 0 | CB73: 0 | CC73: 0 | CD73: 0 | CE73: 0 | CF73: 0 | CG73: 48882 | CI73: 38283.49 | CJ73: 0 | CK73: 0 | CL73: 0 | CM73: 38283.49 | CO73: 0 | CP73: 0 | CQ73: 0 | CS73: 38283.49 | CT73: =CG73-CS73 -> 10598.51 | CU73: =IF(CG73=0,"n/a",CS73/(CG73)) -> 0.78318174
A74: %,V721000 | B74: 721000 | C74: Legal Fees | D74: 0 | E74: 0 | F74: 0 | G74: 0 | H74: 0 | J74: 0 | K74: 0 | L74: 0 | N74: 0 | P74: 0 | Q74: 0 | T74: 0 | U74: 0 | V74: 0 | W74: 0 | X74: 0 | Y74: 0 | Z74: 0 | AA74: 0 | AB74: 0 | AC74: 0 | AD74: 0 | AE74: 0 | AF74: 0 | AG74: 0 | AH74: 0 | AI74: 0 | AJ74: 0 | AK74: 0 | AL74: 0 | AM74: 0 | AN74: 0 | AO74: 0 | AP74: 0 | AQ74: 0 | AR74: 0 | AS74: 0 | AT74: 0 | AU74: 0 | AV74: 5000 | AW74: 0 | AX74: 0 | AY74: 0 | AZ74: 0 | BA74: 0 | BB74: 0 | BC74: 0 | BD74: 0 | BE74: 0 | BF74: 0 | BG74: 0 | BH74: 0 | BI74: 0 | BJ74: 0 | BK74: 0 | BL74: 0 | BM74: 0 | BN74: 0 | BO74: 0 | BP74: 0 | BQ74: 0 | BR74: 0 | BS74: 0 | BT74: 0 | BU74: 0 | BV74: 0 | BW74: 0 | BX74: 0 | BY74: 0 | BZ74: 0 | CA74: 0 | CB74: 0 | CC74: 0 | CD74: 0 | CE74: 0 | CF74: 0 | CG74: 5000 | CI74: 0 | CJ74: 0 | CK74: 5754 | CL74: 0 | CM74: 5754 | CO74: 0 | CP74: 0 | CQ74: 0 | CS74: 5754 | CT74: =CG74-CS74 -> -754 | CU74: =IF(CG74=0,"n/a",CS74/(CG74)) -> 1.1508
A75: %,V723000 | B75: 723000 | C75: Printing | D75: 0 | E75: 0 | F75: 915 | G75: 0 | H75: 915 | J75: 0 | K75: 0 | L75: 0 | N75: 915 | P75: 0 | Q75: 0 | T75: 0 | U75: 0 | V75: 0 | W75: 0 | X75: 0 | Y75: 0 | Z75: 0 | AA75: 0 | AB75: 0 | AC75: 0 | AD75: 0 | AE75: 0 | AF75: 0 | AG75: 0 | AH75: 0 | AI75: 0 | AJ75: 0 | AK75: 0 | AL75: 0 | AM75: 0 | AN75: 0 | AO75: 0 | AP75: 0 | AQ75: 0 | AR75: 0 | AS75: 0 | AT75: 0 | AU75: 0 | AV75: 0 | AW75: 1000 | AX75: 0 | AY75: 0 | AZ75: 0 | BA75: 0 | BB75: 0 | BC75: 0 | BD75: 0 | BE75: 0 | BF75: 0 | BG75: 0 | BH75: 0 | BI75: 0 | BJ75: 0 | BK75: 0 | BL75: 0 | BM75: 0 | BN75: 0 | BO75: 0 | BP75: 0 | BQ75: 0 | BR75: 0 | BS75: 0 | BT75: 0 | BU75: 0 | BV75: 0 | BW75: 0 | BX75: 0 | BY75: 0 | BZ75: 0 | CA75: 0 | CB75: 0 | CC75: 0 | CD75: 0 | CE75: 0 | CF75: 0 | CG75: 1000 | CI75: 0 | CJ75: 0 | CK75: 880 | CL75: 0 | CM75: 880 | CO75: 0 | CP75: 0 | CQ75: 0 | CS75: 880 | CT75: =CG75-CS75 -> 120 | CU75: =IF(CG75=0,"n/a",CS75/(CG75)) -> 0.88
A76: %,V731000 | B76: 731000 | C76: Contracted Services | D76: 1705 | E76: 0 | F76: 94502.49 | G76: 0 | H76: 96207.49 | J76: 0 | K76: 0 | L76: 0 | N76: 96207.49 | P76: 0 | Q76: 0 | T76: 0 | U76: 0 | V76: 0 | W76: 0 | X76: 0 | Y76: 0 | Z76: 0 | AA76: 0 | AB76: 0 | AC76: 0 | AD76: 0 | AE76: 0 | AF76: 0 | AG76: 0 | AH76: 0 | AI76: 0 | AJ76: 0 | AK76: 0 | AL76: 0 | AM76: 0 | AN76: 0 | AO76: 0 | AP76: 0 | AQ76: 0 | AR76: 0 | AS76: 0 | AT76: 0 | AU76: 0 | AV76: 0 | AW76: 0 | AX76: 139128 | AY76: 0 | AZ76: 0 | BA76: 0 | BB76: 0 | BC76: 0 | BD76: 0 | BE76: 0 | BF76: 0 | BG76: 0 | BH76: 0 | BI76: 0 | BJ76: 0 | BK76: 0 | BL76: 0 | BM76: 0 | BN76: 0 | BO76: 0 | BP76: 0 | BQ76: 0 | BR76: 0 | BS76: 0 | BT76: 0 | BU76: 0 | BV76: 0 | BW76: 0 | BX76: 0 | BY76: 0 | BZ76: 0 | CA76: 0 | CB76: 0 | CC76: 0 | CD76: 0 | CE76: 0 | CF76: 0 | CG76: 161128 | CI76: 4046.5 | CJ76: 0 | CK76: 97570.98 | CL76: 0 | CM76: 101617.48 | CO76: 0 | CP76: 0 | CQ76: 0 | CS76: 101617.48 | CT76: =CG76-CS76 -> 59510.52 | CU76: =IF(CG76=0,"n/a",CS76/(CG76)) -> 0.63066308
A77: %,V743000 | B77: 743000 | C77: Equipment Rental | D77: 0 | E77: 0 | F77: 1453.39 | G77: 0 | H77: 1453.39 | J77: 0 | K77: 0 | L77: 0 | N77: 1453.39 | P77: 0 | Q77: 0 | T77: 0 | U77: 0 | V77: 0 | W77: 0 | X77: 0 | Y77: 0 | Z77: 0 | AA77: 0 | AB77: 0 | AC77: 0 | AD77: 0 | AE77: 0 | AF77: 0 | AG77: 0 | AH77: 0 | AI77: 0 | AJ77: 0 | AK77: 0 | AL77: 0 | AM77: 0 | AN77: 0 | AO77: 0 | AP77: 0 | AQ77: 0 | AR77: 0 | AS77: 0 | AT77: 0 | AU77: 0 | AV77: 0 | AW77: 0 | AX77: 0 | AY77: 1250 | AZ77: 0 | BA77: 0 | BB77: 0 | BC77: 0 | BD77: 0 | BE77: 0 | BF77: 0 | BG77: 0 | BH77: 0 | BI77: 0 | BJ77: 0 | BK77: 0 | BL77: 0 | BM77: 0 | BN77: 0 | BO77: 0 | BP77: 0 | BQ77: 0 | BR77: 0 | BS77: 0 | BT77: 0 | BU77: 0 | BV77: 0 | BW77: 0 | BX77: 0 | BY77: 0 | BZ77: 0 | CA77: 0 | CB77: 0 | CC77: 0 | CD77: 0 | CE77: 0 | CF77: 0 | CG77: 1250 | CI77: 0 | CJ77: 0 | CK77: 1097.99 | CL77: 0 | CM77: 1097.99 | CO77: 0 | CP77: 0 | CQ77: 0 | CS77: 1097.99 | CT77: =CG77-CS77 -> 152.01 | CU77: =IF(CG77=0,"n/a",CS77/(CG77)) -> 0.878392
A78: %,V745000 | B78: 745000 | C78: Contract Maint/Eq Repair | D78: 0 | E78: 0 | F78: 6469.96 | G78: 0 | H78: 6469.96 | J78: 0 | K78: 0 | L78: 0 | N78: 6469.96 | P78: 0 | Q78: 0 | T78: 0 | U78: 0 | V78: 0 | W78: 0 | X78: 0 | Y78: 0 | Z78: 0 | AA78: 0 | AB78: 0 | AC78: 0 | AD78: 0 | AE78: 0 | AF78: 0 | AG78: 0 | AH78: 0 | AI78: 0 | AJ78: 0 | AK78: 0 | AL78: 0 | AM78: 0 | AN78: 0 | AO78: 0 | AP78: 0 | AQ78: 0 | AR78: 0 | AS78: 0 | AT78: 0 | AU78: 0 | AV78: 0 | AW78: 0 | AX78: 0 | AY78: 0 | AZ78: 11600 | BA78: 0 | BB78: 0 | BC78: 0 | BD78: 0 | BE78: 0 | BF78: 0 | BG78: 0 | BH78: 0 | BI78: 0 | BJ78: 0 | BK78: 0 | BL78: 0 | BM78: 0 | BN78: 0 | BO78: 0 | BP78: 0 | BQ78: 0 | BR78: 0 | BS78: 0 | BT78: 0 | BU78: 0 | BV78: 0 | BW78: 0 | BX78: 0 | BY78: 0 | BZ78: 0 | CA78: 0 | CB78: 0 | CC78: 0 | CD78: 0 | CE78: 0 | CF78: 0 | CG78: 11600 | CI78: 0 | CJ78: 0 | CK78: 6157.08 | CL78: 0 | CM78: 6157.08 | CO78: 0 | CP78: 0 | CQ78: 0 | CS78: 6157.08 | CT78: =CG78-CS78 -> 5442.92 | CU78: =IF(CG78=0,"n/a",CS78/(CG78)) -> 0.53078276
A79: %,V745500 | B79: 745500 | C79: Technology Services | D79: 0 | E79: 199 | F79: 31864.7 | G79: 0 | H79: 32063.7 | J79: 0 | K79: 0 | L79: 0 | N79: 32063.7 | P79: 0 | Q79: 0 | T79: 0 | U79: 0 | V79: 0 | W79: 0 | X79: 0 | Y79: 0 | Z79: 0 | AA79: 0 | AB79: 0 | AC79: 0 | AD79: 0 | AE79: 0 | AF79: 0 | AG79: 0 | AH79: 0 | AI79: 0 | AJ79: 0 | AK79: 0 | AL79: 0 | AM79: 0 | AN79: 0 | AO79: 0 | AP79: 0 | AQ79: 0 | AR79: 0 | AS79: 0 | AT79: 0 | AU79: 0 | AV79: 0 | AW79: 0 | AX79: 0 | AY79: 0 | AZ79: 0 | BA79: 57037 | BB79: 0 | BC79: 0 | BD79: 0 | BE79: 0 | BF79: 0 | BG79: 0 | BH79: 0 | BI79: 0 | BJ79: 0 | BK79: 0 | BL79: 0 | BM79: 0 | BN79: 0 | BO79: 0 | BP79: 0 | BQ79: 0 | BR79: 0 | BS79: 0 | BT79: 0 | BU79: 0 | BV79: 0 | BW79: 0 | BX79: 0 | BY79: 0 | BZ79: 0 | CA79: 0 | CB79: 0 | CC79: 0 | CD79: 0 | CE79: 0 | CF79: 0 | CG79: 57037 | CI79: 0 | CJ79: 323.17 | CK79: 37775.05 | CL79: 0 | CM79: 38098.22 | CO79: 0 | CP79: 0 | CQ79: 0 | CS79: 38098.22 | CT79: =CG79-CS79 -> 18938.78 | CU79: =IF(CG79=0,"n/a",CS79/(CG79)) -> 0.66795624
... A91: %,V781000 | B91: 781000 | C91: Lease Purch-Other-Principal Bond | D91: 0 | E91: 0 | F91: 252735.94 | G91: 0 | H91: 252735.94 | J91: 0 | K91: 150000 | L91: 150000 | N91: 150000 | P91: 0 | Q91: 0 | T91: 0 | U91: 0 | V91: 0 | W91: 0 | X91: 0 | Y91: 0 | Z91: 0 | AA91: 0 | AB91: 0 | AC91: 0 | AD91: 0 | AE91: 0 | AF91: 0 | AG91: 0 | AH91: 0 | AI91: 0 | AJ91: 0 | AK91: 0 | AL91: 0 | AM91: 0 | AN91: 0 | AO91: 0 | AP91: 0 | AQ91: 0 | AR91: 0 | AS91: 0 | AT91: 0 | AU91: 0 | AV91: 0 | AW91: 0 | AX91: 0 | AY91: 0 | AZ91: 0 | BA91: 0 | BB91: 0 | BC91: 0 | BD91: 0 | BE91: 0 | BF91: 0 | BG91: 0 | BH91: 0 | BI91: 0 | BJ91: 0 | BK91: 0 | BL91: 433661 | BM91: 0 | BN91: 0 | BO91: 0 | BP91: 0 | BQ91: 0 | BR91: 0 | BS91: 0 | BT91: 0 | BU91: 0 | BV91: 0 | BW91: 0 | BX91: 0 | BY91: 0 | BZ91: 0 | CA91: 0 | CB91: 0 | CC91: 0 | CD91: 0 | CE91: 0 | CF91: 0 | CG91: 160000 | CI91: 0 | CJ91: 0 | CK91: 0 | CL91: 0 | CM91: 0 | CO91: 0 | CP91: 160000 | CQ91: 160000 | CS91: 160000 | CT91: =CG91-CS91 -> 0 | CU91: =IF(CG91=0,"n/a",CS91/(CG91)) -> 1
B92: 781000 | C92: Lease Purch-Other-Principal Loan | N92: 252735.94 | CG92: 273661.42 | CI92: 0 | CJ92: 0 | CK92: 88055.02 | CL92: 0 | CM92: 88055.02 | CO92: 0 | CP92: 0 | CQ92: 0 | CS92: 88055.02 | CT92: =CG92-CS92 -> 185606.4 | CU92: =IF(CG92=0,"n/a",CS92/(CG92)) -> 0.32176629
A93: %,V781500 | B93: 781500 | C93: Lease Purch-Other-Interest Bond | D93: 0 | E93: 0 | F93: 56773.5 | G93: 0 | H93: 56773.5 | J93: 0 | K93: 314740 | L93: 314740 | N93: 314740 | P93: 0 | Q93: 0 | T93: 0 | U93: 0 | V93: 0 | W93: 0 | X93: 0 | Y93: 0 | Z93: 0 | AA93: 0 | AB93: 0 | AC93: 0 | AD93: 0 | AE93: 0 | AF93: 0 | AG93: 0 | AH93: 0 | AI93: 0 | AJ93: 0 | AK93: 0 | AL93: 0 | AM93: 0 | AN93: 0 | AO93: 0 | AP93: 0 | AQ93: 0 | AR93: 0 | AS93: 0 | AT93: 0 | AU93: 0 | AV93: 0 | AW93: 0 | AX93: 0 | AY93: 0 | AZ93: 0 | BA93: 0 | BB93: 0 | BC93: 0 | BD93: 0 | BE93: 0 | BF93: 0 | BG93: 0 | BH93: 0 | BI93: 0 | BJ93: 0 | BK93: 0 | BL93: 0 | BM93: 354722 | BN93: 0 | BO93: 0 | BP93: 0 | BQ93: 0 | BR93: 0 | BS93: 0 | BT93: 0 | BU93: 0 | BV93: 0 | BW93: 0 | BX93: 0 | BY93: 0 | BZ93: 0 | CA93: 0 | CB93: 0 | CC93: 0 | CD93: 0 | CE93: 0 | CF93: 0 | CG93: 307915 | CI93: 0 | CJ93: 0 | CK93: 0 | CL93: 0 | CM93: 0 | CO93: 0 | CP93: 307915 | CQ93: 307915 | CS93: 307915 | CT93: =CG93-CS93 -> 0 | CU93: =IF(CG93=0,"n/a",CS93/(CG93)) -> 1
B94: 781500 | C94: Lease Purch-Other-Interest Loan | N94: 56773.5 | CG94: 46807.14 | CI94: 0 | CJ94: 0 | CK94: 43454.42 | CL94: 0 | CM94: 43454.42 | CO94: 0 | CP94: 0 | CQ94: 0 | CS94: 43454.42 | CT94: =CG94-CS94 -> 3352.72 | CU94: =IF(CG94=0,"n/a",CS94/(CG94)) -> 0.92837161
A95: %,V950000 | B95: 950000 | C95: District Fees | D95: 0 | E95: 0 | F95: 718174.69 | G95: 0 | H95: 718174.69 | J95: 0 | K95: 0 | L95: 0 | N95: 718174.69 | P95: 0 | Q95: 0 | T95: 0 | U95: 0 | V95: 0 | W95: 0 | X95: 0 | Y95: 0 | Z95: 0 | AA95: 0 | AB95: 0 | AC95: 0 | AD95: 0 | AE95: 0 | AF95: 0 | AG95: 0 | AH95: 0 | AI95: 0 | AJ95: 0 | AK95: 0 | AL95: 0 | AM95: 0 | AN95: 0 | AO95: 0 | AP95: 0 | AQ95: 0 | AR95: 0 | AS95: 0 | AT95: 0 | AU95: 0 | AV95: 0 | AW95: 0 | AX95: 0 | AY95: 0 | AZ95: 0 | BA95: 0 | BB95: 0 | BC95: 0 | BD95: 0 | BE95: 0 | BF95: 0 | BG95: 0 | BH95: 0 | BI95: 0 | BJ95: 0 | BK95: 0 | BL95: 0 | BM95: 0 | BN95: 0 | BO95: 0 | BP95: 0 | BQ95: 0 | BR95: 0 | BS95: 0 | BT95: 0 | BU95: 0 | BV95: 0 | BW95: 0 | BX95: 0 | BY95: 0 | BZ95: 0 | CA95: 0 | CB95: 0 | CC95: 0 | CD95: 0 | CE95: 0 | CF95: 704125 | CG95: 704125 | CI95: 0 | CJ95: 0 | CK95: 703783 | CL95: 0 | CM95: 703783 | CO95: 0 | CP95: 0 | CQ95: 0 | CS95: 703783 | CT95: =CG95-CS95 -> 342 | CU95: =IF(CG95=0,"n/a",CS95/(CG95)) -> 0.99951429
A96: %,FACCOUNT,TACCOUNT_ROLLUP,X,NPURCHASED SERVICES | C96: Purchased Services | D96: 60121.6 | E96: 1975.03 | F96: 1382071.5 | G96: 0 | H96: 1444168.1 | J96: 0 | K96: 464740 | L96: 464740 | N96: 1908908.1 | P96: 0 | Q96: 0 | T96: 0 | U96: 0 | V96: 0 | W96: 0 | X96: 0 | Y96: 0 | Z96: 0 | AA96: 0 | AB96: 0 | AC96: 0 | AD96: 0 | AE96: 0 | AF96: 0 | AG96: 0 | AH96: 0 | AI96: 0 | AJ96: 0 | AK96: 0 | AL96: 0 | AM96: 0 | AN96: 0 | AO96: 0 | AP96: 1100 | AQ96: 17470 | AR96: 825 | AS96: 7805 | AT96: 10384 | AU96: 48882 | AV96: 5000 | AW96: 1000 | AX96: 139128 | AY96: 1250 | AZ96: 11600 | BA96: 57037 | BB96: 79200 | BC96: 500 | BD96: 21125 | BE96: 51400 | BF96: 13770 | BG96: 17775 | BH96: 530 | BI96: 16650 | BJ96: 80500 | BK96: 10400 | BL96: 433661 | BM96: 354722 | BN96: 0 | BO96: 0 | BP96: 0 | BQ96: 0 | BR96: 0 | BS96: 0 | BT96: 0 | BU96: 0 | BV96: 0 | BW96: 0 | BX96: 0 | BY96: 0 | BZ96: 0 | CA96: 0 | CB96: 0 | CC96: 0 | CD96: 0 | CE96: 0 | CF96: 704125 | CG96: 2075983.6 | CI96: 55595.35 | CJ96: 2645.66 | CK96: 1187044.7 | CL96: 0 | CM96: 1245285.7 | CO96: 0 | CP96: 467915 | CQ96: 467915 | CS96: 1713200.7 | CT96: =CG96-CS96 -> 362782.85 | CU96: =IF(CG96=0,"n/a",CS96/(CG96)) -> 0.82524772
A98: %,V801000 | B98: 801000 | C98: Contingency | D98: 0 | E98: 0 | F98: 0 | G98: 0 | H98: 0 | J98: 0 | K98: 0 | L98: 0 | N98: 0 | P98: 0 | Q98: 0 | T98: 0 | U98: 0 | V98: 0 | W98: 0 | X98: 0 | Y98: 0 | Z98: 0 | AA98: 0 | AB98: 0 | AC98: 0 | AD98: 0 | AE98: 0 | AF98: 0 | AG98: 0 | AH98: 0 | AI98: 0 | AJ98: 0 | AK98: 0 | AL98: 0 | AM98: 0 | AN98: 0 | AO98: 0 | AP98: 0 | AQ98: 0 | AR98: 0 | AS98: 0 | AT98: 0 | AU98: 0 | AV98: 0 | AW98: 0 | AX98: 0 | AY98: 0 | AZ98: 0 | BA98: 0 | BB98: 0 | BC98: 0 | BD98: 0 | BE98: 0 | BF98: 0 | BG98: 0 | BH98: 0 | BI98: 0 | BJ98: 0 | BK98: 0 | BL98: 0 | BM98: 0 | BN98: 0 | BO98: 0 | BP98: 0 | BQ98: 0 | BR98: 0 | BS98: 0 | BT98: 0 | BU98: 0 | BV98: 0 | BW98: 0 | BX98: 0 | BY98: 0 | BZ98: 0 | CA98: 0 | CB98: 0 | CC98: 0 | CD98: 0 | CE98: 0 | CF98: 0 | CG98: 0 | CI98: 0 | CJ98: 0 | CK98: 0 | CL98: 0 | CM98: 0 | CO98: 0 | CP98: 0 | CQ98: 0 | CS98: 0 | CT98: =CG98-CS98 -> 0 | CU98: =IF(CG98=0,"n/a",CS98/(CG98)) -> n/a
A99: %,V804000 | B99: 804000 | C99: Fund Raising | D99: 0 | E99: 0 | F99: 0 | G99: 0 | H99: 0 | J99: 0 | K99: 0 | L99: 0 | N99: 0 | P99: 0 | Q99: 0 | T99: 0 | U99: 0 | V99: 0 | W99: 0 | X99: 0 | Y99: 0 | Z99: 0 | AA99: 0 | AB99: 0 | AC99: 0 | AD99: 0 | AE99: 0 | AF99: 0 | AG99: 0 | AH99: 0 | AI99: 0 | AJ99: 0 | AK99: 0 | AL99: 0 | AM99: 0 | AN99: 0 | AO99: 0 | AP99: 0 | AQ99: 0 | AR99: 0 | AS99: 0 | AT99: 0 | AU99: 0 | AV99: 0 | AW99: 0 | AX99: 0 | AY99: 0 | AZ99: 0 | BA99: 0 | BB99: 0 | BC99: 0 | BD99: 0 | BE99: 0 | BF99: 0 | BG99: 0 | BH99: 0 | BI99: 0 | BJ99: 0 | BK99: 0 | BL99: 0 | BM99: 0 | BN99: 1561 | BO99: 0 | BP99: 0 | BQ99: 0 | BR99: 0 | BS99: 0 | BT99: 0 | BU99: 0 | BV99: 0 | BW99: 0 | BX99: 0 | BY99: 0 | BZ99: 0 | CA99: 0 | CB99: 0 | CC99: 0 | CD99: 0 | CE99: 0 | CF99: 0 | CG99: 1561 | CI99: 1125 | CJ99: 0 | CK99: 0 | CL99: 0 | CM99: 1125 | CO99: 0 | CP99: 0 | CQ99: 0 | CS99: 1125 | CT99: =CG99-CS99 -> 436 | CU99: =IF(CG99=0,"n/a",CS99/(CG99)) -> 0.72069186
A100: %,V805000 | B100: 805000 | C100: Materials/Supplies-Other | D100: 5297.28 | E100: 49.5 | F100: 7491.11 | G100: 0 | H100: 12837.89 | J100: 0 | K100: 0 | L100: 0 | N100: 12837.89 | P100: 0 | Q100: 0 | T100: 0 | U100: 0 | V100: 0 | W100: 0 | X100: 0 | Y100: 0 | Z100: 0 | AA100: 0 | AB100: 0 | AC100: 0 | AD100: 0 | AE100: 0 | AF100: 0 | AG100: 0 | AH100: 0 | AI100: 0 | AJ100: 0 | AK100: 0 | AL100: 0 | AM100: 0 | AN100: 0 | AO100: 0 | AP100: 0 | AQ100: 0 | AR100: 0 | AS100: 0 | AT100: 0 | AU100: 0 | AV100: 0 | AW100: 0 | AX100: 0 | AY100: 0 | AZ100: 0 | BA100: 0 | BB100: 0 | BC100: 0 | BD100: 0 | BE100: 0 | BF100: 0 | BG100: 0 | BH100: 0 | BI100: 0 | BJ100: 0 | BK100: 0 | BL100: 0 | BM100: 0 | BN100: 0 | BO100: 15995 | BP100: 0 | BQ100: 0 | BR100: 0 | BS100: 0 | BT100: 0 | BU100: 0 | BV100: 0 | BW100: 0 | BX100: 0 | BY100: 0 | BZ100: 0 | CA100: 0 | CB100: 0 | CC100: 0 | CD100: 0 | CE100: 0 | CF100: 0 | CG100: 15995 | CI100: 4361.12 | CJ100: 0 | CK100: 8575.38 | CL100: 0 | CM100: 12936.5 | CO100: 0 | CP100: 0 | CQ100: 0 | CS100: 12936.5 | CT100: =CG100-CS100 -> 3058.5 | CU100: =IF(CG100=0,"n/a",CS100/(CG100)) -> 0.80878399
A101: %,V806000 | B101: 806000 | C101: Materials/Supplies Resale | D101: 17683.79 | E101: 0 | F101: 0 | G101: 0 | H101: 17683.79 | J101: 0 | K101: 0 | L101: 0 | N101: 17683.79 | P101: 0 | Q101: 0 | T101: 0 | U101: 0 | V101: 0 | W101: 0 | X101: 0 | Y101: 0 | Z101: 0 | AA101: 0 | AB101: 0 | AC101: 0 | AD101: 0 | AE101: 0 | AF101: 0 | AG101: 0 | AH101: 0 | AI101: 0 | AJ101: 0 | AK101: 0 | AL101: 0 | AM101: 0 | AN101: 0 | AO101: 0 | AP101: 0 | AQ101: 0 | AR101: 0 | AS101: 0 | AT101: 0 | AU101: 0 | AV101: 0 | AW101: 0 | AX101: 0 | AY101: 0 | AZ101: 0 | BA101: 0 | BB101: 0 | BC101: 0 | BD101: 0 | BE101: 0 | BF101: 0 | BG101: 0 | BH101: 0 | BI101: 0 | BJ101: 0 | BK101: 0 | BL101: 0 | BM101: 0 | BN101: 0 | BO101: 0 | BP101: 18800 | BQ101: 0 | BR101: 0 | BS101: 0 | BT101: 0 | BU101: 0 | BV101: 0 | BW101: 0 | BX101: 0 | BY101: 0 | BZ101: 0 | CA101: 0 | CB101: 0 | CC101: 0 | CD101: 0 | CE101: 0 | CF101: 0 | CG101: 18800 | CI101: 12428.3 | CJ101: 0 | CK101: 1902.5 | CL101: 0 | CM101: 14330.8 | CO101: 0 | CP101: 0 | CQ101: 0 | CS101: 14330.8 | CT101: =CG101-CS101 -> 4469.2 | CU101: =IF(CG101=0,"n/a",CS101/(CG101)) -> 0.7622766
A102: %,V810000 | B102: 810000 | C102: Office Material/Supplies | D102: 0 | E102: 0 | F102: 1564.39 | G102: 0 | H102: 1564.39 | J102: 0 | K102: 0 | L102: 0 | N102: 1564.39 | P102: 0 | Q102: 0 | T102: 0 | U102: 0 | V102: 0 | W102: 0 | X102: 0 | Y102: 0 | Z102: 0 | AA102: 0 | AB102: 0 | AC102: 0 | AD102: 0 | AE102: 0 | AF102: 0 | AG102: 0 | AH102: 0 | AI102: 0 | AJ102: 0 | AK102: 0 | AL102: 0 | AM102: 0 | AN102: 0 | AO102: 0 | AP102: 0 | AQ102: 0 | AR102: 0 | AS102: 0 | AT102: 0 | AU102: 0 | AV102: 0 | AW102: 0 | AX102: 0 | AY102: 0 | AZ102: 0 | BA102: 0 | BB102: 0 | BC102: 0 | BD102: 0 | BE102: 0 | BF102: 0 | BG102: 0 | BH102: 0 | BI102: 0 | BJ102: 0 | BK102: 0 | BL102: 0 | BM102: 0 | BN102: 0 | BO102: 0 | BP102: 0 | BQ102: 3183 | BR102: 0 | BS102: 0 | BT102: 0 | BU102: 0 | BV102: 0 | BW102: 0 | BX102: 0 | BY102: 0 | BZ102: 0 | CA102: 0 | CB102: 0 | CC102: 0 | CD102: 0 | CE102: 0 | CF102: 0 | CG102: 3183 | CI102: 0 | CJ102: 0 | CK102: 1349.26 | CL102: 0 | CM102: 1349.26 | CO102: 0 | CP102: 0 | CQ102: 0 | CS102: 1349.26 | CT102: =CG102-CS102 -> 1833.74 | CU102: =IF(CG102=0,"n/a",CS102/(CG102)) -> 0.4238957
A103: %,V810001 | B103: 810001 | C103: Office Equipment - Under $5K | D103: 0 | E103: 0 | F103: 9757.1 | G103: 0 | H103: 9757.1 | J103: 0 | K103: 0 | L103: 0 | N103: 9757.1 | P103: 0 | Q103: 0 | T103: 0 | U103: 0 | V103: 0 | W103: 0 | X103: 0 | Y103: 0 | Z103: 0 | AA103: 0 | AB103: 0 | AC103: 0 | AD103: 0 | AE103: 0 | AF103: 0 | AG103: 0 | AH103: 0 | AI103: 0 | AJ103: 0 | AK103: 0 | AL103: 0 | AM103: 0 | AN103: 0 | AO103: 0 | AP103: 0 | AQ103: 0 | AR103: 0 | AS103: 0 | AT103: 0 | AU103: 0 | AV103: 0 | AW103: 0 | AX103: 0 | AY103: 0 | AZ103: 0 | BA103: 0 | BB103: 0 | BC103: 0 | BD103: 0 | BE103: 0 | BF103: 0 | BG103: 0 | BH103: 0 | BI103: 0 | BJ103: 0 | BK103: 0 | BL103: 0 | BM103: 0 | BN103: 0 | BO103: 0 | BP103: 0 | BQ103: 0 | BR103: 18528 | BS103: 0 | BT103: 0 | BU103: 0 | BV103: 0 | BW103: 0 | BX103: 0 | BY103: 0 | BZ103: 0 | CA103: 0 | CB103: 0 | CC103: 0 | CD103: 0 | CE103: 0 | CF103: 0 | CG103: 18528 | CI103: 0 | CJ103: 0 | CK103: 6240.01 | CL103: 0 | CM103: 6240.01 | CO103: 0 | CP103: 0 | CQ103: 0 | CS103: 6240.01 | CT103: =CG103-CS103 -> 12287.99 | CU103: =IF(CG103=0,"n/a",CS103/(CG103)) -> 0.3367881
A104: %,V812000 | B104: 812000 | C104: Clinic Supplies/Materials | D104: 0 | E104: 21.42 | F104: 761.23 | G104: 0 | H104: 782.65 | J104: 0 | K104: 0 | L104: 0 | N104: 782.65 | P104: 0 | Q104: 0 | T104: 0 | U104: 0 | V104: 0 | W104: 0 | X104: 0 | Y104: 0 | Z104: 0 | AA104: 0 | AB104: 0 | AC104: 0 | AD104: 0 | AE104: 0 | AF104: 0 | AG104: 0 | AH104: 0 | AI104: 0 | AJ104: 0 | AK104: 0 | AL104: 0 | AM104: 0 | AN104: 0 | AO104: 0 | AP104: 0 | AQ104: 0 | AR104: 0 | AS104: 0 | AT104: 0 | AU104: 0 | AV104: 0 | AW104: 0 | AX104: 0 | AY104: 0 | AZ104: 0 | BA104: 0 | BB104: 0 | BC104: 0 | BD104: 0 | BE104: 0 | BF104: 0 | BG104: 0 | BH104: 0 | BI104: 0 | BJ104: 0 | BK104: 0 | BL104: 0 | BM104: 0 | BN104: 0 | BO104: 0 | BP104: 0 | BQ104: 0 | BR104: 0 | BS104: 1171 | BT104: 0 | BU104: 0 | BV104: 0 | BW104: 0 | BX104: 0 | BY104: 0 | BZ104: 0 | CA104: 0 | CB104: 0 | CC104: 0 | CD104: 0 | CE104: 0 | CF104: 0 | CG104: 1171 | CI104: 0 | CJ104: 0 | CK104: 540.92 | CL104: 0 | CM104: 540.92 | CO104: 0 | CP104: 0 | CQ104: 0 | CS104: 540.92 | CT104: =CG104-CS104 -> 630.08 | CU104: =IF(CG104=0,"n/a",CS104/(CG104)) -> 0.46192997
A105: %,V814000 | B105: 814000 | C105: Custodial Supplies | D105: 0 | E105: 0 | F105: 15195.25 | G105: 0 | H105: 15195.25 | J105: 0 | K105: 0 | L105: 0 | N105: 15195.25 | P105: 0 | Q105: 0 | T105: 0 | U105: 0 | V105: 0 | W105: 0 | X105: 0 | Y105: 0 | Z105: 0 | AA105: 0 | AB105: 0 | AC105: 0 | AD105: 0 | AE105: 0 | AF105: 0 | AG105: 0 | AH105: 0 | AI105: 0 | AJ105: 0 | AK105: 0 | AL105: 0 | AM105: 0 | AN105: 0 | AO105: 0 | AP105: 0 | AQ105: 0 | AR105: 0 | AS105: 0 | AT105: 0 | AU105: 0 | AV105: 0 | AW105: 0 | AX105: 0 | AY105: 0 | AZ105: 0 | BA105: 0 | BB105: 0 | BC105: 0 | BD105: 0 | BE105: 0 | BF105: 0 | BG105: 0 | BH105: 0 | BI105: 0 | BJ105: 0 | BK105: 0 | BL105: 0 | BM105: 0 | BN105: 0 | BO105: 0 | BP105: 0 | BQ105: 0 | BR105: 0 | BS105: 0 | BT105: 20808 | BU105: 0 | BV105: 0 | BW105: 0 | BX105: 0 | BY105: 0 | BZ105: 0 | CA105: 0 | CB105: 0 | CC105: 0 | CD105: 0 | CE105: 0 | CF105: 0 | CG105: 20808 | CI105: 0 | CJ105: 0 | CK105: 13564.85 | CL105: 0 | CM105: 13564.85 | CO105: 0 | CP105: 0 | CQ105: 0 | CS105: 13564.85 | CT105: =CG105-CS105 -> 7243.15 | CU105: =IF(CG105=0,"n/a",CS105/(CG105)) -> 0.65190552
A106: %,V820000 | B106: 820000 | C106: Instructional Material/Supply | D106: 189.34 | E106: 1160.91 | F106: 91181.86 | G106: 176.4 | H106: 92708.51 | J106: 0 | K106: 0 | L106: 0 | N106: 92708.51 | P106: 0 | Q106: 0 | T106: 0 | U106: 0 | V106: 0 | W106: 0 | X106: 0 | Y106: 0 | Z106: 0 | AA106: 0 | AB106: 0 | AC106: 0 | AD106: 0 | AE106: 0 | AF106: 0 | AG106: 0 | AH106: 0 | AI106: 0 | AJ106: 0 | AK106: 0 | AL106: 0 | AM106: 0 | AN106: 0 | AO106: 0 | AP106: 0 | AQ106: 0 | AR106: 0 | AS106: 0 | AT106: 0 | AU106: 0 | AV106: 0 | AW106: 0 | AX106: 0 | AY106: 0 | AZ106: 0 | BA106: 0 | BB106: 0 | BC106: 0 | BD106: 0 | BE106: 0 | BF106: 0 | BG106: 0 | BH106: 0 | BI106: 0 | BJ106: 0 | BK106: 0 | BL106: 0 | BM106: 0 | BN106: 0 | BO106: 0 | BP106: 0 | BQ106: 0 | BR106: 0 | BS106: 0 | BT106: 0 | BU106: 203026 | BV106: 0 | BW106: 0 | BX106: 0 | BY106: 0 | BZ106: 0 | CA106: 0 | CB106: 0 | CC106: 0 | CD106: 0 | CE106: 0 | CF106: 0 | CG106: 203026 | CI106: 235.69 | CJ106: 1498.8 | CK106: 151211.09 | CL106: 474.91 | CM106: 153420.49 | CO106: 0 | CP106: 0 | CQ106: 0 | CS106: 153420.49 | CT106: =CG106-CS106 -> 49605.51 | CU106: =IF(CG106=0,"n/a",CS106/(CG106)) -> 0.75566918
A107: %,V820001 | B107: 820001 | C107: Instructional Equip-Under $5K | D107: 0 | E107: 235.1 | F107: 46637.68 | G107: 0 | H107: 46872.78 | J107: 0 | K107: 0 | L107: 0 | N107: 46872.78 | P107: 0 | Q107: 0 | T107: 0 | U107: 0 | V107: 0 | W107: 0 | X107: 0 | Y107: 0 | Z107: 0 | AA107: 0 | AB107: 0 | AC107: 0 | AD107: 0 | AE107: 0 | AF107: 0 | AG107: 0 | AH107: 0 | AI107: 0 | AJ107: 0 | AK107: 0 | AL107: 0 | AM107: 0 | AN107: 0 | AO107: 0 | AP107: 0 | AQ107: 0 | AR107: 0 | AS107: 0 | AT107: 0 | AU107: 0 | AV107: 0 | AW107: 0 | AX107: 0 | AY107: 0 | AZ107: 0 | BA107: 0 | BB107: 0 | BC107: 0 | BD107: 0 | BE107: 0 | BF107: 0 | BG107: 0 | BH107: 0 | BI107: 0 | BJ107: 0 | BK107: 0 | BL107: 0 | BM107: 0 | BN107: 0 | BO107: 0 | BP107: 0 | BQ107: 0 | BR107: 0 | BS107: 0 | BT107: 0 | BU107: 0 | BV107: 209127 | BW107: 0 | BX107: 0 | BY107: 0 | BZ107: 0 | CA107: 0 | CB107: 0 | CC107: 0 | CD107: 0 | CE107: 0 | CF107: 0 | CG107: 214827 | CI107: 0 | CJ107: 1871.53 | CK107: 123072.98 | CL107: 724.09 | CM107: 125668.6 | CO107: 0 | CP107: 0 | CQ107: 0 | CS107: 125668.6 | CT107: =CG107-CS107 -> 89158.4 | CU107: =IF(CG107=0,"n/a",CS107/(CG107)) -> 0.58497582
A108: %,V822000 | B108: 822000 | C108: Textbooks | D108: 0 | E108: 20.11 | F108: 22649.42 | G108: 123.6 | H108: 22793.13 | J108: 0 | K108: 0 | L108: 0 | N108: 22793.13 | P108: 0 | Q108: 0 | T108: 0 | U108: 0 | V108: 0 | W108: 0 | X108: 0 | Y108: 0 | Z108: 0 | AA108: 0 | AB108: 0 | AC108: 0 | AD108: 0 | AE108: 0 | AF108: 0 | AG108: 0 | AH108: 0 | AI108: 0 | AJ108: 0 | AK108: 0 | AL108: 0 | AM108: 0 | AN108: 0 | AO108: 0 | AP108: 0 | AQ108: 0 | AR108: 0 | AS108: 0 | AT108: 0 | AU108: 0 | AV108: 0 | AW108: 0 | AX108: 0 | AY108: 0 | AZ108: 0 | BA108: 0 | BB108: 0 | BC108: 0 | BD108: 0 | BE108: 0 | BF108: 0 | BG108: 0 | BH108: 0 | BI108: 0 | BJ108: 0 | BK108: 0 | BL108: 0 | BM108: 0 | BN108: 0 | BO108: 0 | BP108: 0 | BQ108: 0 | BR108: 0 | BS108: 0 | BT108: 0 | BU108: 0 | BV108: 0 | BW108: 26600 | BX108: 0 | BY108: 0 | BZ108: 0 | CA108: 0 | CB108: 0 | CC108: 0 | CD108: 0 | CE108: 0 | CF108: 0 | CG108: 20900 | CI108: 0 | CJ108: 42.91 | CK108: 20321.54 | CL108: 0 | CM108: 20364.45 | CO108: 0 | CP108: 0 | CQ108: 0 | CS108: 20364.45 | CT108: =CG108-CS108 -> 535.55 | CU108: =IF(CG108=0,"n/a",CS108/(CG108)) -> 0.9743756
A109: %,V823000 | B109: 823000 | C109: Copier Usage | D109: 0 | E109: 0 | F109: 19977.28 | G109: 0 | H109: 19977.28 | J109: 0 | K109: 0 | L109: 0 | N109: 19977.28 | P109: 0 | Q109: 0 | T109: 0 | U109: 0 | V109: 0 | W109: 0 | X109: 0 | Y109: 0 | Z109: 0 | AA109: 0 | AB109: 0 | AC109: 0 | AD109: 0 | AE109: 0 | AF109: 0 | AG109: 0 | AH109: 0 | AI109: 0 | AJ109: 0 | AK109: 0 | AL109: 0 | AM109: 0 | AN109: 0 | AO109: 0 | AP109: 0 | AQ109: 0 | AR109: 0 | AS109: 0 | AT109: 0 | AU109: 0 | AV109: 0 | AW109: 0 | AX109: 0 | AY109: 0 | AZ109: 0 | BA109: 0 | BB109: 0 | BC109: 0 | BD109: 0 | BE109: 0 | BF109: 0 | BG109: 0 | BH109: 0 | BI109: 0 | BJ109: 0 | BK109: 0 | BL109: 0 | BM109: 0 | BN109: 0 | BO109: 0 | BP109: 0 | BQ109: 0 | BR109: 0 | BS109: 0 | BT109: 0 | BU109: 0 | BV109: 0 | BW109: 0 | BX109: 23650 | BY109: 0 | BZ109: 0 | CA109: 0 | CB109: 0 | CC109: 0 | CD109: 0 | CE109: 0 | CF109: 0 | CG109: 23650 | CI109: 0 | CJ109: 0 | CK109: 16880.07 | CL109: 0 | CM109: 16880.07 | CO109: 0 | CP109: 0 | CQ109: 0 | CS109: 16880.07 | CT109: =CG109-CS109 -> 6769.93 | CU109: =IF(CG109=0,"n/a",CS109/(CG109)) -> 0.71374503
... A115: %,V889000 | B115: 889000 | C115: Consumable Supplies | D115: 0 | E115: 7.28 | F115: 305.47 | G115: 0 | H115: 312.75 | J115: 0 | K115: 0 | L115: 0 | N115: 312.75 | P115: 0 | Q115: 0 | T115: 0 | U115: 0 | V115: 0 | W115: 0 | X115: 0 | Y115: 0 | Z115: 0 | AA115: 0 | AB115: 0 | AC115: 0 | AD115: 0 | AE115: 0 | AF115: 0 | AG115: 0 | AH115: 0 | AI115: 0 | AJ115: 0 | AK115: 0 | AL115: 0 | AM115: 0 | AN115: 0 | AO115: 0 | AP115: 0 | AQ115: 0 | AR115: 0 | AS115: 0 | AT115: 0 | AU115: 0 | AV115: 0 | AW115: 0 | AX115: 0 | AY115: 0 | AZ115: 0 | BA115: 0 | BB115: 0 | BC115: 0 | BD115: 0 | BE115: 0 | BF115: 0 | BG115: 0 | BH115: 0 | BI115: 0 | BJ115: 0 | BK115: 0 | BL115: 0 | BM115: 0 | BN115: 0 | BO115: 0 | BP115: 0 | BQ115: 0 | BR115: 0 | BS115: 0 | BT115: 0 | BU115: 0 | BV115: 0 | BW115: 0 | BX115: 0 | BY115: 0 | BZ115: 0 | CA115: 0 | CB115: 0 | CC115: 0 | CD115: 510 | CE115: 0 | CF115: 0 | CG115: 510 | CI115: 0 | CJ115: 0 | CK115: 213.63 | CL115: 0 | CM115: 213.63 | CO115: 0 | CP115: 0 | CQ115: 0 | CS115: 213.63 | CT115: =CG115-CS115 -> 296.37 | CU115: =IF(CG115=0,"n/a",CS115/(CG115)) -> 0.41888235
A116: %,FACCOUNT,TACCOUNT_ROLLUP,X,NSUPPLIES | C116: Materials and Supplies | D116: 23380.79 | E116: 2284.29 | F116: 232829.25 | G116: 300 | H116: 258794.33 | J116: 0 | K116: 0 | L116: 0 | N116: 258794.33 | P116: 0 | Q116: 0 | T116: 0 | U116: 0 | V116: 0 | W116: 0 | X116: 0 | Y116: 0 | Z116: 0 | AA116: 0 | AB116: 0 | AC116: 0 | AD116: 0 | AE116: 0 | AF116: 0 | AG116: 0 | AH116: 0 | AI116: 0 | AJ116: 0 | AK116: 0 | AL116: 0 | AM116: 0 | AN116: 0 | AO116: 0 | AP116: 0 | AQ116: 0 | AR116: 0 | AS116: 0 | AT116: 0 | AU116: 0 | AV116: 0 | AW116: 0 | AX116: 0 | AY116: 0 | AZ116: 0 | BA116: 0 | BB116: 0 | BC116: 0 | BD116: 0 | BE116: 0 | BF116: 0 | BG116: 0 | BH116: 0 | BI116: 0 | BJ116: 0 | BK116: 0 | BL116: 0 | BM116: 0 | BN116: 1561 | BO116: 15995 | BP116: 18800 | BQ116: 3183 | BR116: 18528 | BS116: 1171 | BT116: 20808 | BU116: 203026 | BV116: 209127 | BW116: 26600 | BX116: 23650 | BY116: 3435 | BZ116: 500 | CA116: 20130 | CB116: 5000 | CC116: 500 | CD116: 510 | CE116: 0 | CF116: 0 | CG116: 572524 | CI116: 18382.18 | CJ116: 5084.72 | CK116: 364374.46 | CL116: 1199 | CM116: 389040.36 | CO116: 0 | CP116: 0 | CQ116: 0 | CS116: 389040.36 | CT116: =CG116-CS116 -> 183483.64 | CU116: =IF(CG116=0,"n/a",CS116/(CG116)) -> 0.67951799
A118: %,V914000 | B118: 914000 | C118: Vehicles - Utility Fleet | D118: 0 | E118: 0 | F118: 12500 | G118: 0 | H118: 12500 | J118: 0 | K118: 0 | L118: 0 | N118: 12500 | P118: 0 | Q118: 0 | T118: 0 | U118: 0 | V118: 0 | W118: 0 | X118: 0 | Y118: 0 | Z118: 0 | AA118: 0 | AB118: 0 | AC118: 0 | AD118: 0 | AE118: 0 | AF118: 0 | AG118: 0 | AH118: 0 | AI118: 0 | AJ118: 0 | AK118: 0 | AL118: 0 | AM118: 0 | AN118: 0 | AO118: 0 | AP118: 0 | AQ118: 0 | AR118: 0 | AS118: 0 | AT118: 0 | AU118: 0 | AV118: 0 | AW118: 0 | AX118: 0 | AY118: 0 | AZ118: 0 | BA118: 0 | BB118: 0 | BC118: 0 | BD118: 0 | BE118: 0 | BF118: 0 | BG118: 0 | BH118: 0 | BI118: 0 | BJ118: 0 | BK118: 0 | BL118: 0 | BM118: 0 | BN118: 0 | BO118: 0 | BP118: 0 | BQ118: 0 | BR118: 0 | BS118: 0 | BT118: 0 | BU118: 0 | BV118: 0 | BW118: 0 | BX118: 0 | BY118: 0 | BZ118: 0 | CA118: 0 | CB118: 0 | CC118: 0 | CD118: 0 | CE118: 0 | CF118: 0 | CG118: 0 | CI118: 0 | CJ118: 0 | CK118: 0 | CL118: 0 | CM118: 0 | CO118: 0 | CP118: 0 | CQ118: 0 | CS118: 0 | CT118: =CG118-CS118 -> 0 | CU118: =IF(CG118=0,"n/a",CS118/(CG118)) -> n/a
A119: %,V930000 | B119: 930000 | C119: Building Improvements | D119: 0 | E119: 0 | F119: 40355.5 | G119: 0 | H119: 40355.5 | J119: 0 | K119: 0 | L119: 0 | N119: 40355.5 | P119: 0 | Q119: 0 | T119: 0 | U119: 0 | V119: 0 | W119: 0 | X119: 0 | Y119: 0 | Z119: 0 | AA119: 0 | AB119: 0 | AC119: 0 | AD119: 0 | AE119: 0 | AF119: 0 | AG119: 0 | AH119: 0 | AI119: 0 | AJ119: 0 | AK119: 0 | AL119: 0 | AM119: 0 | AN119: 0 | AO119: 0 | AP119: 0 | AQ119: 0 | AR119: 0 | AS119: 0 | AT119: 0 | AU119: 0 | AV119: 0 | AW119: 0 | AX119: 0 | AY119: 0 | AZ119: 0 | BA119: 0 | BB119: 0 | BC119: 0 | BD119: 0 | BE119: 0 | BF119: 0 | BG119: 0 | BH119: 0 | BI119: 0 | BJ119: 0 | BK119: 0 | BL119: 0 | BM119: 0 | BN119: 0 | BO119: 0 | BP119: 0 | BQ119: 0 | BR119: 0 | BS119: 0 | BT119: 0 | BU119: 0 | BV119: 0 | BW119: 0 | BX119: 0 | BY119: 0 | BZ119: 0 | CA119: 0 | CB119: 0 | CC119: 0 | CD119: 0 | CE119: 375000 | CF119: 0 | CG119: 384856 | CI119: 0 | CJ119: 0 | CK119: 155550.6 | CL119: 0 | CM119: 155550.6 | CO119: 0 | CP119: 0 | CQ119: 0 | CS119: 155550.6 | CT119: =CG119-CS119 -> 229305.4 | CU119: =IF(CG119=0,"n/a",CS119/(CG119)) -> 0.40417871
A120: %,FACCOUNT,TACCOUNT_ROLLUP,X,NCAPITAL OUTLAY | C120: Capital Outlay | D120: 0 | E120: 0 | F120: 52855.5 | G120: 0 | H120: 52855.5 | J120: 0 | K120: 0 | L120: 0 | N120: 52855.5 | P120: 0 | Q120: 0 | T120: 0 | U120: 0 | V120: 0 | W120: 0 | X120: 0 | Y120: 0 | Z120: 0 | AA120: 0 | AB120: 0 | AC120: 0 | AD120: 0 | AE120: 0 | AF120: 0 | AG120: 0 | AH120: 0 | AI120: 0 | AJ120: 0 | AK120: 0 | AL120: 0 | AM120: 0 | AN120: 0 | AO120: 0 | AP120: 0 | AQ120: 0 | AR120: 0 | AS120: 0 | AT120: 0 | AU120: 0 | AV120: 0 | AW120: 0 | AX120: 0 | AY120: 0 | AZ120: 0 | BA120: 0 | BB120: 0 | BC120: 0 | BD120: 0 | BE120: 0 | BF120: 0 | BG120: 0 | BH120: 0 | BI120: 0 | BJ120: 0 | BK120: 0 | BL120: 0 | BM120: 0 | BN120: 0 | BO120: 0 | BP120: 0 | BQ120: 0 | BR120: 0 | BS120: 0 | BT120: 0 | BU120: 0 | BV120: 0 | BW120: 0 | BX120: 0 | BY120: 0 | BZ120: 0 | CA120: 0 | CB120: 0 | CC120: 0 | CD120: 0 | CE120: 375000 | CF120: 0 | CG120: 384856 | CI120: 0 | CJ120: 0 | CK120: 155550.6 | CL120: 0 | CM120: 155550.6 | CO120: 0 | CP120: 0 | CQ120: 0 | CS120: 155550.6 | CT120: =CG120-CS120 -> 229305.4 | CU120: =IF(CG120=0,"n/a",CS120/(CG120)) -> 0.40417871
A122: %,C | C122: Total Expenditures | D122: =D66+D96+D116+D120 -> 107988.67 | E122: =E66+E96+E116+E120 -> 99559.08 | F122: =F66+F96+F116+F120 -> 5970293.5 | G122: =G66+G96+G116+G120 -> 300 | H122: =H66+H96+H116+H120 -> 6178141.2 | J122: =J66+J96+J116+J120 -> 0 | K122: =K66+K96+K116+K120 -> 464740 | L122: =L66+L96+L116+L120 -> 464740 | N122: =N66+N96+N116+N120 -> 6642881.2 | T122: =T66+T96+T116+T120 -> 112200 | U122: =U66+U96+U116+U120 -> 159000 | V122: =V66+V96+V116+V120 -> 2058201 | W122: =W66+W96+W116+W120 -> 35000 | X122: =X66+X96+X116+X120 -> 24000 | Y122: =Y66+Y96+Y116+Y120 -> 50000 | Z122: =Z66+Z96+Z116+Z120 -> 47147 | AA122: =AA66+AA96+AA116+AA120 -> 76459 | ... CG122: =CG66+CG96+CG116+CG120 -> 7927847.6 | CI122: =CI66+CI96+CI116+CI120 -> 93832.7 | CJ122: =CJ66+CJ96+CJ116+CJ120 -> 122585.61 | CK122: =CK66+CK96+CK116+CK120 -> 5914160.3 | CL122: =CL66+CL96+CL116+CL120 -> 1199 | CM122: =CM66+CM96+CM116+CM120 -> 6131777.6 | CO122: =CO66+CO96+CO116+CO120 -> 0 | CP122: =CP66+CP96+CP116+CP120 -> 467915 | CQ122: =CQ66+CQ96+CQ116+CQ120 -> 467915 | CS122: =CS66+CS96+CS116+CS120 -> 6599692.6
A124: %,C | C124: Pre-Adjusted Carryforward | D124: =D37-D122 -> -4051.27 | E124: =E37-E122 -> 21990.67 | F124: =F37-F122 -> 216940.23 | G124: =G37-G122 -> 0 | H124: =H37-H122 -> 2880283.3 | J124: =J37-J122 -> 0 | K124: =K37-K122 -> 6747.35 | L124: =L37-L122 -> 6747.35 | N124: =N37-N122 -> 2887030.6 | CI124: =CI37-CI122 -> 62661.51 | CJ124: =CJ37-CJ122 -> 145609.7 | CK124: =CK37-CK122 -> 2913379 | CL124: =CL37-CL122 -> 0 | CM124: =CM37-CM122 -> 3121650.2 | CO124: =CO37-CO122 -> -49005.42 | CP124: =CP37-CP122 -> 796657.8 | CQ124: =CQ37-CQ122 -> 747652.38 | CS124: =CS37-CS122 -> 3869302.6
A126: %,LORG_EN,UPOSTED_TOTAL_AMT,FACCOUNT,TACCOUNT_ROLLUP,NEXPENDITURE | C126: Encumbrances | D126: 0 | E126: 0 | F126: 0 | G126: 0 | H126: 0 | J126: 0 | K126: 0 | L126: 0 | N126: 0 | P126: 0 | Q126: 0 | T126: 0 | U126: 0 | V126: 0 | W126: 0 | X126: 0 | Y126: 0 | Z126: 0 | AA126: 0 | AB126: 0 | AC126: 0 | AD126: 0 | AE126: 0 | AF126: 0 | AG126: 0 | AH126: 0 | AI126: 0 | AJ126: 0 | AK126: 0 | AL126: 0 | AM126: 0 | AN126: 0 | AO126: 0 | AP126: 0 | AQ126: 0 | AR126: 0 | AS126: 0 | AT126: 0 | AU126: 0 | AV126: 0 | AW126: 0 | AX126: 0 | AY126: 0 | AZ126: 0 | BA126: 0 | BB126: 0 | BC126: 0 | BD126: 0 | BE126: 0 | BF126: 0 | BG126: 0 | BH126: 0 | BI126: 0 | BJ126: 0 | BK126: 0 | BL126: 0 | BM126: 0 | BN126: 0 | BO126: 0 | BP126: 0 | BQ126: 0 | BR126: 0 | BS126: 0 | BT126: 0 | BU126: 0 | BV126: 0 | BW126: 0 | BX126: 0 | BY126: 0 | BZ126: 0 | CA126: 0 | CB126: 0 | CC126: 0 | CD126: 0 | CE126: 0 | CF126: 0 | CG126: 0 | CI126: 0 | CJ126: 0 | CK126: 0 | CL126: 0 | CM126: 0 | CO126: 0 | CP126: 0 | CQ126: 0 | CS126: 0
A128: %,LORG_PR,UPOSTED_TOTAL_AMT,FACCOUNT,TACCOUNT_ROLLUP,NEXPENDITURE | C128: Requisitions | D128: 0 | E128: 0 | F128: 0 | G128: 0 | H128: 0 | J128: 0 | K128: 0 | L128: 0 | N128: 0 | P128: 0 | Q128: 0 | T128: 0 | U128: 0 | V128: 0 | W128: 0 | X128: 0 | Y128: 0 | Z128: 0 | AA128: 0 | AB128: 0 | AC128: 0 | AD128: 0 | AE128: 0 | AF128: 0 | AG128: 0 | AH128: 0 | AI128: 0 | AJ128: 0 | AK128: 0 | AL128: 0 | AM128: 0 | AN128: 0 | AO128: 0 | AP128: 0 | AQ128: 0 | AR128: 0 | AS128: 0 | AT128: 0 | AU128: 0 | AV128: 0 | AW128: 0 | AX128: 0 | AY128: 0 | AZ128: 0 | BA128: 0 | BB128: 0 | BC128: 0 | BD128: 0 | BE128: 0 | BF128: 0 | BG128: 0 | BH128: 0 | BI128: 0 | BJ128: 0 | BK128: 0 | BL128: 0 | BM128: 0 | BN128: 0 | BO128: 0 | BP128: 0 | BQ128: 0 | BR128: 0 | BS128: 0 | BT128: 0 | BU128: 0 | BV128: 0 | BW128: 0 | BX128: 0 | BY128: 0 | BZ128: 0 | CA128: 0 | CB128: 0 | CC128: 0 | CD128: 0 | CE128: 0 | CF128: 0 | CG128: 0 | CI128: 0 | CJ128: 0 | CK128: 0 | CL128: 0 | CM128: 0 | CO128: 0 | CP128: 0 | CQ128: 0 | CS128: 0
C130: TABOR (school enters amount) | CG130: =(R35-R17-CM32)*3% -> 190895.11
C132: Adjusted Carryforward | H132: =H124-H126-H128-H130 -> 2880283.3 | L132: =L124-L126-L128-L130 -> 6747.35 | N132: =N124-N126-N128-N130 -> 2887030.6 | CM132: =CM124-CM126-CM128-CM130 -> 3121650.2 | CQ132: =CQ124-CQ126-CQ128-CQ130 -> 747652.38 | CS132: =CS124-CS126-CS128-CS130 -> 3869302.6
R133: PROJECTIONS
R135: Less Carry Forward | CM135: =-CM11 -> -2098466.2
R136: Less Deposits for 19-20 | CM136: =-CM27 -> -18405
R137: Projected Revenue | CM137: =+PROJECTIONS!CT35 -> 50012.42
R138: Projected Salaries/Benefits | CM138: =-(PROJECTIONS!CT66-PROJECTIONS!DA66) -> -417583.04
...

Sheet PROJECTIONS
B1: %,AFF,FACCOUNT | C1: %,AFT,FDESCR | D1: %,VCA020 | E1: %,VCC020 | F1: %,VGF020 | G1: %,VGS020 | H1: %,LACTUALS,SALLYEAR-1,FFUND_CODE,X,VCA020,VFS020,VGF020,VGS020,VIR020,VCC020 | J1: %,VCR020 | K1: %,VDS020 | L1: %,LACTUALS,SALLYEAR-1,FFUND_CODE,X,VCR020,VDS020 | N1: %,LACTUALS,SALLYEAR-1 | P1: %,LREVEST_BD,UPOSTED_TOTAL_AMT,SADJBAL,FACCOUNT,TACCOUNT_ROLLUP,NREVENUE | Q1: %,LORG_BD,UPOSTED_TOTAL_AMT,SADJBAL,R,FACCOUNT,TACCOUNT_ROLLUP,XDYYNYN00,NTRANSFERS | R1: %,C | T1: %,V512100 | U1: %,V513100 | V1: %,V521100 | W1: %,V521900 | X1: %,V522100 | Y1: %,V522200 | Z1: %,V524200 | AA1: %,V526200 | AB1: %,V529200 | AC1: %,V529400 | AD1: %,V529500 | AE1: %,V529600 | AF1: %,V529800 | AG1: %,V552100 | AH1: %,V557100 | AI1: %,V557600 | AJ1: %,V591100 | AK1: %,V599400 | AL1: %,V599810 | AM1: %,V599820 | AN1: %,V599830 | AO1: %,V699000 | AP1: %,V701000 | AQ1: %,V702000 | AR1: %,V708000 | AS1: %,V710000 | AT1: %,V713000 | AU1: %,V715000 | AV1: %,V721000 | AW1: %,V723000 | AX1: %,V731000 | AY1: %,V743000 | AZ1: %,V745000 | BA1: %,V745500 | BB1: %,V746000 | BC1: %,V752000 | BD1: %,V761000 | BE1: %,V764000 | BF1: %,V765000 | BG1: %,V766000 | BH1: %,V768000 | BI1: %,V769000 | BJ1: %,V770000 | BK1: %,V770800 | BL1: %,V781000 | BM1: %,V781500 | BN1: %,V804000 | BO1: %,V805000 | BP1: %,V806000 | BQ1: %,V810000 | BR1: %,V810001 | BS1: %,V812000 | BT1: %,V814000 | BU1: %,V820000 | BV1: %,V820001 | BW1: %,V822000 | BX1: %,V823000 | BY1: %,V824000 | BZ1: %,V826000 | CA1: %,V840000 | CB1: %,V870000 | CC1: %,V885000 | CD1: %,V889000 | CE1: %,V930000 | CF1: %,V950000 | CG1: %,LORG_BD,UPOSTED_TOTAL_AMT,SADJBAL,R,FACCOUNT,TACCOUNT_ROLLUP,XDYYNYN00,NEXPENDITURE | CI1: %,VCA020 | CJ1: %,VCC020 | CK1: %,VGF020 | CL1: %,VGS020 | CM1: %,LACTUALS,SYTD,FFUND_CODE,X,VCA020,VFS020,VGF020,VGS020,VIR020,VCC020 | CO1: %,VCR020 | CP1: %,VDS020 | CQ1: %,LACTUALS,SYTD,FFUND_CODE,X,VCR020,VDS020 | CS1: %,LACTUALS,SYTD | CT1: %,C | CU1: %,C
B2: Jefferson County Public Schools | CY2: 558OPC
B3: Charter Schools
B4: Lincoln Academy Charter School | CY4: 43646
B5: ="Report ID: "&CY2 -> Report ID: 558OPC | CX5: 55800
B6: For Accounting Period: | CX6: Lincoln Academy Charter School
B7: 43646
A8: %,ATF,FFUND_CODE | B8: Account | D8: CA020 | E8: CC020 | F8: GF020 | G8: GS020 | H8: Prior Year | J8: CR020 | K8: DS020 | L8: Prior Year | N8: Prior Year | CI8: CA020 | CJ8: CC020 | CK8: GF020 | CL8: GS020 | CM8: Current Year | CO8: CR020 | CP8: DS020 | CQ8: Current Year | CS8: Current Year
A9: %,ATF,FDESCR | B9: Number | C9: Description | D9: Charter School Campus Activity | E9: Charter School Child Care Fund | F9: Charter School General Fund | G9: Charter School Grant Fund | H9: Operational Funds | J9: Charter School Capital Reserve | K9: Charter School Debt Service | L9: Capital Funds | N9: Total | R9: Estimated Revenue | T9: Principal | U9: Assistant Principal | V9: Teacher | W9: Substitute Teacher | X9: Counselor | Y9: Teacher Librarian | Z9: Coordinator - Classified | AA9: Instructional Coach | AB9: Occupational Therapist | AC9: Nurse | AD9: Psychologist | AE9: Social Worker | AF9: Speech Therapist | AG9: School Secretary | AH9: Paraprofessional | AI9: Clinic Aides | AJ9: Custodian | AK9: Unused Sick Leave | AL9: Additional Pay - Certificated | AM9: Additional Pay-Classified | AN9: Additional Pay-Administrative | AO9: Employee Benefits | AP9: Mileage And Travel | AQ9: Employee Training & Conf | AR9: Employee Background Verificatn | AS9: Meals/Refreshments | AT9: Student Transportation | AU9: Student Admission/Entry Fees | AV9: Legal Fees | AW9: Printing | AX9: Contracted Services | AY9: Equipment Rental | AZ9: Contract Maint/Eq Repair | BA9: Technology Services | BB9: Const Maint/Repair-Bldg | BC9: Marketing - Advertising | BD9: Natural Gas | BE9: Electricity | BF9: Voice Communication Line | BG9: Water & Sanitation | BH9: Postage | BI9: Permits/Licenses/Fees | BJ9: Risk Management Charges | BK9: Unemployment Comp Insur | BL9: Lease Purch-Other-Principal | BM9: Lease Purch-Other-Interest | BN9: Fund Raising | BO9: Materials/Supplies-Other | BP9: Materials/Supplies Resale | BQ9: Office Material/Supplies | BR9: Office Equipment - Under $5K | BS9: Clinic Supplies/Materials | BT9: Custodial Supplies | BU9: Instructional Material/Supply | BV9: Instructional Equip-Under $5K | BW9: Textbooks | BX9: Copier Usage | BY9: Testing Materials | BZ9: Graduation Materials | CA9: Maint Materials/Supplies | CB9: Library Materials | CC9: Miscellaneous Expense | CD9: Consumable Supplies | CE9: Building Improvements | CF9: Transfers | CG9: Budget | CI9: Charter School Campus Activity | CJ9: Charter School Child Care Fund | CK9: Charter School General Fund | CL9: Charter School Grant Fund | CM9: Operational Funds | CO9: Charter School Capital Reserve | CP9: Charter School Debt Service | CQ9: Capital Funds | CS9: Total | CT9: Variance | CU9: Percent Spent
C11: Prior Year Carryforward | H11: 2645403.7 | N11: 2645403.7 | CI11: 62657.49 | CJ11: 105530.51 | CK11: 1930278.2 | CL11: 0 | CM11: 2098466.2 | CO11: 0 | CP11: 788564.45 | CQ11: 788564.45 | CS11: 2887030.6
A13: %,V401000 | B13: 401000 | C13: Commissions/Profits | D13: 2523.56 | E13: 0 | F13: 13189.65 | G13: 0 | H13: 15713.21 | J13: 0 | K13: 0 | L13: 0 | N13: 15713.21 | P13: -18000 | Q13: 0 | R13: =-1*(P13+Q13) -> 18000 | T13: 0 | U13: 0 | V13: 0 | W13: 0 | X13: 0 | Y13: 0 | Z13: 0 | AA13: 0 | AB13: 0 | AC13: 0 | AD13: 0 | AE13: 0 | AF13: 0 | AG13: 0 | AH13: 0 | AI13: 0 | AJ13: 0 | AK13: 0 | AL13: 0 | AM13: 0 | AN13: 0 | AO13: 0 | AP13: 0 | AQ13: 0 | AR13: 0 | AS13: 0 | AT13: 0 | AU13: 0 | AV13: 0 | AW13: 0 | AX13: 0 | AY13: 0 | AZ13: 0 | BA13: 0 | BB13: 0 | BC13: 0 | BD13: 0 | BE13: 0 | BF13: 0 | BG13: 0 | BH13: 0 | BI13: 0 | BJ13: 0 | BK13: 0 | BL13: 0 | BM13: 0 | BN13: 0 | BO13: 0 | BP13: 0 | BQ13: 0 | BR13: 0 | BS13: 0 | BT13: 0 | BU13: 0 | BV13: 0 | BW13: 0 | BX13: 0 | BY13: 0 | BZ13: 0 | CA13: 0 | CB13: 0 | CC13: 0 | CD13: 0 | CE13: 0 | CF13: 0 | CG13: 0 | CI13: 576.19 | CJ13: 0 | CK13: 7834.03 | CL13: 0 | CM13: 8410.22 | CO13: 0 | CP13: 0 | CQ13: 0 | CS13: 8410.22 | CT13: 0 | CU13: =IF(R13=0,"n/a",CS13/(R13)) -> 0.46723444 | DA13: DOWN 44% RED ROCKS COMMISSION LESS THAN CHAMPIONS
A14: %,V401400 | B14: 401400 | C14: Ticket Sales | D14: 1372 | E14: 0 | F14: 0 | G14: 0 | H14: 1372 | J14: 0 | K14: 0 | L14: 0 | N14: 1372 | P14: -1250 | Q14: 0 | R14: =-1*(P14+Q14) -> 1250 | T14: 0 | U14: 0 | V14: 0 | W14: 0 | X14: 0 | Y14: 0 | Z14: 0 | AA14: 0 | AB14: 0 | AC14: 0 | AD14: 0 | AE14: 0 | AF14: 0 | AG14: 0 | AH14: 0 | AI14: 0 | AJ14: 0 | AK14: 0 | AL14: 0 | AM14: 0 | AN14: 0 | AO14: 0 | AP14: 0 | AQ14: 0 | AR14: 0 | AS14: 0 | AT14: 0 | AU14: 0 | AV14: 0 | AW14: 0 | AX14: 0 | AY14: 0 | AZ14: 0 | BA14: 0 | BB14: 0 | BC14: 0 | BD14: 0 | BE14: 0 | BF14: 0 | BG14: 0 | BH14: 0 | BI14: 0 | BJ14: 0 | BK14: 0 | BL14: 0 | BM14: 0 | BN14: 0 | BO14: 0 | BP14: 0 | BQ14: 0 | BR14: 0 | BS14: 0 | BT14: 0 | BU14: 0 | BV14: 0 | BW14: 0 | BX14: 0 | BY14: 0 | BZ14: 0 | CA14: 0 | CB14: 0 | CC14: 0 | CD14: 0 | CE14: 0 | CF14: 0 | CG14: 0 | CI14: 1415 | CJ14: 0 | CK14: 0 | CL14: 0 | CM14: 1415 | CO14: 0 | CP14: 0 | CQ14: 0 | CS14: 1415 | CT14: 0 | CU14: =IF(R14=0,"n/a",CS14/(R14)) -> 1.132
A15: %,V408000 | B15: 408000 | C15: Resale | D15: 17863.84 | E15: 0 | F15: 0 | G15: 0 | H15: 17863.84 | J15: 0 | K15: 0 | L15: 0 | N15: 17863.84 | P15: -18797 | Q15: 0 | R15: =-1*(P15+Q15) -> 18797 | T15: 0 | U15: 0 | V15: 0 | W15: 0 | X15: 0 | Y15: 0 | Z15: 0 | AA15: 0 | AB15: 0 | AC15: 0 | AD15: 0 | AE15: 0 | AF15: 0 | AG15: 0 | AH15: 0 | AI15: 0 | AJ15: 0 | AK15: 0 | AL15: 0 | AM15: 0 | AN15: 0 | AO15: 0 | AP15: 0 | AQ15: 0 | AR15: 0 | AS15: 0 | AT15: 0 | AU15: 0 | AV15: 0 | AW15: 0 | AX15: 0 | AY15: 0 | AZ15: 0 | BA15: 0 | BB15: 0 | BC15: 0 | BD15: 0 | BE15: 0 | BF15: 0 | BG15: 0 | BH15: 0 | BI15: 0 | BJ15: 0 | BK15: 0 | BL15: 0 | BM15: 0 | BN15: 0 | BO15: 0 | BP15: 0 | BQ15: 0 | BR15: 0 | BS15: 0 | BT15: 0 | BU15: 0 | BV15: 0 | BW15: 0 | BX15: 0 | BY15: 0 | BZ15: 0 | CA15: 0 | CB15: 0 | CC15: 0 | CD15: 0 | CE15: 0 | CF15: 0 | CG15: 0 | CI15: 12002.43 | CJ15: 0 | CK15: 2575 | CL15: 0 | CM15: 14577.43 | CO15: 0 | CP15: 0 | CQ15: 0 | CS15: 14577.43 | CT15: 0 | CU15: =IF(R15=0,"n/a",CS15/(R15)) -> 0.77551897
A16: %,V409000 | B16: 409000 | C16: Sales-Fund Raising | D16: 8892.85 | E16: 200 | F16: 2096.02 | G16: 0 | H16: 11188.87 | J16: 0 | K16: 0 | L16: 0 | N16: 11188.87 | P16: -8680 | Q16: 0 | R16: =-1*(P16+Q16) -> 8680 | T16: 0 | U16: 0 | V16: 0 | W16: 0 | X16: 0 | Y16: 0 | Z16: 0 | AA16: 0 | AB16: 0 | AC16: 0 | AD16: 0 | AE16: 0 | AF16: 0 | AG16: 0 | AH16: 0 | AI16: 0 | AJ16: 0 | AK16: 0 | AL16: 0 | AM16: 0 | AN16: 0 | AO16: 0 | AP16: 0 | AQ16: 0 | AR16: 0 | AS16: 0 | AT16: 0 | AU16: 0 | AV16: 0 | AW16: 0 | AX16: 0 | AY16: 0 | AZ16: 0 | BA16: 0 | BB16: 0 | BC16: 0 | BD16: 0 | BE16: 0 | BF16: 0 | BG16: 0 | BH16: 0 | BI16: 0 | BJ16: 0 | BK16: 0 | BL16: 0 | BM16: 0 | BN16: 0 | BO16: 0 | BP16: 0 | BQ16: 0 | BR16: 0 | BS16: 0 | BT16: 0 | BU16: 0 | BV16: 0 | BW16: 0 | BX16: 0 | BY16: 0 | BZ16: 0 | CA16: 0 | CB16: 0 | CC16: 0 | CD16: 0 | CE16: 0 | CF16: 0 | CG16: 0 | CI16: 9974.85 | CJ16: 300 | CK16: 2197.32 | CL16: 0 | CM16: 12472.17 | CO16: 0 | CP16: 0 | CQ16: 0 | CS16: 12472.17 | CT16: 0 | CU16: =IF(R16=0,"n/a",CS16/(R16)) -> 1.4368859
A17: %,V411000 | B17: 411000 | C17: Prop Tax-Mill Levy Override | D17: 0 | E17: 0 | F17: 961827.16 | G17: 0 | H17: 961827.16 | J17: 0 | K17: 0 | L17: 0 | N17: 961827.16 | P17: -1260252 | Q17: 0 | R17: =-1*(P17+Q17) -> 1260252 | T17: 0 | U17: 0 | V17: 0 | W17: 0 | X17: 0 | Y17: 0 | Z17: 0 | AA17: 0 | AB17: 0 | AC17: 0 | AD17: 0 | AE17: 0 | AF17: 0 | AG17: 0 | AH17: 0 | AI17: 0 | AJ17: 0 | AK17: 0 | AL17: 0 | AM17: 0 | AN17: 0 | AO17: 0 | AP17: 0 | AQ17: 0 | AR17: 0 | AS17: 0 | AT17: 0 | AU17: 0 | AV17: 0 | AW17: 0 | AX17: 0 | AY17: 0 | AZ17: 0 | BA17: 0 | BB17: 0 | BC17: 0 | BD17: 0 | BE17: 0 | BF17: 0 | BG17: 0 | BH17: 0 | BI17: 0 | BJ17: 0 | BK17: 0 | BL17: 0 | BM17: 0 | BN17: 0 | BO17: 0 | BP17: 0 | BQ17: 0 | BR17: 0 | BS17: 0 | BT17: 0 | BU17: 0 | BV17: 0 | BW17: 0 | BX17: 0 | BY17: 0 | BZ17: 0 | CA17: 0 | CB17: 0 | CC17: 0 | CD17: 0 | CE17: 0 | CF17: 0 | CG17: 0 | CI17: 0 | CJ17: 0 | CK17: 1260251.5 | CL17: 0 | CM17: 1260251.5 | CO17: 0 | CP17: 0 | CQ17: 0 | CS17: 1260251.5 | CT17: 0 | CU17: =IF(R17=0,"n/a",CS17/(R17)) -> 0.9999996
A18: %,V415000 | B18: 415000 | C18: Earnings On Investments | D18: 0 | E18: 0 | F18: 0 | G18: 0 | H18: 0 | J18: 0 | K18: 5917.4 | L18: 5917.4 | N18: 5917.4 | P18: -3800 | Q18: 0 | R18: =-1*(P18+Q18) -> 3800 | T18: 0 | U18: 0 | V18: 0 | W18: 0 | X18: 0 | Y18: 0 | Z18: 0 | AA18: 0 | AB18: 0 | AC18: 0 | AD18: 0 | AE18: 0 | AF18: 0 | AG18: 0 | AH18: 0 | AI18: 0 | AJ18: 0 | AK18: 0 | AL18: 0 | AM18: 0 | AN18: 0 | AO18: 0 | AP18: 0 | AQ18: 0 | AR18: 0 | AS18: 0 | AT18: 0 | AU18: 0 | AV18: 0 | AW18: 0 | AX18: 0 | AY18: 0 | AZ18: 0 | BA18: 0 | BB18: 0 | BC18: 0 | BD18: 0 | BE18: 0 | BF18: 0 | BG18: 0 | BH18: 0 | BI18: 0 | BJ18: 0 | BK18: 0 | BL18: 0 | BM18: 0 | BN18: 0 | BO18: 0 | BP18: 0 | BQ18: 0 | BR18: 0 | BS18: 0 | BT18: 0 | BU18: 0 | BV18: 0 | BW18: 0 | BX18: 0 | BY18: 0 | BZ18: 0 | CA18: 0 | CB18: 0 | CC18: 0 | CD18: 0 | CE18: 0 | CF18: 0 | CG18: 0 | CI18: 0 | CJ18: 0 | CK18: 0 | CL18: 0 | CM18: 0 | CO18: 0 | CP18: 12516.24 | CQ18: 12516.24 | CS18: 12516.24 | CT18: 1050 | CU18: =IF(R18=0,"n/a",CS18/(R18)) -> 3.2937474
A19: %,V419000 | B19: 419000 | C19: Other Revenue | D19: 160 | E19: 0 | F19: 29992.21 | G19: 300 | H19: 30452.21 | J19: 0 | K19: 0 | L19: 0 | N19: 30452.21 | P19: -31815 | Q19: 0 | R19: =-1*(P19+Q19) -> 31815 | T19: 0 | U19: 0 | V19: 0 | W19: 0 | X19: 0 | Y19: 0 | Z19: 0 | AA19: 0 | AB19: 0 | AC19: 0 | AD19: 0 | AE19: 0 | AF19: 0 | AG19: 0 | AH19: 0 | AI19: 0 | AJ19: 0 | AK19: 0 | AL19: 0 | AM19: 0 | AN19: 0 | AO19: 0 | AP19: 0 | AQ19: 0 | AR19: 0 | AS19: 0 | AT19: 0 | AU19: 0 | AV19: 0 | AW19: 0 | AX19: 0 | AY19: 0 | AZ19: 0 | BA19: 0 | BB19: 0 | BC19: 0 | BD19: 0 | BE19: 0 | BF19: 0 | BG19: 0 | BH19: 0 | BI19: 0 | BJ19: 0 | BK19: 0 | BL19: 0 | BM19: 0 | BN19: 0 | BO19: 0 | BP19: 0 | BQ19: 0 | BR19: 0 | BS19: 0 | BT19: 0 | BU19: 0 | BV19: 0 | BW19: 0 | BX19: 0 | BY19: 0 | BZ19: 0 | CA19: 0 | CB19: 0 | CC19: 0 | CD19: 0 | CE19: 0 | CF19: 0 | CG19: 0 | CI19: 0 | CJ19: 0 | CK19: 1409.36 | CL19: 0 | CM19: 1409.36 | CO19: 0 | CP19: 0 | CQ19: 0 | CS19: 1409.36 | CT19: 0 | CU19: =IF(R19=0,"n/a",CS19/(R19)) -> 0.044298601 | DA19: 17-18 INSURANCE PAYMENT OF $29,000 WAS CARRIED INTO 18-19 IN ERROR
A20: %,V433000 | B20: 433000 | C20: State Revenue - Other | D20: 0 | E20: 0 | F20: 1657.17 | G20: 0 | H20: 1657.17 | J20: 182038.08 | K20: 0 | L20: 182038.08 | N20: 183695.25 | P20: -204978 | Q20: 0 | R20: 212266.4 | T20: 0 | U20: 0 | V20: 0 | W20: 0 | X20: 0 | Y20: 0 | Z20: 0 | AA20: 0 | AB20: 0 | AC20: 0 | AD20: 0 | AE20: 0 | AF20: 0 | AG20: 0 | AH20: 0 | AI20: 0 | AJ20: 0 | AK20: 0 | AL20: 0 | AM20: 0 | AN20: 0 | AO20: 0 | AP20: 0 | AQ20: 0 | AR20: 0 | AS20: 0 | AT20: 0 | AU20: 0 | AV20: 0 | AW20: 0 | AX20: 0 | AY20: 0 | AZ20: 0 | BA20: 0 | BB20: 0 | BC20: 0 | BD20: 0 | BE20: 0 | BF20: 0 | BG20: 0 | BH20: 0 | BI20: 0 | BJ20: 0 | BK20: 0 | BL20: 0 | BM20: 0 | BN20: 0 | BO20: 0 | BP20: 0 | BQ20: 0 | BR20: 0 | BS20: 0 | BT20: 0 | BU20: 0 | BV20: 0 | BW20: 0 | BX20: 0 | BY20: 0 | BZ20: 0 | CA20: 0 | CB20: 0 | CC20: 0 | CD20: 0 | CE20: 0 | CF20: 0 | CG20: 0 | CI20: 0 | CJ20: 0 | CK20: 1622.77 | CL20: 0 | CM20: 1622.77 | CO20: 158266.17 | CP20: 0 | CQ20: 158266.17 | CS20: 159888.94 | CT20: =R20-CS20 -> 52377.46 | CU20: =IF(R20=0,"n/a",CS20/(R20)) -> 0.75324658 | DA20: CAP CONSTRUCTION RESTORED BACK TO $299.87 PER FTE
A21: %,V434000 | B21: 434000 | C21: Exceptional Children Revenue | D21: 0 | E21: 0 | F21: 80991 | G21: 0 | H21: 80991 | J21: 0 | K21: 0 | L21: 0 | N21: 80991 | P21: -81270 | Q21: 0 | R21: =-1*(P21+Q21) -> 81270 | T21: 0 | U21: 0 | V21: 0 | W21: 0 | X21: 0 | Y21: 0 | Z21: 0 | AA21: 0 | AB21: 0 | AC21: 0 | AD21: 0 | AE21: 0 | AF21: 0 | AG21: 0 | AH21: 0 | AI21: 0 | AJ21: 0 | AK21: 0 | AL21: 0 | AM21: 0 | AN21: 0 | AO21: 0 | AP21: 0 | AQ21: 0 | AR21: 0 | AS21: 0 | AT21: 0 | AU21: 0 | AV21: 0 | AW21: 0 | AX21: 0 | AY21: 0 | AZ21: 0 | BA21: 0 | BB21: 0 | BC21: 0 | BD21: 0 | BE21: 0 | BF21: 0 | BG21: 0 | BH21: 0 | BI21: 0 | BJ21: 0 | BK21: 0 | BL21: 0 | BM21: 0 | BN21: 0 | BO21: 0 | BP21: 0 | BQ21: 0 | BR21: 0 | BS21: 0 | BT21: 0 | BU21: 0 | BV21: 0 | BW21: 0 | BX21: 0 | BY21: 0 | BZ21: 0 | CA21: 0 | CB21: 0 | CC21: 0 | CD21: 0 | CE21: 0 | CF21: 0 | CG21: 0 | CI21: 0 | CJ21: 0 | CK21: 81270 | CL21: 0 | CM21: 81270 | CO21: 0 | CP21: 0 | CQ21: 0 | CS21: 81270 | CT21: =R21-CS21 -> 0 | CU21: =IF(R21=0,"n/a",CS21/(R21)) -> 1
A22: %,V438000 | B22: 438000 | C22: State ELPA Revenue | D22: 0 | E22: 0 | F22: 11826.86 | G22: 0 | H22: 11826.86 | J22: 0 | K22: 0 | L22: 0 | N22: 11826.86 | P22: -12203 | Q22: 0 | R22: =-1*(P22+Q22) -> 12203 | T22: 0 | U22: 0 | V22: 0 | W22: 0 | X22: 0 | Y22: 0 | Z22: 0 | AA22: 0 | AB22: 0 | AC22: 0 | AD22: 0 | AE22: 0 | AF22: 0 | AG22: 0 | AH22: 0 | AI22: 0 | AJ22: 0 | AK22: 0 | AL22: 0 | AM22: 0 | AN22: 0 | AO22: 0 | AP22: 0 | AQ22: 0 | AR22: 0 | AS22: 0 | AT22: 0 | AU22: 0 | AV22: 0 | AW22: 0 | AX22: 0 | AY22: 0 | AZ22: 0 | BA22: 0 | BB22: 0 | BC22: 0 | BD22: 0 | BE22: 0 | BF22: 0 | BG22: 0 | BH22: 0 | BI22: 0 | BJ22: 0 | BK22: 0 | BL22: 0 | BM22: 0 | BN22: 0 | BO22: 0 | BP22: 0 | BQ22: 0 | BR22: 0 | BS22: 0 | BT22: 0 | BU22: 0 | BV22: 0 | BW22: 0 | BX22: 0 | BY22: 0 | BZ22: 0 | CA22: 0 | CB22: 0 | CC22: 0 | CD22: 0 | CE22: 0 | CF22: 0 | CG22: 0 | CI22: 0 | CJ22: 0 | CK22: 12203.35 | CL22: 0 | CM22: 12203.35 | CO22: 0 | CP22: 0 | CQ22: 0 | CS22: 12203.35 | CT22: 0 | CU22: =IF(R22=0,"n/a",CS22/(R22)) -> 1.0000287
A23: %,V450000 | B23: 450000 | C23: Funding PPR | D23: 0 | E23: 0 | F23: 5159406.1 | G23: 0 | H23: 5159406.1 | J23: 0 | K23: 465569.95 | L23: 465569.95 | N23: 5159406.1 | P23: -5580722 | Q23: 0 | R23: 5573893.7 | T23: 0 | U23: 0 | V23: 0 | W23: 0 | X23: 0 | Y23: 0 | Z23: 0 | AA23: 0 | AB23: 0 | AC23: 0 | AD23: 0 | AE23: 0 | AF23: 0 | AG23: 0 | AH23: 0 | AI23: 0 | AJ23: 0 | AK23: 0 | AL23: 0 | AM23: 0 | AN23: 0 | AO23: 0 | AP23: 0 | AQ23: 0 | AR23: 0 | AS23: 0 | AT23: 0 | AU23: 0 | AV23: 0 | AW23: 0 | AX23: 0 | AY23: 0 | AZ23: 0 | BA23: 0 | BB23: 0 | BC23: 0 | BD23: 0 | BE23: 0 | BF23: 0 | BG23: 0 | BH23: 0 | BI23: 0 | BJ23: 0 | BK23: 0 | BL23: 0 | BM23: 0 | BN23: 0 | BO23: 0 | BP23: 0 | BQ23: 0 | BR23: 0 | BS23: 0 | BT23: 0 | BU23: 0 | BV23: 0 | BW23: 0 | BX23: 0 | BY23: 0 | BZ23: 0 | CA23: 0 | CB23: 0 | CC23: 0 | CD23: 0 | CE23: 0 | CF23: 0 | CG23: 0 | CI23: 0 | CJ23: 0 | CK23: 5573893.7 | CL23: 0 | CM23: 5573893.7 | CO23: 0 | CP23: 0 | CQ23: 0 | CS23: 5573893.7 | CT23: =R23-CS23 -> 0 | CU23: =IF(R23=0,"n/a",CS23/(R23)) -> 1 | DA23: DROP IN PPR OF $9.72 PER FTE
B24: 450000 | C24: Transfers Bond | N24: 465569.95 | R24: 467155.04 | CG24: 0 | CI24: 0 | CJ24: 0 | CK24: 0 | CL24: 0 | CM24: 0 | CO24: 0 | CP24: 463492.11 | CQ24: 463492.11 | CS24: 463492.11 | CT24: =R24-CS24 -> 3662.93 | CU24: =IF(R24=0,"n/a",CS24/(R24)) -> 0.99215907
A25: %,V451000 | B25: 451000 | C25: Fees/Dues | D25: 0 | E25: 0 | F25: 70746.78 | G25: 0 | H25: 70746.78 | J25: 0 | K25: 0 | L25: 0 | N25: 70746.78 | P25: -54800 | Q25: 0 | R25: =-1*(P25+Q25) -> 54800 | T25: 0 | U25: 0 | V25: 0 | W25: 0 | X25: 0 | Y25: 0 | Z25: 0 | AA25: 0 | AB25: 0 | AC25: 0 | AD25: 0 | AE25: 0 | AF25: 0 | AG25: 0 | AH25: 0 | AI25: 0 | AJ25: 0 | AK25: 0 | AL25: 0 | AM25: 0 | AN25: 0 | AO25: 0 | AP25: 0 | AQ25: 0 | AR25: 0 | AS25: 0 | AT25: 0 | AU25: 0 | AV25: 0 | AW25: 0 | AX25: 0 | AY25: 0 | AZ25: 0 | BA25: 0 | BB25: 0 | BC25: 0 | BD25: 0 | BE25: 0 | BF25: 0 | BG25: 0 | BH25: 0 | BI25: 0 | BJ25: 0 | BK25: 0 | BL25: 0 | BM25: 0 | BN25: 0 | BO25: 0 | BP25: 0 | BQ25: 0 | BR25: 0 | BS25: 0 | BT25: 0 | BU25: 0 | BV25: 0 | BW25: 0 | BX25: 0 | BY25: 0 | BZ25: 0 | CA25: 0 | CB25: 0 | CC25: 0 | CD25: 0 | CE25: 0 | CF25: 0 | CG25: 0 | CI25: 0 | CJ25: 0 | CK25: 61007.95 | CL25: 0 | CM25: 61007.95 | CO25: 0 | CP25: 0 | CQ25: 0 | CS25: 61007.95 | CT25: 0 | CU25: =IF(R25=0,"n/a",CS25/(R25)) -> 1.1132838
A26: %,V455000 | B26: 455000 | C26: Tuition from Individuals | D26: 0 | E26: 120941.9 | F26: 0 | G26: 0 | H26: 120941.9 | J26: 0 | K26: 0 | L26: 0 | N26: 120941.9 | P26: -145000 | Q26: 0 | R26: =-1*(P26+Q26) -> 145000 | T26: 0 | U26: 0 | V26: 0 | W26: 0 | X26: 0 | Y26: 0 | Z26: 0 | AA26: 0 | AB26: 0 | AC26: 0 | AD26: 0 | AE26: 0 | AF26: 0 | AG26: 0 | AH26: 0 | AI26: 0 | AJ26: 0 | AK26: 0 | AL26: 0 | AM26: 0 | AN26: 0 | AO26: 0 | AP26: 0 | AQ26: 0 | AR26: 0 | AS26: 0 | AT26: 0 | AU26: 0 | AV26: 0 | AW26: 0 | AX26: 0 | AY26: 0 | AZ26: 0 | BA26: 0 | BB26: 0 | BC26: 0 | BD26: 0 | BE26: 0 | BF26: 0 | BG26: 0 | BH26: 0 | BI26: 0 | BJ26: 0 | BK26: 0 | BL26: 0 | BM26: 0 | BN26: 0 | BO26: 0 | BP26: 0 | BQ26: 0 | BR26: 0 | BS26: 0 | BT26: 0 | BU26: 0 | BV26: 0 | BW26: 0 | BX26: 0 | BY26: 0 | BZ26: 0 | CA26: 0 | CB26: 0 | CC26: 0 | CD26: 0 | CE26: 0 | CF26: 0 | CG26: 0 | CI26: 0 | CJ26: 143609.8 | CK26: 0 | CL26: 0 | CM26: 143609.8 | CO26: 0 | CP26: 0 | CQ26: 0 | CS26: 143609.8 | CT26: 0 | CU26: =IF(R26=0,"n/a",CS26/(R26)) -> 0.99041241
B27: 455000 | C27: Tuition from Individuals Deposit for 19-20 | N27: 0 | R27: 0 | CG27: 0 | CI27: -350 | CJ27: 18755 | CK27: 0 | CL27: 0 | CM27: 18405 | CO27: 0 | CP27: 0 | CQ27: 0 | CS27: 18405 | CT27: 0 | CU27: =IF(R27=0,"n/a",CS27/(R27)) -> n/a
A28: %,V456000 | B28: 456000 | C28: Tuition-Extended Day Kdgn | D28: 0 | E28: 0 | F28: 123461 | G28: 0 | H28: 123461 | J28: 0 | K28: 0 | L28: 0 | N28: 123461 | P28: -125000 | Q28: 0 | R28: =-1*(P28+Q28) -> 125000 | T28: 0 | U28: 0 | V28: 0 | W28: 0 | X28: 0 | Y28: 0 | Z28: 0 | AA28: 0 | AB28: 0 | AC28: 0 | AD28: 0 | AE28: 0 | AF28: 0 | AG28: 0 | AH28: 0 | AI28: 0 | AJ28: 0 | AK28: 0 | AL28: 0 | AM28: 0 | AN28: 0 | AO28: 0 | AP28: 0 | AQ28: 0 | AR28: 0 | AS28: 0 | AT28: 0 | AU28: 0 | AV28: 0 | AW28: 0 | AX28: 0 | AY28: 0 | AZ28: 0 | BA28: 0 | BB28: 0 | BC28: 0 | BD28: 0 | BE28: 0 | BF28: 0 | BG28: 0 | BH28: 0 | BI28: 0 | BJ28: 0 | BK28: 0 | BL28: 0 | BM28: 0 | BN28: 0 | BO28: 0 | BP28: 0 | BQ28: 0 | BR28: 0 | BS28: 0 | BT28: 0 | BU28: 0 | BV28: 0 | BW28: 0 | BX28: 0 | BY28: 0 | BZ28: 0 | CA28: 0 | CB28: 0 | CC28: 0 | CD28: 0 | CE28: 0 | CF28: 0 | CG28: 0 | CI28: 0 | CJ28: 0 | CK28: 127275 | CL28: 0 | CM28: 127275 | CO28: 0 | CP28: 0 | CQ28: 0 | CS28: 127275 | CT28: 0 | CU28: =IF(R28=0,"n/a",CS28/(R28)) -> 1.0182
A29: %,V461000 | B29: 461000 | C29: Building Rental | D29: 0 | E29: 0 | F29: 13583.43 | G29: 0 | H29: 13583.43 | J29: 0 | K29: 0 | L29: 0 | N29: 13583.43 | P29: -18000 | Q29: 0 | R29: =-1*(P29+Q29) -> 18000 | T29: 0 | U29: 0 | V29: 0 | W29: 0 | X29: 0 | Y29: 0 | Z29: 0 | AA29: 0 | AB29: 0 | AC29: 0 | AD29: 0 | AE29: 0 | AF29: 0 | AG29: 0 | AH29: 0 | AI29: 0 | AJ29: 0 | AK29: 0 | AL29: 0 | AM29: 0 | AN29: 0 | AO29: 0 | AP29: 0 | AQ29: 0 | AR29: 0 | AS29: 0 | AT29: 0 | AU29: 0 | AV29: 0 | AW29: 0 | AX29: 0 | AY29: 0 | AZ29: 0 | BA29: 0 | BB29: 0 | BC29: 0 | BD29: 0 | BE29: 0 | BF29: 0 | BG29: 0 | BH29: 0 | BI29: 0 | BJ29: 0 | BK29: 0 | BL29: 0 | BM29: 0 | BN29: 0 | BO29: 0 | BP29: 0 | BQ29: 0 | BR29: 0 | BS29: 0 | BT29: 0 | BU29: 0 | BV29: 0 | BW29: 0 | BX29: 0 | BY29: 0 | BZ29: 0 | CA29: 0 | CB29: 0 | CC29: 0 | CD29: 0 | CE29: 0 | CF29: 0 | CG29: 0 | CI29: 50 | CJ29: 0 | CK29: 14586 | CL29: 0 | CM29: 14636 | CO29: 0 | CP29: 0 | CQ29: 0 | CS29: 14636 | CT29: 0 | CU29: =IF(R29=0,"n/a",CS29/(R29)) -> 0.81311111
A30: %,V474000 | B30: 474000 | C30: Transportation - Field Trips | D30: 47714.15 | E30: 407.85 | F30: 0 | G30: 0 | H30: 48122 | J30: 0 | K30: 0 | L30: 0 | N30: 48122 | P30: -48810 | Q30: 0 | R30: =-1*(P30+Q30) -> 48810 | T30: 0 | U30: 0 | V30: 0 | W30: 0 | X30: 0 | Y30: 0 | Z30: 0 | AA30: 0 | AB30: 0 | AC30: 0 | AD30: 0 | AE30: 0 | AF30: 0 | AG30: 0 | AH30: 0 | AI30: 0 | AJ30: 0 | AK30: 0 | AL30: 0 | AM30: 0 | AN30: 0 | AO30: 0 | AP30: 0 | AQ30: 0 | AR30: 0 | AS30: 0 | AT30: 0 | AU30: 0 | AV30: 0 | AW30: 0 | AX30: 0 | AY30: 0 | AZ30: 0 | BA30: 0 | BB30: 0 | BC30: 0 | BD30: 0 | BE30: 0 | BF30: 0 | BG30: 0 | BH30: 0 | BI30: 0 | BJ30: 0 | BK30: 0 | BL30: 0 | BM30: 0 | BN30: 0 | BO30: 0 | BP30: 0 | BQ30: 0 | BR30: 0 | BS30: 0 | BT30: 0 | BU30: 0 | BV30: 0 | BW30: 0 | BX30: 0 | BY30: 0 | BZ30: 0 | CA30: 0 | CB30: 0 | CC30: 0 | CD30: 0 | CE30: 0 | CF30: 0 | CG30: 0 | CI30: 49215 | CJ30: 0 | CK30: 0 | CL30: 0 | CM30: 49215 | CO30: 0 | CP30: 0 | CQ30: 0 | CS30: 49215 | CT30: 0 | CU30: =IF(R30=0,"n/a",CS30/(R30)) -> 1.0082975
A31: %,V482000 | B31: 482000 | C31: Activity Revenue | D31: 25411 | E31: 0 | F31: 0 | G31: 0 | H31: 25411 | J31: 0 | K31: 0 | L31: 0 | N31: 25411 | P31: -11500 | Q31: 0 | R31: =-1*(P31+Q31) -> 11500 | T31: 0 | U31: 0 | V31: 0 | W31: 0 | X31: 0 | Y31: 0 | Z31: 0 | AA31: 0 | AB31: 0 | AC31: 0 | AD31: 0 | AE31: 0 | AF31: 0 | AG31: 0 | AH31: 0 | AI31: 0 | AJ31: 0 | AK31: 0 | AL31: 0 | AM31: 0 | AN31: 0 | AO31: 0 | AP31: 0 | AQ31: 0 | AR31: 0 | AS31: 0 | AT31: 0 | AU31: 0 | AV31: 0 | AW31: 0 | AX31: 0 | AY31: 0 | AZ31: 0 | BA31: 0 | BB31: 0 | BC31: 0 | BD31: 0 | BE31: 0 | BF31: 0 | BG31: 0 | BH31: 0 | BI31: 0 | BJ31: 0 | BK31: 0 | BL31: 0 | BM31: 0 | BN31: 0 | BO31: 0 | BP31: 0 | BQ31: 0 | BR31: 0 | BS31: 0 | BT31: 0 | BU31: 0 | BV31: 0 | BW31: 0 | BX31: 0 | BY31: 0 | BZ31: 0 | CA31: 0 | CB31: 0 | CC31: 0 | CD31: 0 | CE31: 0 | CF31: 0 | CG31: 0 | CI31: 20953.25 | CJ31: 0 | CK31: 0 | CL31: 0 | CM31: 20953.25 | CO31: 0 | CP31: 0 | CQ31: 0 | CS31: 20953.25 | CT31: 0 | CU31: =IF(R31=0,"n/a",CS31/(R31)) -> 1.8220217
A32: %,V498000 | B32: 498000 | C32: Donations | D32: 0 | E32: 0 | F32: 1988.19 | G32: 0 | H32: 1988.19 | J32: 0 | K32: 0 | L32: 0 | N32: 1988.19 | P32: -6500 | Q32: 0 | R32: =-1*(P32+Q32) -> 6500 | T32: 0 | U32: 0 | V32: 0 | W32: 0 | X32: 0 | Y32: 0 | Z32: 0 | AA32: 0 | AB32: 0 | AC32: 0 | AD32: 0 | AE32: 0 | AF32: 0 | AG32: 0 | AH32: 0 | AI32: 0 | AJ32: 0 | AK32: 0 | AL32: 0 | AM32: 0 | AN32: 0 | AO32: 0 | AP32: 0 | AQ32: 0 | AR32: 0 | AS32: 0 | AT32: 0 | AU32: 0 | AV32: 0 | AW32: 0 | AX32: 0 | AY32: 0 | AZ32: 0 | BA32: 0 | BB32: 0 | BC32: 0 | BD32: 0 | BE32: 0 | BF32: 0 | BG32: 0 | BH32: 0 | BI32: 0 | BJ32: 0 | BK32: 0 | BL32: 0 | BM32: 0 | BN32: 0 | BO32: 0 | BP32: 0 | BQ32: 0 | BR32: 0 | BS32: 0 | BT32: 0 | BU32: 0 | BV32: 0 | BW32: 0 | BX32: 0 | BY32: 0 | BZ32: 0 | CA32: 0 | CB32: 0 | CC32: 0 | CD32: 0 | CE32: 0 | CF32: 0 | CG32: 0 | CI32: 0 | CJ32: 0 | CK32: 7355.69 | CL32: 1199 | CM32: 8554.69 | CO32: 0 | CP32: 0 | CQ32: 0 | CS32: 8554.69 | CT32: 0 | CU32: =IF(R32=0,"n/a",CS32/(R32)) -> 1.3161062
A33: %,V499000 | B33: 499000 | C33: Miscellaneous Revenue | D33: 0 | E33: 0 | F33: 0 | G33: 0 | H33: 0 | J33: 0 | K33: 0 | L33: 0 | N33: 0 | P33: -600 | Q33: 0 | R33: =-1*(P33+Q33) -> 600 | T33: 0 | U33: 0 | V33: 0 | W33: 0 | X33: 0 | Y33: 0 | Z33: 0 | AA33: 0 | AB33: 0 | AC33: 0 | AD33: 0 | AE33: 0 | AF33: 0 | AG33: 0 | AH33: 0 | AI33: 0 | AJ33: 0 | AK33: 0 | AL33: 0 | AM33: 0 | AN33: 0 | AO33: 0 | AP33: 0 | AQ33: 0 | AR33: 0 | AS33: 0 | AT33: 0 | AU33: 0 | AV33: 0 | AW33: 0 | AX33: 0 | AY33: 0 | AZ33: 0 | BA33: 0 | BB33: 0 | BC33: 0 | BD33: 0 | BE33: 0 | BF33: 0 | BG33: 0 | BH33: 0 | BI33: 0 | BJ33: 0 | BK33: 0 | BL33: 0 | BM33: 0 | BN33: 0 | BO33: 0 | BP33: 0 | BQ33: 0 | BR33: 0 | BS33: 0 | BT33: 0 | BU33: 0 | BV33: 0 | BW33: 0 | BX33: 0 | BY33: 0 | BZ33: 0 | CA33: 0 | CB33: 0 | CC33: 0 | CD33: 0 | CE33: 0 | CF33: 0 | CG33: 0 | CI33: 0 | CJ33: 0 | CK33: 0 | CL33: 0 | CM33: 0 | CO33: 0 | CP33: 0 | CQ33: 0 | CS33: 0 | CT33: 0 | CU33: =IF(R33=0,"n/a",CS33/(R33)) -> 0
A34: %,V950500 | B34: 950500 | C34: Mandatory Transfers Bond | D34: 0 | E34: 0 | F34: -283531.87 | G34: 0 | H34: -283531.87 | J34: -182038.08 | K34: 0 | L34: -182038.08 | N34: -465569.95 | P34: 0 | Q34: 0 | R34: -467155.04 | T34: 0 | U34: 0 | V34: 0 | W34: 0 | X34: 0 | Y34: 0 | Z34: 0 | AA34: 0 | AB34: 0 | AC34: 0 | AD34: 0 | AE34: 0 | AF34: 0 | AG34: 0 | AH34: 0 | AI34: 0 | AJ34: 0 | AK34: 0 | AL34: 0 | AM34: 0 | AN34: 0 | AO34: 0 | AP34: 0 | AQ34: 0 | AR34: 0 | AS34: 0 | AT34: 0 | AU34: 0 | AV34: 0 | AW34: 0 | AX34: 0 | AY34: 0 | AZ34: 0 | BA34: 0 | BB34: 0 | BC34: 0 | BD34: 0 | BE34: 0 | BF34: 0 | BG34: 0 | BH34: 0 | BI34: 0 | BJ34: 0 | BK34: 0 | BL34: 0 | BM34: 0 | BN34: 0 | BO34: 0 | BP34: 0 | BQ34: 0 | BR34: 0 | BS34: 0 | BT34: 0 | BU34: 0 | BV34: 0 | BW34: 0 | BX34: 0 | BY34: 0 | BZ34: 0 | CA34: 0 | CB34: 0 | CC34: 0 | CD34: 0 | CE34: 0 | CF34: 0 | CG34: 0 | CI34: 0 | CJ34: 0 | CK34: -256220.52 | CL34: 0 | CM34: -256220.52 | CO34: -207271.59 | CP34: 0 | CQ34: -207271.59 | CS34: -463492.11 | CT34: =R34-CS34 -> -3662.93 | CU34: =IF(R34=0,"n/a",CS34/(R34)) -> 0.99215907
A35: %,R,FACCOUNT,TACCOUNT_ROLLUP,X,NREVENUE | C35: Revenues | D35: 103937.4 | E35: 121549.75 | F35: 6187233.7 | G35: 300 | H35: 6413020.8 | J35: 0 | K35: 471487.35 | L35: 471487.35 | N35: 6884508.2 | P35: -7631977 | Q35: 0 | R35: =-1*(P35+Q35) -> 7631977 | T35: 0 | U35: 0 | V35: 0 | W35: 0 | X35: 0 | Y35: 0 | Z35: 0 | AA35: 0 | AB35: 0 | AC35: 0 | AD35: 0 | AE35: 0 | AF35: 0 | AG35: 0 | AH35: 0 | AI35: 0 | AJ35: 0 | AK35: 0 | AL35: 0 | AM35: 0 | AN35: 0 | AO35: 0 | AP35: 0 | AQ35: 0 | AR35: 0 | AS35: 0 | AT35: 0 | AU35: 0 | AV35: 0 | AW35: 0 | AX35: 0 | AY35: 0 | AZ35: 0 | BA35: 0 | BB35: 0 | BC35: 0 | BD35: 0 | BE35: 0 | BF35: 0 | BG35: 0 | BH35: 0 | BI35: 0 | BJ35: 0 | BK35: 0 | BL35: 0 | BM35: 0 | BN35: 0 | BO35: 0 | BP35: 0 | BQ35: 0 | BR35: 0 | BS35: 0 | BT35: 0 | BU35: 0 | BV35: 0 | BW35: 0 | BX35: 0 | BY35: 0 | BZ35: 0 | CA35: 0 | CB35: 0 | CC35: 0 | CD35: 0 | CE35: 0 | CF35: 0 | CG35: 0 | CI35: 93836.72 | CJ35: 162664.8 | CK35: 6897261.1 | CL35: 1199 | CM35: 7154961.7 | CO35: -49005.42 | CP35: 476008.35 | CQ35: 427002.93 | CS35: 7581964.6 | CT35: =R35-CS35 -> 50012.42 | CU35: =IF(R35=0,"n/a",CS35/(R35)) -> 0.99344699
A37: %,C | C37: Available | D37: =D11+D35 -> 103937.4 | E37: =E11+E35 -> 121549.75 | F37: =F11+F35 -> 6187233.7 | G37: =G11+G35 -> 300 | H37: =H11+H35 -> 9058424.5 | J37: =J11+J35 -> 0 | K37: =K11+K35 -> 471487.35 | L37: =L11+L35 -> 471487.35 | N37: =N11+N35 -> 9529911.9 | R37: =R11+R35 -> 7631977 | CI37: =CI11+CI35 -> 156494.21 | CJ37: =CJ11+CJ35 -> 268195.31 | CK37: =CK11+CK35 -> 8827539.3 | CL37: =CL11+CL35 -> 1199 | CM37: =CM11+CM35 -> 9253427.8 | CO37: =CO11+CO35 -> -49005.42 | CP37: =CP11+CP35 -> 1264572.8 | CQ37: =CQ11+CQ35 -> 1215567.4 | CS37: =CS11+CS35 -> 10468995 | CT37: =CT11+CT35 -> 50012.42 | CU37: =IF(R37=0,"n/a",CS37/(R37)) -> 1.3717278
A39: %,V512100 | B39: 512100 | C39: Principal | D39: 0 | E39: 0 | F39: 113537.25 | G39: 0 | H39: 113537.25 | J39: 0 | K39: 0 | L39: 0 | N39: 0 | P39: 0 | Q39: 0 | T39: 112200 | U39: 0 | V39: 0 | W39: 0 | X39: 0 | Y39: 0 | Z39: 0 | AA39: 0 | AB39: 0 | AC39: 0 | AD39: 0 | AE39: 0 | AF39: 0 | AG39: 0 | AH39: 0 | AI39: 0 | AJ39: 0 | AK39: 0 | AL39: 0 | AM39: 0 | AN39: 0 | AO39: 0 | AP39: 0 | AQ39: 0 | AR39: 0 | AS39: 0 | AT39: 0 | AU39: 0 | AV39: 0 | AW39: 0 | AX39: 0 | AY39: 0 | AZ39: 0 | BA39: 0 | BB39: 0 | BC39: 0 | BD39: 0 | BE39: 0 | BF39: 0 | BG39: 0 | BH39: 0 | BI39: 0 | BJ39: 0 | BK39: 0 | BL39: 0 | BM39: 0 | BN39: 0 | BO39: 0 | BP39: 0 | BQ39: 0 | BR39: 0 | BS39: 0 | BT39: 0 | BU39: 0 | BV39: 0 | BW39: 0 | BX39: 0 | BY39: 0 | BZ39: 0 | CA39: 0 | CB39: 0 | CC39: 0 | CD39: 0 | CE39: 0 | CF39: 0 | CG39: 0 | CI39: 0 | CJ39: 0 | CK39: 0 | CL39: 0 | CM39: 0 | CO39: 0 | CP39: 0 | CQ39: 0 | CS39: 0 | CT39: =CG39-CS39 -> 0 | CU39: =IF(CG39=0,"n/a",CS39/(CG39)) -> n/a
A40: %,V513100 | B40: 513100 | C40: Assistant Principal | D40: 0 | E40: 0 | F40: 163422.01 | G40: 0 | H40: 163422.01 | J40: 0 | K40: 0 | L40: 0 | N40: 0 | P40: 0 | Q40: 0 | T40: 0 | U40: 159000 | V40: 0 | W40: 0 | X40: 0 | Y40: 0 | Z40: 0 | AA40: 0 | AB40: 0 | AC40: 0 | AD40: 0 | AE40: 0 | AF40: 0 | AG40: 0 | AH40: 0 | AI40: 0 | AJ40: 0 | AK40: 0 | AL40: 0 | AM40: 0 | AN40: 0 | AO40: 0 | AP40: 0 | AQ40: 0 | AR40: 0 | AS40: 0 | AT40: 0 | AU40: 0 | AV40: 0 | AW40: 0 | AX40: 0 | AY40: 0 | AZ40: 0 | BA40: 0 | BB40: 0 | BC40: 0 | BD40: 0 | BE40: 0 | BF40: 0 | BG40: 0 | BH40: 0 | BI40: 0 | BJ40: 0 | BK40: 0 | BL40: 0 | BM40: 0 | BN40: 0 | BO40: 0 | BP40: 0 | BQ40: 0 | BR40: 0 | BS40: 0 | BT40: 0 | BU40: 0 | BV40: 0 | BW40: 0 | BX40: 0 | BY40: 0 | BZ40: 0 | CA40: 0 | CB40: 0 | CC40: 0 | CD40: 0 | CE40: 0 | CF40: 0 | CG40: 0 | CI40: 0 | CJ40: 0 | CK40: 0 | CL40: 0 | CM40: 0 | CO40: 0 | CP40: 0 | CQ40: 0 | CS40: 0 | CT40: =CG40-CS40 -> 0 | CU40: =IF(CG40=0,"n/a",CS40/(CG40)) -> n/a
B41: 512100-513100 | C41: Adminstration | N41: 276959.26 | CG41: 271200 | CI41: 0 | CJ41: 0 | CK41: 249986.34 | CM41: 249986.34 | CO41: 0 | CP41: 0 | CQ41: 0 | CS41: 249986.34 | CT41: =CG41-CS41 -> 21213.66 | CU41: =IF(CG41=0,"n/a",CS41/(CG41)) -> 0.92177854
A42: %,V521100 | B42: 521100 | C42: Teacher | D42: 6666.64 | E42: 42956.25 | F42: 1985260.7 | G42: 0 | H42: 2034883.6 | J42: 0 | K42: 0 | L42: 0 | N42: 2034883.6 | P42: 0 | Q42: 0 | T42: 0 | U42: 0 | V42: 2058201 | W42: 0 | X42: 0 | Y42: 0 | Z42: 0 | AA42: 0 | AB42: 0 | AC42: 0 | AD42: 0 | AE42: 0 | AF42: 0 | AG42: 0 | AH42: 0 | AI42: 0 | AJ42: 0 | AK42: 0 | AL42: 0 | AM42: 0 | AN42: 0 | AO42: 0 | AP42: 0 | AQ42: 0 | AR42: 0 | AS42: 0 | AT42: 0 | AU42: 0 | AV42: 0 | AW42: 0 | AX42: 0 | AY42: 0 | AZ42: 0 | BA42: 0 | BB42: 0 | BC42: 0 | BD42: 0 | BE42: 0 | BF42: 0 | BG42: 0 | BH42: 0 | BI42: 0 | BJ42: 0 | BK42: 0 | BL42: 0 | BM42: 0 | BN42: 0 | BO42: 0 | BP42: 0 | BQ42: 0 | BR42: 0 | BS42: 0 | BT42: 0 | BU42: 0 | BV42: 0 | BW42: 0 | BX42: 0 | BY42: 0 | BZ42: 0 | CA42: 0 | CB42: 0 | CC42: 0 | CD42: 0 | CE42: 0 | CF42: 0 | CG42: 2058201 | CI42: 6666.64 | CJ42: 46501.58 | CK42: 1838550.5 | CL42: 0 | CM42: 1891718.7 | CO42: 0 | CP42: 0 | CQ42: 0 | CS42: 1891718.7 | CT42: =CG42-CS42 -> 166482.26 | CU42: =IF(CG42=0,"n/a",CS42/(CG42)) -> 0.91911273
A43: %,V521900 | B43: 521900 | C43: Substitute Teacher | D43: 1850 | E43: 3765.61 | F43: 44292.5 | G43: 0 | H43: 49908.11 | J43: 0 | K43: 0 | L43: 0 | N43: 49908.11 | P43: 0 | Q43: 0 | T43: 0 | U43: 0 | V43: 0 | W43: 35000 | X43: 0 | Y43: 0 | Z43: 0 | AA43: 0 | AB43: 0 | AC43: 0 | AD43: 0 | AE43: 0 | AF43: 0 | AG43: 0 | AH43: 0 | AI43: 0 | AJ43: 0 | AK43: 0 | AL43: 0 | AM43: 0 | AN43: 0 | AO43: 0 | AP43: 0 | AQ43: 0 | AR43: 0 | AS43: 0 | AT43: 0 | AU43: 0 | AV43: 0 | AW43: 0 | AX43: 0 | AY43: 0 | AZ43: 0 | BA43: 0 | BB43: 0 | BC43: 0 | BD43: 0 | BE43: 0 | BF43: 0 | BG43: 0 | BH43: 0 | BI43: 0 | BJ43: 0 | BK43: 0 | BL43: 0 | BM43: 0 | BN43: 0 | BO43: 0 | BP43: 0 | BQ43: 0 | BR43: 0 | BS43: 0 | BT43: 0 | BU43: 0 | BV43: 0 | BW43: 0 | BX43: 0 | BY43: 0 | BZ43: 0 | CA43: 0 | CB43: 0 | CC43: 0 | CD43: 0 | CE43: 0 | CF43: 0 | CG43: 35000 | CI43: 1800 | CJ43: 0 | CK43: 29390 | CL43: 0 | CM43: 31190 | CO43: 0 | CP43: 0 | CQ43: 0 | CS43: 31190 | CT43: =CG43-CS43 -> 3810 | CU43: =IF(CG43=0,"n/a",CS43/(CG43)) -> 0.89114286
A44: %,V522100 | B44: 522100 | C44: Counselor | D44: 0 | E44: 0 | F44: 0 | G44: 0 | H44: 0 | J44: 0 | K44: 0 | L44: 0 | N44: 0 | P44: 0 | Q44: 0 | T44: 0 | U44: 0 | V44: 0 | W44: 0 | X44: 24000 | Y44: 0 | Z44: 0 | AA44: 0 | AB44: 0 | AC44: 0 | AD44: 0 | AE44: 0 | AF44: 0 | AG44: 0 | AH44: 0 | AI44: 0 | AJ44: 0 | AK44: 0 | AL44: 0 | AM44: 0 | AN44: 0 | AO44: 0 | AP44: 0 | AQ44: 0 | AR44: 0 | AS44: 0 | AT44: 0 | AU44: 0 | AV44: 0 | AW44: 0 | AX44: 0 | AY44: 0 | AZ44: 0 | BA44: 0 | BB44: 0 | BC44: 0 | BD44: 0 | BE44: 0 | BF44: 0 | BG44: 0 | BH44: 0 | BI44: 0 | BJ44: 0 | BK44: 0 | BL44: 0 | BM44: 0 | BN44: 0 | BO44: 0 | BP44: 0 | BQ44: 0 | BR44: 0 | BS44: 0 | BT44: 0 | BU44: 0 | BV44: 0 | BW44: 0 | BX44: 0 | BY44: 0 | BZ44: 0 | CA44: 0 | CB44: 0 | CC44: 0 | CD44: 0 | CE44: 0 | CF44: 0 | CG44: 24000 | CI44: 0 | CJ44: 0 | CK44: 20862.98 | CL44: 0 | CM44: 20862.98 | CO44: 0 | CP44: 0 | CQ44: 0 | CS44: 20862.98 | CT44: =CG44-CS44 -> 3137.02 | CU44: =IF(CG44=0,"n/a",CS44/(CG44)) -> 0.86929083
A45: %,V522200 | B45: 522200 | C45: Teacher Librarian | D45: 0 | E45: 0 | F45: 48372 | G45: 0 | H45: 48372 | J45: 0 | K45: 0 | L45: 0 | N45: 48372 | P45: 0 | Q45: 0 | T45: 0 | U45: 0 | V45: 0 | W45: 0 | X45: 0 | Y45: 50000 | Z45: 0 | AA45: 0 | AB45: 0 | AC45: 0 | AD45: 0 | AE45: 0 | AF45: 0 | AG45: 0 | AH45: 0 | AI45: 0 | AJ45: 0 | AK45: 0 | AL45: 0 | AM45: 0 | AN45: 0 | AO45: 0 | AP45: 0 | AQ45: 0 | AR45: 0 | AS45: 0 | AT45: 0 | AU45: 0 | AV45: 0 | AW45: 0 | AX45: 0 | AY45: 0 | AZ45: 0 | BA45: 0 | BB45: 0 | BC45: 0 | BD45: 0 | BE45: 0 | BF45: 0 | BG45: 0 | BH45: 0 | BI45: 0 | BJ45: 0 | BK45: 0 | BL45: 0 | BM45: 0 | BN45: 0 | BO45: 0 | BP45: 0 | BQ45: 0 | BR45: 0 | BS45: 0 | BT45: 0 | BU45: 0 | BV45: 0 | BW45: 0 | BX45: 0 | BY45: 0 | BZ45: 0 | CA45: 0 | CB45: 0 | CC45: 0 | CD45: 0 | CE45: 0 | CF45: 0 | CG45: 50000 | CI45: 0 | CJ45: 0 | CK45: 45072.66 | CL45: 0 | CM45: 45072.66 | CO45: 0 | CP45: 0 | CQ45: 0 | CS45: 45072.66 | CT45: =CG45-CS45 -> 4927.34 | CU45: =IF(CG45=0,"n/a",CS45/(CG45)) -> 0.9014532
A46: %,V524200 | B46: 524200 | C46: Coordinator - Classified | D46: 0 | E46: 0 | F46: 47059.75 | G46: 0 | H46: 47059.75 | J46: 0 | K46: 0 | L46: 0 | N46: 47059.75 | P46: 0 | Q46: 0 | T46: 0 | U46: 0 | V46: 0 | W46: 0 | X46: 0 | Y46: 0 | Z46: 47147 | AA46: 0 | AB46: 0 | AC46: 0 | AD46: 0 | AE46: 0 | AF46: 0 | AG46: 0 | AH46: 0 | AI46: 0 | AJ46: 0 | AK46: 0 | AL46: 0 | AM46: 0 | AN46: 0 | AO46: 0 | AP46: 0 | AQ46: 0 | AR46: 0 | AS46: 0 | AT46: 0 | AU46: 0 | AV46: 0 | AW46: 0 | AX46: 0 | AY46: 0 | AZ46: 0 | BA46: 0 | BB46: 0 | BC46: 0 | BD46: 0 | BE46: 0 | BF46: 0 | BG46: 0 | BH46: 0 | BI46: 0 | BJ46: 0 | BK46: 0 | BL46: 0 | BM46: 0 | BN46: 0 | BO46: 0 | BP46: 0 | BQ46: 0 | BR46: 0 | BS46: 0 | BT46: 0 | BU46: 0 | BV46: 0 | BW46: 0 | BX46: 0 | BY46: 0 | BZ46: 0 | CA46: 0 | CB46: 0 | CC46: 0 | CD46: 0 | CE46: 0 | CF46: 0 | CG46: 47147 | CI46: 0 | CJ46: 0 | CK46: 36736 | CL46: 0 | CM46: 36736 | CO46: 0 | CP46: 0 | CQ46: 0 | CS46: 36736 | CT46: =CG46-CS46 -> 10411 | CU46: =IF(CG46=0,"n/a",CS46/(CG46)) -> 0.77918001
A47: %,V526200 | B47: 526200 | C47: Instructional Coach | D47: 0 | E47: 0 | F47: 68441.89 | G47: 0 | H47: 68441.89 | J47: 0 | K47: 0 | L47: 0 | N47: 68441.89 | P47: 0 | Q47: 0 | T47: 0 | U47: 0 | V47: 0 | W47: 0 | X47: 0 | Y47: 0 | Z47: 0 | AA47: 76459 | AB47: 0 | AC47: 0 | AD47: 0 | AE47: 0 | AF47: 0 | AG47: 0 | AH47: 0 | AI47: 0 | AJ47: 0 | AK47: 0 | AL47: 0 | AM47: 0 | AN47: 0 | AO47: 0 | AP47: 0 | AQ47: 0 | AR47: 0 | AS47: 0 | AT47: 0 | AU47: 0 | AV47: 0 | AW47: 0 | AX47: 0 | AY47: 0 | AZ47: 0 | BA47: 0 | BB47: 0 | BC47: 0 | BD47: 0 | BE47: 0 | BF47: 0 | BG47: 0 | BH47: 0 | BI47: 0 | BJ47: 0 | BK47: 0 | BL47: 0 | BM47: 0 | BN47: 0 | BO47: 0 | BP47: 0 | BQ47: 0 | BR47: 0 | BS47: 0 | BT47: 0 | BU47: 0 | BV47: 0 | BW47: 0 | BX47: 0 | BY47: 0 | BZ47: 0 | CA47: 0 | CB47: 0 | CC47: 0 | CD47: 0 | CE47: 0 | CF47: 0 | CG47: 76459 | CI47: 0 | CJ47: 0 | CK47: 68985.7 | CL47: 0 | CM47: 68985.7 | CO47: 0 | CP47: 0 | CQ47: 0 | CS47: 68985.7 | CT47: =CG47-CS47 -> 7473.3 | CU47: =IF(CG47=0,"n/a",CS47/(CG47)) -> 0.90225742
A48: %,V529200 | B48: 529200 | C48: Occupational Therapist | D48: 0 | E48: 0 | F48: 34455.68 | G48: 0 | H48: 34455.68 | J48: 0 | K48: 0 | L48: 0 | N48: 34455.68 | P48: 0 | Q48: 0 | T48: 0 | U48: 0 | V48: 0 | W48: 0 | X48: 0 | Y48: 0 | Z48: 0 | AA48: 0 | AB48: 34793 | AC48: 0 | AD48: 0 | AE48: 0 | AF48: 0 | AG48: 0 | AH48: 0 | AI48: 0 | AJ48: 0 | AK48: 0 | AL48: 0 | AM48: 0 | AN48: 0 | AO48: 0 | AP48: 0 | AQ48: 0 | AR48: 0 | AS48: 0 | AT48: 0 | AU48: 0 | AV48: 0 | AW48: 0 | AX48: 0 | AY48: 0 | AZ48: 0 | BA48: 0 | BB48: 0 | BC48: 0 | BD48: 0 | BE48: 0 | BF48: 0 | BG48: 0 | BH48: 0 | BI48: 0 | BJ48: 0 | BK48: 0 | BL48: 0 | BM48: 0 | BN48: 0 | BO48: 0 | BP48: 0 | BQ48: 0 | BR48: 0 | BS48: 0 | BT48: 0 | BU48: 0 | BV48: 0 | BW48: 0 | BX48: 0 | BY48: 0 | BZ48: 0 | CA48: 0 | CB48: 0 | CC48: 0 | CD48: 0 | CE48: 0 | CF48: 0 | CG48: 34793 | CI48: 0 | CJ48: 0 | CK48: 30802.97 | CL48: 0 | CM48: 30802.97 | CO48: 0 | CP48: 0 | CQ48: 0 | CS48: 30802.97 | CT48: =CG48-CS48 -> 3990.03 | CU48: =IF(CG48=0,"n/a",CS48/(CG48)) -> 0.8853209
A49: %,V529400 | B49: 529400 | C49: Nurse | D49: 0 | E49: 0 | F49: 29180.88 | G49: 0 | H49: 29180.88 | J49: 0 | K49: 0 | L49: 0 | N49: 29180.88 | P49: 0 | Q49: 0 | T49: 0 | U49: 0 | V49: 0 | W49: 0 | X49: 0 | Y49: 0 | Z49: 0 | AA49: 0 | AB49: 0 | AC49: 28434 | AD49: 0 | AE49: 0 | AF49: 0 | AG49: 0 | AH49: 0 | AI49: 0 | AJ49: 0 | AK49: 0 | AL49: 0 | AM49: 0 | AN49: 0 | AO49: 0 | AP49: 0 | AQ49: 0 | AR49: 0 | AS49: 0 | AT49: 0 | AU49: 0 | AV49: 0 | AW49: 0 | AX49: 0 | AY49: 0 | AZ49: 0 | BA49: 0 | BB49: 0 | BC49: 0 | BD49: 0 | BE49: 0 | BF49: 0 | BG49: 0 | BH49: 0 | BI49: 0 | BJ49: 0 | BK49: 0 | BL49: 0 | BM49: 0 | BN49: 0 | BO49: 0 | BP49: 0 | BQ49: 0 | BR49: 0 | BS49: 0 | BT49: 0 | BU49: 0 | BV49: 0 | BW49: 0 | BX49: 0 | BY49: 0 | BZ49: 0 | CA49: 0 | CB49: 0 | CC49: 0 | CD49: 0 | CE49: 0 | CF49: 0 | CG49: 28434 | CI49: 0 | CJ49: 0 | CK49: 26018.92 | CL49: 0 | CM49: 26018.92 | CO49: 0 | CP49: 0 | CQ49: 0 | CS49: 26018.92 | CT49: =CG49-CS49 -> 2415.08 | CU49: =IF(CG49=0,"n/a",CS49/(CG49)) -> 0.91506366
A50: %,V529500 | B50: 529500 | C50: Psychologist | D50: 0 | E50: 0 | F50: 28582.84 | G50: 0 | H50: 28582.84 | J50: 0 | K50: 0 | L50: 0 | N50: 28582.84 | P50: 0 | Q50: 0 | T50: 0 | U50: 0 | V50: 0 | W50: 0 | X50: 0 | Y50: 0 | Z50: 0 | AA50: 0 | AB50: 0 | AC50: 0 | AD50: 31032 | AE50: 0 | AF50: 0 | AG50: 0 | AH50: 0 | AI50: 0 | AJ50: 0 | AK50: 0 | AL50: 0 | AM50: 0 | AN50: 0 | AO50: 0 | AP50: 0 | AQ50: 0 | AR50: 0 | AS50: 0 | AT50: 0 | AU50: 0 | AV50: 0 | AW50: 0 | AX50: 0 | AY50: 0 | AZ50: 0 | BA50: 0 | BB50: 0 | BC50: 0 | BD50: 0 | BE50: 0 | BF50: 0 | BG50: 0 | BH50: 0 | BI50: 0 | BJ50: 0 | BK50: 0 | BL50: 0 | BM50: 0 | BN50: 0 | BO50: 0 | BP50: 0 | BQ50: 0 | BR50: 0 | BS50: 0 | BT50: 0 | BU50: 0 | BV50: 0 | BW50: 0 | BX50: 0 | BY50: 0 | BZ50: 0 | CA50: 0 | CB50: 0 | CC50: 0 | CD50: 0 | CE50: 0 | CF50: 0 | CG50: 31032 | CI50: 0 | CJ50: 0 | CK50: 22666.29 | CL50: 0 | CM50: 22666.29 | CO50: 0 | CP50: 0 | CQ50: 0 | CS50: 22666.29 | CT50: =CG50-CS50 -> 8365.71 | CU50: =IF(CG50=0,"n/a",CS50/(CG50)) -> 0.73041667
A51: %,V529600 | B51: 529600 | C51: Social Worker | D51: 0 | E51: 0 | F51: 54455.25 | G51: 0 | H51: 54455.25 | J51: 0 | K51: 0 | L51: 0 | N51: 54455.25 | P51: 0 | Q51: 0 | T51: 0 | U51: 0 | V51: 0 | W51: 0 | X51: 0 | Y51: 0 | Z51: 0 | AA51: 0 | AB51: 0 | AC51: 0 | AD51: 0 | AE51: 52846 | AF51: 0 | AG51: 0 | AH51: 0 | AI51: 0 | AJ51: 0 | AK51: 0 | AL51: 0 | AM51: 0 | AN51: 0 | AO51: 0 | AP51: 0 | AQ51: 0 | AR51: 0 | AS51: 0 | AT51: 0 | AU51: 0 | AV51: 0 | AW51: 0 | AX51: 0 | AY51: 0 | AZ51: 0 | BA51: 0 | BB51: 0 | BC51: 0 | BD51: 0 | BE51: 0 | BF51: 0 | BG51: 0 | BH51: 0 | BI51: 0 | BJ51: 0 | BK51: 0 | BL51: 0 | BM51: 0 | BN51: 0 | BO51: 0 | BP51: 0 | BQ51: 0 | BR51: 0 | BS51: 0 | BT51: 0 | BU51: 0 | BV51: 0 | BW51: 0 | BX51: 0 | BY51: 0 | BZ51: 0 | CA51: 0 | CB51: 0 | CC51: 0 | CD51: 0 | CE51: 0 | CF51: 0 | CG51: 52846 | CI51: 0 | CJ51: 0 | CK51: 48281.51 | CL51: 0 | CM51: 48281.51 | CO51: 0 | CP51: 0 | CQ51: 0 | CS51: 48281.51 | CT51: =CG51-CS51 -> 4564.49 | CU51: =IF(CG51=0,"n/a",CS51/(CG51)) -> 0.91362658
A52: %,V529800 | B52: 529800 | C52: Speech Therapist | D52: 0 | E52: 0 | F52: 58095.63 | G52: 0 | H52: 58095.63 | J52: 0 | K52: 0 | L52: 0 | N52: 58095.63 | P52: 0 | Q52: 0 | T52: 0 | U52: 0 | V52: 0 | W52: 0 | X52: 0 | Y52: 0 | Z52: 0 | AA52: 0 | AB52: 0 | AC52: 0 | AD52: 0 | AE52: 0 | AF52: 52886 | AG52: 0 | AH52: 0 | AI52: 0 | AJ52: 0 | AK52: 0 | AL52: 0 | AM52: 0 | AN52: 0 | AO52: 0 | AP52: 0 | AQ52: 0 | AR52: 0 | AS52: 0 | AT52: 0 | AU52: 0 | AV52: 0 | AW52: 0 | AX52: 0 | AY52: 0 | AZ52: 0 | BA52: 0 | BB52: 0 | BC52: 0 | BD52: 0 | BE52: 0 | BF52: 0 | BG52: 0 | BH52: 0 | BI52: 0 | BJ52: 0 | BK52: 0 | BL52: 0 | BM52: 0 | BN52: 0 | BO52: 0 | BP52: 0 | BQ52: 0 | BR52: 0 | BS52: 0 | BT52: 0 | BU52: 0 | BV52: 0 | BW52: 0 | BX52: 0 | BY52: 0 | BZ52: 0 | CA52: 0 | CB52: 0 | CC52: 0 | CD52: 0 | CE52: 0 | CF52: 0 | CG52: 52886 | CI52: 0 | CJ52: 0 | CK52: 43106.49 | CL52: 0 | CM52: 43106.49 | CO52: 0 | CP52: 0 | CQ52: 0 | CS52: 43106.49 | CT52: =CG52-CS52 -> 9779.51 | CU52: =IF(CG52=0,"n/a",CS52/(CG52)) -> 0.8150832
A53: %,V552100 | B53: 552100 | C53: School Secretary | D53: 0 | E53: 0 | F53: 157105.77 | G53: 0 | H53: 157105.77 | J53: 0 | K53: 0 | L53: 0 | N53: 157105.77 | P53: 0 | Q53: 0 | T53: 0 | U53: 0 | V53: 0 | W53: 0 | X53: 0 | Y53: 0 | Z53: 0 | AA53: 0 | AB53: 0 | AC53: 0 | AD53: 0 | AE53: 0 | AF53: 0 | AG53: 143409 | AH53: 0 | AI53: 0 | AJ53: 0 | AK53: 0 | AL53: 0 | AM53: 0 | AN53: 0 | AO53: 0 | AP53: 0 | AQ53: 0 | AR53: 0 | AS53: 0 | AT53: 0 | AU53: 0 | AV53: 0 | AW53: 0 | AX53: 0 | AY53: 0 | AZ53: 0 | BA53: 0 | BB53: 0 | BC53: 0 | BD53: 0 | BE53: 0 | BF53: 0 | BG53: 0 | BH53: 0 | BI53: 0 | BJ53: 0 | BK53: 0 | BL53: 0 | BM53: 0 | BN53: 0 | BO53: 0 | BP53: 0 | BQ53: 0 | BR53: 0 | BS53: 0 | BT53: 0 | BU53: 0 | BV53: 0 | BW53: 0 | BX53: 0 | BY53: 0 | BZ53: 0 | CA53: 0 | CB53: 0 | CC53: 0 | CD53: 0 | CE53: 0 | CF53: 0 | CG53: 143409 | CI53: 0 | CJ53: 0 | CK53: 146041.7 | CL53: 0 | CM53: 146041.7 | CO53: 0 | CP53: 0 | CQ53: 0 | CS53: 146041.7 | CT53: =CG53-CS53 -> -2632.7 | CU53: =IF(CG53=0,"n/a",CS53/(CG53)) -> 1.018358
... A60: %,V599830 | B60: 599830 | C60: Additional Pay-Administrative | D60: 0 | E60: 0 | F60: 0 | G60: 0 | H60: 0 | J60: 0 | K60: 0 | L60: 0 | N60: 0 | P60: 0 | Q60: 0 | T60: 0 | U60: 0 | V60: 0 | W60: 0 | X60: 0 | Y60: 0 | Z60: 0 | AA60: 0 | AB60: 0 | AC60: 0 | AD60: 0 | AE60: 0 | AF60: 0 | AG60: 0 | AH60: 0 | AI60: 0 | AJ60: 0 | AK60: 0 | AL60: 0 | AM60: 0 | AN60: 7750 | AO60: 0 | AP60: 0 | AQ60: 0 | AR60: 0 | AS60: 0 | AT60: 0 | AU60: 0 | AV60: 0 | AW60: 0 | AX60: 0 | AY60: 0 | AZ60: 0 | BA60: 0 | BB60: 0 | BC60: 0 | BD60: 0 | BE60: 0 | BF60: 0 | BG60: 0 | BH60: 0 | BI60: 0 | BJ60: 0 | BK60: 0 | BL60: 0 | BM60: 0 | BN60: 0 | BO60: 0 | BP60: 0 | BQ60: 0 | BR60: 0 | BS60: 0 | BT60: 0 | BU60: 0 | BV60: 0 | BW60: 0 | BX60: 0 | BY60: 0 | BZ60: 0 | CA60: 0 | CB60: 0 | CC60: 0 | CD60: 0 | CE60: 0 | CF60: 0 | CG60: 7750 | CI60: 0 | CJ60: 0 | CK60: 6000 | CL60: 0 | CM60: 6000 | CO60: 0 | CP60: 0 | CQ60: 0 | CS60: 6000 | CT60: =CG60-CS60 -> 1750 | CU60: =IF(CG60=0,"n/a",CS60/(CG60)) -> 0.77419355
A61: %,FACCOUNT,TACCOUNT_ROLLUP,X,NSALARIES | C61: Salaries | D61: 19978.58 | E61: 77904.9 | F61: 3466253.7 | G61: 0 | H61: 3564137.2 | J61: 0 | K61: 0 | L61: 0 | N61: 3564137.2 | P61: 0 | Q61: 0 | T61: 112200 | U61: 159000 | V61: 2058201 | W61: 35000 | X61: 24000 | Y61: 50000 | Z61: 47147 | AA61: 76459 | AB61: 34793 | AC61: 28434 | AD61: 31032 | AE61: 52846 | AF61: 52886 | AG61: 143409 | AH61: 549470 | AI61: 20986 | AJ61: 137674 | AK61: 22000 | AL61: 108670 | AM61: 74810 | AN61: 7750 | AO61: 0 | AP61: 0 | AQ61: 0 | AR61: 0 | AS61: 0 | AT61: 0 | AU61: 0 | AV61: 0 | AW61: 0 | AX61: 0 | AY61: 0 | AZ61: 0 | BA61: 0 | BB61: 0 | BC61: 0 | BD61: 0 | BE61: 0 | BF61: 0 | BG61: 0 | BH61: 0 | BI61: 0 | BJ61: 0 | BK61: 0 | BL61: 0 | BM61: 0 | BN61: 0 | BO61: 0 | BP61: 0 | BQ61: 0 | BR61: 0 | BS61: 0 | BT61: 0 | BU61: 0 | BV61: 0 | BW61: 0 | BX61: 0 | BY61: 0 | BZ61: 0 | CA61: 0 | CB61: 0 | CC61: 0 | CD61: 0 | CE61: 0 | CF61: 0 | CG61: 3826767 | CI61: 15489.64 | CJ61: 92064.8 | CK61: 3342326.4 | CL61: 0 | CM61: 3449880.9 | CO61: 0 | CP61: 0 | CQ61: 0 | CS61: 3449880.9 | CT61: =CG61-CS61 -> 376886.13 | CU61: =IF(CG61=0,"n/a",CS61/(CG61)) -> 0.90151318
A63: %,V699000 | B63: 699000 | C63: Employee Benefits | D63: 4507.7 | E63: 17394.86 | F63: 836283.55 | G63: 0 | H63: 858186.11 | J63: 0 | K63: 0 | L63: 0 | N63: 858186.11 | P63: 0 | Q63: 0 | T63: 0 | U63: 0 | V63: 0 | W63: 0 | X63: 0 | Y63: 0 | Z63: 0 | AA63: 0 | AB63: 0 | AC63: 0 | AD63: 0 | AE63: 0 | AF63: 0 | AG63: 0 | AH63: 0 | AI63: 0 | AJ63: 0 | AK63: 0 | AL63: 0 | AM63: 0 | AN63: 0 | AO63: 1067717 | AP63: 0 | AQ63: 0 | AR63: 0 | AS63: 0 | AT63: 0 | AU63: 0 | AV63: 0 | AW63: 0 | AX63: 0 | AY63: 0 | AZ63: 0 | BA63: 0 | BB63: 0 | BC63: 0 | BD63: 0 | BE63: 0 | BF63: 0 | BG63: 0 | BH63: 0 | BI63: 0 | BJ63: 0 | BK63: 0 | BL63: 0 | BM63: 0 | BN63: 0 | BO63: 0 | BP63: 0 | BQ63: 0 | BR63: 0 | BS63: 0 | BT63: 0 | BU63: 0 | BV63: 0 | BW63: 0 | BX63: 0 | BY63: 0 | BZ63: 0 | CA63: 0 | CB63: 0 | CC63: 0 | CD63: 0 | CE63: 0 | CF63: 0 | CG63: 1067717 | CI63: 4365.53 | CJ63: 22790.43 | CK63: 864864.13 | CL63: 0 | CM63: 892020.09 | CO63: 0 | CP63: 0 | CQ63: 0 | CS63: 892020.09 | CT63: =CG63-CS63 -> 175696.91 | CU63: =IF(CG63=0,"n/a",CS63/(CG63)) -> 0.83544618
A64: %,FACCOUNT,TACCOUNT_ROLLUP,X,NBENEFITS | C64: Benefits | D64: 4507.7 | E64: 17394.86 | F64: 836283.55 | G64: 0 | H64: 858186.11 | J64: 0 | K64: 0 | L64: 0 | N64: 858186.11 | P64: 0 | Q64: 0 | T64: 0 | U64: 0 | V64: 0 | W64: 0 | X64: 0 | Y64: 0 | Z64: 0 | AA64: 0 | AB64: 0 | AC64: 0 | AD64: 0 | AE64: 0 | AF64: 0 | AG64: 0 | AH64: 0 | AI64: 0 | AJ64: 0 | AK64: 0 | AL64: 0 | AM64: 0 | AN64: 0 | AO64: 1067717 | AP64: 0 | AQ64: 0 | AR64: 0 | AS64: 0 | AT64: 0 | AU64: 0 | AV64: 0 | AW64: 0 | AX64: 0 | AY64: 0 | AZ64: 0 | BA64: 0 | BB64: 0 | BC64: 0 | BD64: 0 | BE64: 0 | BF64: 0 | BG64: 0 | BH64: 0 | BI64: 0 | BJ64: 0 | BK64: 0 | BL64: 0 | BM64: 0 | BN64: 0 | BO64: 0 | BP64: 0 | BQ64: 0 | BR64: 0 | BS64: 0 | BT64: 0 | BU64: 0 | BV64: 0 | BW64: 0 | BX64: 0 | BY64: 0 | BZ64: 0 | CA64: 0 | CB64: 0 | CC64: 0 | CD64: 0 | CE64: 0 | CF64: 0 | CG64: 1067717 | CI64: 4365.53 | CJ64: 22790.43 | CK64: 864864.13 | CL64: 0 | CM64: 892020.09 | CO64: 0 | CP64: 0 | CQ64: 0 | CS64: 892020.09 | CT64: =CG64-CS64 -> 175696.91 | CU64: =IF(CG64=0,"n/a",CS64/(CG64)) -> 0.83544618
DA65: PROJECTION OF TOTAL SAVINGS IN SALARIES/BENEFITS
A66: %,C | C66: Total Salaries and Benefits | D66: =D61+D64 -> 24486.28 | E66: =E61+E64 -> 95299.76 | F66: =F61+F64 -> 4302537.3 | G66: =G61+G64 -> 0 | H66: =H61+H64 -> 4422323.3 | J66: =J61+J64 -> 0 | K66: =K61+K64 -> 0 | L66: =L61+L64 -> 0 | N66: =N61+N64 -> 4422323.3 | T66: =T61+T64 -> 112200 | U66: =U61+U64 -> 159000 | V66: =V61+V64 -> 2058201 | W66: =W61+W64 -> 35000 | X66: =X61+X64 -> 24000 | Y66: =Y61+Y64 -> 50000 | Z66: =Z61+Z64 -> 47147 | AA66: =AA61+AA64 -> 76459 | ... CG66: =CG61+CG64 -> 4894484 | CI66: =CI61+CI64 -> 19855.17 | CJ66: =CJ61+CJ64 -> 114855.23 | CK66: =CK61+CK64 -> 4207190.6 | CL66: =CL61+CL64 -> 0 | CM66: =CM61+CM64 -> 4341901 | CO66: =CO61+CO64 -> 0 | CP66: =CP61+CP64 -> 0 | CQ66: =CQ61+CQ64 -> 0 | CS66: =CS61+CS64 -> 4341901 | CT66: =CT61+CT64 -> 552583.04 | CU66: =IF(CG66=0,"n/a",CS66/(CG66)) -> 0.88710086 | DA66: 135000
A68: %,V701000 | B68: 701000 | C68: Mileage And Travel | D68: 0 | E68: 0 | F68: 715.99 | G68: 0 | H68: 715.99 | J68: 0 | K68: 0 | L68: 0 | N68: 715.99 | P68: 0 | Q68: 0 | T68: 0 | U68: 0 | V68: 0 | W68: 0 | X68: 0 | Y68: 0 | Z68: 0 | AA68: 0 | AB68: 0 | AC68: 0 | AD68: 0 | AE68: 0 | AF68: 0 | AG68: 0 | AH68: 0 | AI68: 0 | AJ68: 0 | AK68: 0 | AL68: 0 | AM68: 0 | AN68: 0 | AO68: 0 | AP68: 1100 | AQ68: 0 | AR68: 0 | AS68: 0 | AT68: 0 | AU68: 0 | AV68: 0 | AW68: 0 | AX68: 0 | AY68: 0 | AZ68: 0 | BA68: 0 | BB68: 0 | BC68: 0 | BD68: 0 | BE68: 0 | BF68: 0 | BG68: 0 | BH68: 0 | BI68: 0 | BJ68: 0 | BK68: 0 | BL68: 0 | BM68: 0 | BN68: 0 | BO68: 0 | BP68: 0 | BQ68: 0 | BR68: 0 | BS68: 0 | BT68: 0 | BU68: 0 | BV68: 0 | BW68: 0 | BX68: 0 | BY68: 0 | BZ68: 0 | CA68: 0 | CB68: 0 | CC68: 0 | CD68: 0 | CE68: 0 | CF68: 0 | CG68: 1100 | CI68: 0 | CJ68: 0 | CK68: 936.72 | CL68: 0 | CM68: 936.72 | CO68: 0 | CP68: 0 | CQ68: 0 | CS68: 936.72 | CT68: =CG68-CS68 -> 163.28 | CU68: =IF(CG68=0,"n/a",CS68/(CG68)) -> 0.85156364
A69: %,V702000 | B69: 702000 | C69: Employee Training & Conf | D69: 0 | E69: 22 | F69: 16311.11 | G69: 0 | H69: 16333.11 | J69: 0 | K69: 0 | L69: 0 | N69: 16333.11 | P69: 0 | Q69: 0 | T69: 0 | U69: 0 | V69: 0 | W69: 0 | X69: 0 | Y69: 0 | Z69: 0 | AA69: 0 | AB69: 0 | AC69: 0 | AD69: 0 | AE69: 0 | AF69: 0 | AG69: 0 | AH69: 0 | AI69: 0 | AJ69: 0 | AK69: 0 | AL69: 0 | AM69: 0 | AN69: 0 | AO69: 0 | AP69: 0 | AQ69: 17470 | AR69: 0 | AS69: 0 | AT69: 0 | AU69: 0 | AV69: 0 | AW69: 0 | AX69: 0 | AY69: 0 | AZ69: 0 | BA69: 0 | BB69: 0 | BC69: 0 | BD69: 0 | BE69: 0 | BF69: 0 | BG69: 0 | BH69: 0 | BI69: 0 | BJ69: 0 | BK69: 0 | BL69: 0 | BM69: 0 | BN69: 0 | BO69: 0 | BP69: 0 | BQ69: 0 | BR69: 0 | BS69: 0 | BT69: 0 | BU69: 0 | BV69: 0 | BW69: 0 | BX69: 0 | BY69: 0 | BZ69: 0 | CA69: 0 | CB69: 0 | CC69: 0 | CD69: 0 | CE69: 0 | CF69: 0 | CG69: 17470 | CI69: 0 | CJ69: 0 | CK69: 13352.52 | CL69: 0 | CM69: 13352.52 | CO69: 0 | CP69: 0 | CQ69: 0 | CS69: 13352.52 | CT69: =CG69-CS69 -> 4117.48 | CU69: =IF(CG69=0,"n/a",CS69/(CG69)) -> 0.76431139
A70: %,V708000 | B70: 708000 | C70: Employee Background Verificatn | D70: 17 | E70: 0 | F70: 692.5 | G70: 0 | H70: 709.5 | J70: 0 | K70: 0 | L70: 0 | N70: 709.5 | P70: 0 | Q70: 0 | T70: 0 | U70: 0 | V70: 0 | W70: 0 | X70: 0 | Y70: 0 | Z70: 0 | AA70: 0 | AB70: 0 | AC70: 0 | AD70: 0 | AE70: 0 | AF70: 0 | AG70: 0 | AH70: 0 | AI70: 0 | AJ70: 0 | AK70: 0 | AL70: 0 | AM70: 0 | AN70: 0 | AO70: 0 | AP70: 0 | AQ70: 0 | AR70: 825 | AS70: 0 | AT70: 0 | AU70: 0 | AV70: 0 | AW70: 0 | AX70: 0 | AY70: 0 | AZ70: 0 | BA70: 0 | BB70: 0 | BC70: 0 | BD70: 0 | BE70: 0 | BF70: 0 | BG70: 0 | BH70: 0 | BI70: 0 | BJ70: 0 | BK70: 0 | BL70: 0 | BM70: 0 | BN70: 0 | BO70: 0 | BP70: 0 | BQ70: 0 | BR70: 0 | BS70: 0 | BT70: 0 | BU70: 0 | BV70: 0 | BW70: 0 | BX70: 0 | BY70: 0 | BZ70: 0 | CA70: 0 | CB70: 0 | CC70: 0 | CD70: 0 | CE70: 0 | CF70: 0 | CG70: 825 | CI70: 72 | CJ70: 269.5 | CK70: 1003 | CL70: 0 | CM70: 1344.5 | CO70: 0 | CP70: 0 | CQ70: 0 | CS70: 1344.5 | CT70: =CG70-CS70 -> -519.5 | CU70: =IF(CG70=0,"n/a",CS70/(CG70)) -> 1.629697
A71: %,V710000 | B71: 710000 | C71: Meals/Refreshments | D71: 5722.18 | E71: 366.33 | F71: 165.44 | G71: 0 | H71: 6253.95 | J71: 0 | K71: 0 | L71: 0 | N71: 6253.95 | P71: 0 | Q71: 0 | T71: 0 | U71: 0 | V71: 0 | W71: 0 | X71: 0 | Y71: 0 | Z71: 0 | AA71: 0 | AB71: 0 | AC71: 0 | AD71: 0 | AE71: 0 | AF71: 0 | AG71: 0 | AH71: 0 | AI71: 0 | AJ71: 0 | AK71: 0 | AL71: 0 | AM71: 0 | AN71: 0 | AO71: 0 | AP71: 0 | AQ71: 0 | AR71: 0 | AS71: 7805 | AT71: 0 | AU71: 0 | AV71: 0 | AW71: 0 | AX71: 0 | AY71: 0 | AZ71: 0 | BA71: 0 | BB71: 0 | BC71: 0 | BD71: 0 | BE71: 0 | BF71: 0 | BG71: 0 | BH71: 0 | BI71: 0 | BJ71: 0 | BK71: 0 | BL71: 0 | BM71: 0 | BN71: 0 | BO71: 0 | BP71: 0 | BQ71: 0 | BR71: 0 | BS71: 0 | BT71: 0 | BU71: 0 | BV71: 0 | BW71: 0 | BX71: 0 | BY71: 0 | BZ71: 0 | CA71: 0 | CB71: 0 | CC71: 0 | CD71: 0 | CE71: 0 | CF71: 0 | CG71: 7805 | CI71: 3833.51 | CJ71: 403.85 | CK71: 58.98 | CL71: 0 | CM71: 4296.34 | CO71: 0 | CP71: 0 | CQ71: 0 | CS71: 4296.34 | CT71: =CG71-CS71 -> 3508.66 | CU71: =IF(CG71=0,"n/a",CS71/(CG71)) -> 0.55045996
A72: %,V713000 | B72: 713000 | C72: Student Transportation | D72: 9580.31 | E72: 0 | F72: 0 | G72: 0 | H72: 9580.31 | J72: 0 | K72: 0 | L72: 0 | N72: 9580.31 | P72: 0 | Q72: 0 | T72: 0 | U72: 0 | V72: 0 | W72: 0 | X72: 0 | Y72: 0 | Z72: 0 | AA72: 0 | AB72: 0 | AC72: 0 | AD72: 0 | AE72: 0 | AF72: 0 | AG72: 0 | AH72: 0 | AI72: 0 | AJ72: 0 | AK72: 0 | AL72: 0 | AM72: 0 | AN72: 0 | AO72: 0 | AP72: 0 | AQ72: 0 | AR72: 0 | AS72: 0 | AT72: 10384 | AU72: 0 | AV72: 0 | AW72: 0 | AX72: 0 | AY72: 0 | AZ72: 0 | BA72: 0 | BB72: 0 | BC72: 0 | BD72: 0 | BE72: 0 | BF72: 0 | BG72: 0 | BH72: 0 | BI72: 0 | BJ72: 0 | BK72: 0 | BL72: 0 | BM72: 0 | BN72: 0 | BO72: 0 | BP72: 0 | BQ72: 0 | BR72: 0 | BS72: 0 | BT72: 0 | BU72: 0 | BV72: 0 | BW72: 0 | BX72: 0 | BY72: 0 | BZ72: 0 | CA72: 0 | CB72: 0 | CC72: 0 | CD72: 0 | CE72: 0 | CF72: 0 | CG72: 10384 | CI72: 9359.85 | CJ72: 0 | CK72: 0 | CL72: 0 | CM72: 9359.85 | CO72: 0 | CP72: 0 | CQ72: 0 | CS72: 9359.85 | CT72: =CG72-CS72 -> 1024.15 | CU72: =IF(CG72=0,"n/a",CS72/(CG72)) -> 0.9013723
A73: %,V715000 | B73: 715000 | C73: Student Admission/Entry Fees | D73: 41448.61 | E73: 413.25 | F73: 0 | G73: 0 | H73: 41861.86 | J73: 0 | K73: 0 | L73: 0 | N73: 41861.86 | P73: 0 | Q73: 0 | T73: 0 | U73: 0 | V73: 0 | W73: 0 | X73: 0 | Y73: 0 | Z73: 0 | AA73: 0 | AB73: 0 | AC73: 0 | AD73: 0 | AE73: 0 | AF73: 0 | AG73: 0 | AH73: 0 | AI73: 0 | AJ73: 0 | AK73: 0 | AL73: 0 | AM73: 0 | AN73: 0 | AO73: 0 | AP73: 0 | AQ73: 0 | AR73: 0 | AS73: 0 | AT73: 0 | AU73: 48882 | AV73: 0 | AW73: 0 | AX73: 0 | AY73: 0 | AZ73: 0 | BA73: 0 | BB73: 0 | BC73: 0 | BD73: 0 | BE73: 0 | BF73: 0 | BG73: 0 | BH73: 0 | BI73: 0 | BJ73: 0 | BK73: 0 | BL73: 0 | BM73: 0 | BN73: 0 | BO73: 0 | BP73: 0 | BQ73: 0 | BR73: 0 | BS73: 0 | BT73: 0 | BU73: 0 | BV73: 0 | BW73: 0 | BX73: 0 | BY73: 0 | BZ73: 0 | CA73: 0 | CB73: 0 | CC73: 0 | CD73: 0 | CE73: 0 | CF73: 0 | CG73: 48882 | CI73: 38283.49 | CJ73: 0 | CK73: 0 | CL73: 0 | CM73: 38283.49 | CO73: 0 | CP73: 0 | CQ73: 0 | CS73: 38283.49 | CT73: =CG73-CS73 -> 10598.51 | CU73: =IF(CG73=0,"n/a",CS73/(CG73)) -> 0.78318174
A74: %,V721000 | B74: 721000 | C74: Legal Fees | D74: 0 | E74: 0 | F74: 0 | G74: 0 | H74: 0 | J74: 0 | K74: 0 | L74: 0 | N74: 0 | P74: 0 | Q74: 0 | T74: 0 | U74: 0 | V74: 0 | W74: 0 | X74: 0 | Y74: 0 | Z74: 0 | AA74: 0 | AB74: 0 | AC74: 0 | AD74: 0 | AE74: 0 | AF74: 0 | AG74: 0 | AH74: 0 | AI74: 0 | AJ74: 0 | AK74: 0 | AL74: 0 | AM74: 0 | AN74: 0 | AO74: 0 | AP74: 0 | AQ74: 0 | AR74: 0 | AS74: 0 | AT74: 0 | AU74: 0 | AV74: 5000 | AW74: 0 | AX74: 0 | AY74: 0 | AZ74: 0 | BA74: 0 | BB74: 0 | BC74: 0 | BD74: 0 | BE74: 0 | BF74: 0 | BG74: 0 | BH74: 0 | BI74: 0 | BJ74: 0 | BK74: 0 | BL74: 0 | BM74: 0 | BN74: 0 | BO74: 0 | BP74: 0 | BQ74: 0 | BR74: 0 | BS74: 0 | BT74: 0 | BU74: 0 | BV74: 0 | BW74: 0 | BX74: 0 | BY74: 0 | BZ74: 0 | CA74: 0 | CB74: 0 | CC74: 0 | CD74: 0 | CE74: 0 | CF74: 0 | CG74: 5000 | CI74: 0 | CJ74: 0 | CK74: 5754 | CL74: 0 | CM74: 5754 | CO74: 0 | CP74: 0 | CQ74: 0 | CS74: 5754 | CT74: 0 | CU74: =IF(CG74=0,"n/a",CS74/(CG74)) -> 1.1508 | DA74: OVER $754
A75: %,V723000 | B75: 723000 | C75: Printing | D75: 0 | E75: 0 | F75: 915 | G75: 0 | H75: 915 | J75: 0 | K75: 0 | L75: 0 | N75: 915 | P75: 0 | Q75: 0 | T75: 0 | U75: 0 | V75: 0 | W75: 0 | X75: 0 | Y75: 0 | Z75: 0 | AA75: 0 | AB75: 0 | AC75: 0 | AD75: 0 | AE75: 0 | AF75: 0 | AG75: 0 | AH75: 0 | AI75: 0 | AJ75: 0 | AK75: 0 | AL75: 0 | AM75: 0 | AN75: 0 | AO75: 0 | AP75: 0 | AQ75: 0 | AR75: 0 | AS75: 0 | AT75: 0 | AU75: 0 | AV75: 0 | AW75: 1000 | AX75: 0 | AY75: 0 | AZ75: 0 | BA75: 0 | BB75: 0 | BC75: 0 | BD75: 0 | BE75: 0 | BF75: 0 | BG75: 0 | BH75: 0 | BI75: 0 | BJ75: 0 | BK75: 0 | BL75: 0 | BM75: 0 | BN75: 0 | BO75: 0 | BP75: 0 | BQ75: 0 | BR75: 0 | BS75: 0 | BT75: 0 | BU75: 0 | BV75: 0 | BW75: 0 | BX75: 0 | BY75: 0 | BZ75: 0 | CA75: 0 | CB75: 0 | CC75: 0 | CD75: 0 | CE75: 0 | CF75: 0 | CG75: 1000 | CI75: 0 | CJ75: 0 | CK75: 880 | CL75: 0 | CM75: 880 | CO75: 0 | CP75: 0 | CQ75: 0 | CS75: 880 | CT75: =CG75-CS75 -> 120 | CU75: =IF(CG75=0,"n/a",CS75/(CG75)) -> 0.88
A76: %,V731000 | B76: 731000 | C76: Contracted Services | D76: 1705 | E76: 0 | F76: 94502.49 | G76: 0 | H76: 96207.49 | J76: 0 | K76: 0 | L76: 0 | N76: 96207.49 | P76: 0 | Q76: 0 | T76: 0 | U76: 0 | V76: 0 | W76: 0 | X76: 0 | Y76: 0 | Z76: 0 | AA76: 0 | AB76: 0 | AC76: 0 | AD76: 0 | AE76: 0 | AF76: 0 | AG76: 0 | AH76: 0 | AI76: 0 | AJ76: 0 | AK76: 0 | AL76: 0 | AM76: 0 | AN76: 0 | AO76: 0 | AP76: 0 | AQ76: 0 | AR76: 0 | AS76: 0 | AT76: 0 | AU76: 0 | AV76: 0 | AW76: 0 | AX76: 139128 | AY76: 0 | AZ76: 0 | BA76: 0 | BB76: 0 | BC76: 0 | BD76: 0 | BE76: 0 | BF76: 0 | BG76: 0 | BH76: 0 | BI76: 0 | BJ76: 0 | BK76: 0 | BL76: 0 | BM76: 0 | BN76: 0 | BO76: 0 | BP76: 0 | BQ76: 0 | BR76: 0 | BS76: 0 | BT76: 0 | BU76: 0 | BV76: 0 | BW76: 0 | BX76: 0 | BY76: 0 | BZ76: 0 | CA76: 0 | CB76: 0 | CC76: 0 | CD76: 0 | CE76: 0 | CF76: 0 | CG76: 161128 | CI76: 4046.5 | CJ76: 0 | CK76: 97570.98 | CL76: 0 | CM76: 101617.48 | CO76: 0 | CP76: 0 | CQ76: 0 | CS76: 101617.48 | CT76: =CG76-CS76 -> 59510.52 | CU76: =IF(CG76=0,"n/a",CS76/(CG76)) -> 0.63066308
A77: %,V743000 | B77: 743000 | C77: Equipment Rental | D77: 0 | E77: 0 | F77: 1453.39 | G77: 0 | H77: 1453.39 | J77: 0 | K77: 0 | L77: 0 | N77: 1453.39 | P77: 0 | Q77: 0 | T77: 0 | U77: 0 | V77: 0 | W77: 0 | X77: 0 | Y77: 0 | Z77: 0 | AA77: 0 | AB77: 0 | AC77: 0 | AD77: 0 | AE77: 0 | AF77: 0 | AG77: 0 | AH77: 0 | AI77: 0 | AJ77: 0 | AK77: 0 | AL77: 0 | AM77: 0 | AN77: 0 | AO77: 0 | AP77: 0 | AQ77: 0 | AR77: 0 | AS77: 0 | AT77: 0 | AU77: 0 | AV77: 0 | AW77: 0 | AX77: 0 | AY77: 1250 | AZ77: 0 | BA77: 0 | BB77: 0 | BC77: 0 | BD77: 0 | BE77: 0 | BF77: 0 | BG77: 0 | BH77: 0 | BI77: 0 | BJ77: 0 | BK77: 0 | BL77: 0 | BM77: 0 | BN77: 0 | BO77: 0 | BP77: 0 | BQ77: 0 | BR77: 0 | BS77: 0 | BT77: 0 | BU77: 0 | BV77: 0 | BW77: 0 | BX77: 0 | BY77: 0 | BZ77: 0 | CA77: 0 | CB77: 0 | CC77: 0 | CD77: 0 | CE77: 0 | CF77: 0 | CG77: 1250 | CI77: 0 | CJ77: 0 | CK77: 1097.99 | CL77: 0 | CM77: 1097.99 | CO77: 0 | CP77: 0 | CQ77: 0 | CS77: 1097.99 | CT77: =CG77-CS77 -> 152.01 | CU77: =IF(CG77=0,"n/a",CS77/(CG77)) -> 0.878392
A78: %,V745000 | B78: 745000 | C78: Contract Maint/Eq Repair | D78: 0 | E78: 0 | F78: 6469.96 | G78: 0 | H78: 6469.96 | J78: 0 | K78: 0 | L78: 0 | N78: 6469.96 | P78: 0 | Q78: 0 | T78: 0 | U78: 0 | V78: 0 | W78: 0 | X78: 0 | Y78: 0 | Z78: 0 | AA78: 0 | AB78: 0 | AC78: 0 | AD78: 0 | AE78: 0 | AF78: 0 | AG78: 0 | AH78: 0 | AI78: 0 | AJ78: 0 | AK78: 0 | AL78: 0 | AM78: 0 | AN78: 0 | AO78: 0 | AP78: 0 | AQ78: 0 | AR78: 0 | AS78: 0 | AT78: 0 | AU78: 0 | AV78: 0 | AW78: 0 | AX78: 0 | AY78: 0 | AZ78: 11600 | BA78: 0 | BB78: 0 | BC78: 0 | BD78: 0 | BE78: 0 | BF78: 0 | BG78: 0 | BH78: 0 | BI78: 0 | BJ78: 0 | BK78: 0 | BL78: 0 | BM78: 0 | BN78: 0 | BO78: 0 | BP78: 0 | BQ78: 0 | BR78: 0 | BS78: 0 | BT78: 0 | BU78: 0 | BV78: 0 | BW78: 0 | BX78: 0 | BY78: 0 | BZ78: 0 | CA78: 0 | CB78: 0 | CC78: 0 | CD78: 0 | CE78: 0 | CF78: 0 | CG78: 11600 | CI78: 0 | CJ78: 0 | CK78: 6157.08 | CL78: 0 | CM78: 6157.08 | CO78: 0 | CP78: 0 | CQ78: 0 | CS78: 6157.08 | CT78: =CG78-CS78 -> 5442.92 | CU78: =IF(CG78=0,"n/a",CS78/(CG78)) -> 0.53078276
A79: %,V745500 | B79: 745500 | C79: Technology Services | D79: 0 | E79: 199 | F79: 31864.7 | G79: 0 | H79: 32063.7 | J79: 0 | K79: 0 | L79: 0 | N79: 32063.7 | P79: 0 | Q79: 0 | T79: 0 | U79: 0 | V79: 0 | W79: 0 | X79: 0 | Y79: 0 | Z79: 0 | AA79: 0 | AB79: 0 | AC79: 0 | AD79: 0 | AE79: 0 | AF79: 0 | AG79: 0 | AH79: 0 | AI79: 0 | AJ79: 0 | AK79: 0 | AL79: 0 | AM79: 0 | AN79: 0 | AO79: 0 | AP79: 0 | AQ79: 0 | AR79: 0 | AS79: 0 | AT79: 0 | AU79: 0 | AV79: 0 | AW79: 0 | AX79: 0 | AY79: 0 | AZ79: 0 | BA79: 57037 | BB79: 0 | BC79: 0 | BD79: 0 | BE79: 0 | BF79: 0 | BG79: 0 | BH79: 0 | BI79: 0 | BJ79: 0 | BK79: 0 | BL79: 0 | BM79: 0 | BN79: 0 | BO79: 0 | BP79: 0 | BQ79: 0 | BR79: 0 | BS79: 0 | BT79: 0 | BU79: 0 | BV79: 0 | BW79: 0 | BX79: 0 | BY79: 0 | BZ79: 0 | CA79: 0 | CB79: 0 | CC79: 0 | CD79: 0 | CE79: 0 | CF79: 0 | CG79: 57037 | CI79: 0 | CJ79: 323.17 | CK79: 37775.05 | CL79: 0 | CM79: 38098.22 | CO79: 0 | CP79: 0 | CQ79: 0 | CS79: 38098.22 | CT79: =CG79-CS79 -> 18938.78 | CU79: =IF(CG79=0,"n/a",CS79/(CG79)) -> 0.66795624
A80: %,V746000 | B80: 746000 | C80: Const Maint/Repair-Bldg | D80: 0 | E80: 0 | F80: 26342.83 | G80: 0 | H80: 26342.83 | J80: 0 | K80: 0 | L80: 0 | N80: 26342.83 | P80: 0 | Q80: 0 | T80: 0 | U80: 0 | V80: 0 | W80: 0 | X80: 0 | Y80: 0 | Z80: 0 | AA80: 0 | AB80: 0 | AC80: 0 | AD80: 0 | AE80: 0 | AF80: 0 | AG80: 0 | AH80: 0 | AI80: 0 | AJ80: 0 | AK80: 0 | AL80: 0 | AM80: 0 | AN80: 0 | AO80: 0 | AP80: 0 | AQ80: 0 | AR80: 0 | AS80: 0 | AT80: 0 | AU80: 0 | AV80: 0 | AW80: 0 | AX80: 0 | AY80: 0 | AZ80: 0 | BA80: 0 | BB80: 79200 | BC80: 0 | BD80: 0 | BE80: 0 | BF80: 0 | BG80: 0 | BH80: 0 | BI80: 0 | BJ80: 0 | BK80: 0 | BL80: 0 | BM80: 0 | BN80: 0 | BO80: 0 | BP80: 0 | BQ80: 0 | BR80: 0 | BS80: 0 | BT80: 0 | BU80: 0 | BV80: 0 | BW80: 0 | BX80: 0 | BY80: 0 | BZ80: 0 | CA80: 0 | CB80: 0 | CC80: 0 | CD80: 0 | CE80: 0 | CF80: 0 | CG80: 69344 | CI80: 0 | CJ80: 0 | CK80: 18834.92 | CL80: 0 | CM80: 18834.92 | CO80: 0 | CP80: 0 | CQ80: 0 | CS80: 18834.92 | CT80: =CG80-CS80 -> 50509.08 | CU80: =IF(CG80=0,"n/a",CS80/(CG80)) -> 0.27161571
A81: %,V752000 | B81: 752000 | C81: Marketing - Advertising | D81: 0 | E81: 0 | F81: 567.31 | G81: 0 | H81: 567.31 | J81: 0 | K81: 0 | L81: 0 | N81: 567.31 | P81: 0 | Q81: 0 | T81: 0 | U81: 0 | V81: 0 | W81: 0 | X81: 0 | Y81: 0 | Z81: 0 | AA81: 0 | AB81: 0 | AC81: 0 | AD81: 0 | AE81: 0 | AF81: 0 | AG81: 0 | AH81: 0 | AI81: 0 | AJ81: 0 | AK81: 0 | AL81: 0 | AM81: 0 | AN81: 0 | AO81: 0 | AP81: 0 | AQ81: 0 | AR81: 0 | AS81: 0 | AT81: 0 | AU81: 0 | AV81: 0 | AW81: 0 | AX81: 0 | AY81: 0 | AZ81: 0 | BA81: 0 | BB81: 0 | BC81: 500 | BD81: 0 | BE81: 0 | BF81: 0 | BG81: 0 | BH81: 0 | BI81: 0 | BJ81: 0 | BK81: 0 | BL81: 0 | BM81: 0 | BN81: 0 | BO81: 0 | BP81: 0 | BQ81: 0 | BR81: 0 | BS81: 0 | BT81: 0 | BU81: 0 | BV81: 0 | BW81: 0 | BX81: 0 | BY81: 0 | BZ81: 0 | CA81: 0 | CB81: 0 | CC81: 0 | CD81: 0 | CE81: 0 | CF81: 0 | CG81: 500 | CI81: 0 | CJ81: 0 | CK81: 0 | CL81: 0 | CM81: 0 | CO81: 0 | CP81: 0 | CQ81: 0 | CS81: 0 | CT81: =CG81-CS81 -> 500 | CU81: =IF(CG81=0,"n/a",CS81/(CG81)) -> 0
A82: %,V761000 | B82: 761000 | C82: Natural Gas | D82: 0 | E82: 0 | F82: 16460.79 | G82: 0 | H82: 16460.79 | J82: 0 | K82: 0 | L82: 0 | N82: 16460.79 | P82: 0 | Q82: 0 | T82: 0 | U82: 0 | V82: 0 | W82: 0 | X82: 0 | Y82: 0 | Z82: 0 | AA82: 0 | AB82: 0 | AC82: 0 | AD82: 0 | AE82: 0 | AF82: 0 | AG82: 0 | AH82: 0 | AI82: 0 | AJ82: 0 | AK82: 0 | AL82: 0 | AM82: 0 | AN82: 0 | AO82: 0 | AP82: 0 | AQ82: 0 | AR82: 0 | AS82: 0 | AT82: 0 | AU82: 0 | AV82: 0 | AW82: 0 | AX82: 0 | AY82: 0 | AZ82: 0 | BA82: 0 | BB82: 0 | BC82: 0 | BD82: 21125 | BE82: 0 | BF82: 0 | BG82: 0 | BH82: 0 | BI82: 0 | BJ82: 0 | BK82: 0 | BL82: 0 | BM82: 0 | BN82: 0 | BO82: 0 | BP82: 0 | BQ82: 0 | BR82: 0 | BS82: 0 | BT82: 0 | BU82: 0 | BV82: 0 | BW82: 0 | BX82: 0 | BY82: 0 | BZ82: 0 | CA82: 0 | CB82: 0 | CC82: 0 | CD82: 0 | CE82: 0 | CF82: 0 | CG82: 21125 | CI82: 0 | CJ82: 0 | CK82: 17754.74 | CL82: 0 | CM82: 17754.74 | CO82: 0 | CP82: 0 | CQ82: 0 | CS82: 17754.74 | CT82: =CG82-CS82 -> 3370.26 | CU82: =IF(CG82=0,"n/a",CS82/(CG82)) -> 0.84046107
A83: %,V764000 | B83: 764000 | C83: Electricity | D83: 0 | E83: 0 | F83: 50505.74 | G83: 0 | H83: 50505.74 | J83: 0 | K83: 0 | L83: 0 | N83: 50505.74 | P83: 0 | Q83: 0 | T83: 0 | U83: 0 | V83: 0 | W83: 0 | X83: 0 | Y83: 0 | Z83: 0 | AA83: 0 | AB83: 0 | AC83: 0 | AD83: 0 | AE83: 0 | AF83: 0 | AG83: 0 | AH83: 0 | AI83: 0 | AJ83: 0 | AK83: 0 | AL83: 0 | AM83: 0 | AN83: 0 | AO83: 0 | AP83: 0 | AQ83: 0 | AR83: 0 | AS83: 0 | AT83: 0 | AU83: 0 | AV83: 0 | AW83: 0 | AX83: 0 | AY83: 0 | AZ83: 0 | BA83: 0 | BB83: 0 | BC83: 0 | BD83: 0 | BE83: 51400 | BF83: 0 | BG83: 0 | BH83: 0 | BI83: 0 | BJ83: 0 | BK83: 0 | BL83: 0 | BM83: 0 | BN83: 0 | BO83: 0 | BP83: 0 | BQ83: 0 | BR83: 0 | BS83: 0 | BT83: 0 | BU83: 0 | BV83: 0 | BW83: 0 | BX83: 0 | BY83: 0 | BZ83: 0 | CA83: 0 | CB83: 0 | CC83: 0 | CD83: 0 | CE83: 0 | CF83: 0 | CG83: 51400 | CI83: 0 | CJ83: 0 | CK83: 49292.44 | CL83: 0 | CM83: 49292.44 | CO83: 0 | CP83: 0 | CQ83: 0 | CS83: 49292.44 | CT83: =CG83-CS83 -> 2107.56 | CU83: =IF(CG83=0,"n/a",CS83/(CG83)) -> 0.95899689
A84: %,V765000 | B84: 765000 | C84: Voice Communication Line | D84: 0 | E84: 0 | F84: 13460.5 | G84: 0 | H84: 13460.5 | J84: 0 | K84: 0 | L84: 0 | N84: 13460.5 | P84: 0 | Q84: 0 | T84: 0 | U84: 0 | V84: 0 | W84: 0 | X84: 0 | Y84: 0 | Z84: 0 | AA84: 0 | AB84: 0 | AC84: 0 | AD84: 0 | AE84: 0 | AF84: 0 | AG84: 0 | AH84: 0 | AI84: 0 | AJ84: 0 | AK84: 0 | AL84: 0 | AM84: 0 | AN84: 0 | AO84: 0 | AP84: 0 | AQ84: 0 | AR84: 0 | AS84: 0 | AT84: 0 | AU84: 0 | AV84: 0 | AW84: 0 | AX84: 0 | AY84: 0 | AZ84: 0 | BA84: 0 | BB84: 0 | BC84: 0 | BD84: 0 | BE84: 0 | BF84: 13770 | BG84: 0 | BH84: 0 | BI84: 0 | BJ84: 0 | BK84: 0 | BL84: 0 | BM84: 0 | BN84: 0 | BO84: 0 | BP84: 0 | BQ84: 0 | BR84: 0 | BS84: 0 | BT84: 0 | BU84: 0 | BV84: 0 | BW84: 0 | BX84: 0 | BY84: 0 | BZ84: 0 | CA84: 0 | CB84: 0 | CC84: 0 | CD84: 0 | CE84: 0 | CF84: 0 | CG84: 13770 | CI84: 0 | CJ84: 0 | CK84: 10528.76 | CL84: 0 | CM84: 10528.76 | CO84: 0 | CP84: 0 | CQ84: 0 | CS84: 10528.76 | CT84: =CG84-CS84 -> 3241.24 | CU84: =IF(CG84=0,"n/a",CS84/(CG84)) -> 0.76461583
A85: %,V766000 | B85: 766000 | C85: Water & Sanitation | D85: 0 | E85: 0 | F85: 16502.37 | G85: 0 | H85: 16502.37 | J85: 0 | K85: 0 | L85: 0 | N85: 16502.37 | P85: 0 | Q85: 0 | T85: 0 | U85: 0 | V85: 0 | W85: 0 | X85: 0 | Y85: 0 | Z85: 0 | AA85: 0 | AB85: 0 | AC85: 0 | AD85: 0 | AE85: 0 | AF85: 0 | AG85: 0 | AH85: 0 | AI85: 0 | AJ85: 0 | AK85: 0 | AL85: 0 | AM85: 0 | AN85: 0 | AO85: 0 | AP85: 0 | AQ85: 0 | AR85: 0 | AS85: 0 | AT85: 0 | AU85: 0 | AV85: 0 | AW85: 0 | AX85: 0 | AY85: 0 | AZ85: 0 | BA85: 0 | BB85: 0 | BC85: 0 | BD85: 0 | BE85: 0 | BF85: 0 | BG85: 17775 | BH85: 0 | BI85: 0 | BJ85: 0 | BK85: 0 | BL85: 0 | BM85: 0 | BN85: 0 | BO85: 0 | BP85: 0 | BQ85: 0 | BR85: 0 | BS85: 0 | BT85: 0 | BU85: 0 | BV85: 0 | BW85: 0 | BX85: 0 | BY85: 0 | BZ85: 0 | CA85: 0 | CB85: 0 | CC85: 0 | CD85: 0 | CE85: 0 | CF85: 0 | CG85: 17775 | CI85: 0 | CJ85: 0 | CK85: 14285.74 | CL85: 0 | CM85: 14285.74 | CO85: 0 | CP85: 0 | CQ85: 0 | CS85: 14285.74 | CT85: =CG85-CS85 -> 3489.26 | CU85: =IF(CG85=0,"n/a",CS85/(CG85)) -> 0.80369845
A86: %,V768000 | B86: 768000 | C86: Postage | D86: 0 | E86: 0 | F86: 561.03 | G86: 0 | H86: 561.03 | J86: 0 | K86: 0 | L86: 0 | N86: 561.03 | P86: 0 | Q86: 0 | T86: 0 | U86: 0 | V86: 0 | W86: 0 | X86: 0 | Y86: 0 | Z86: 0 | AA86: 0 | AB86: 0 | AC86: 0 | AD86: 0 | AE86: 0 | AF86: 0 | AG86: 0 | AH86: 0 | AI86: 0 | AJ86: 0 | AK86: 0 | AL86: 0 | AM86: 0 | AN86: 0 | AO86: 0 | AP86: 0 | AQ86: 0 | AR86: 0 | AS86: 0 | AT86: 0 | AU86: 0 | AV86: 0 | AW86: 0 | AX86: 0 | AY86: 0 | AZ86: 0 | BA86: 0 | BB86: 0 | BC86: 0 | BD86: 0 | BE86: 0 | BF86: 0 | BG86: 0 | BH86: 530 | BI86: 0 | BJ86: 0 | BK86: 0 | BL86: 0 | BM86: 0 | BN86: 0 | BO86: 0 | BP86: 0 | BQ86: 0 | BR86: 0 | BS86: 0 | BT86: 0 | BU86: 0 | BV86: 0 | BW86: 0 | BX86: 0 | BY86: 0 | BZ86: 0 | CA86: 0 | CB86: 0 | CC86: 0 | CD86: 0 | CE86: 0 | CF86: 0 | CG86: 530 | CI86: 0 | CJ86: 0 | CK86: 543.66 | CL86: 0 | CM86: 543.66 | CO86: 0 | CP86: 0 | CQ86: 0 | CS86: 543.66 | CT86: 0 | CU86: =IF(CG86=0,"n/a",CS86/(CG86)) -> 1.0257736 | DA86: OVER $13.66
A87: %,V769000 | B87: 769000 | C87: Permits/Licenses/Fees | D87: 1648.5 | E87: 332 | F87: 30876.24 | G87: 0 | H87: 32856.74 | J87: 0 | K87: 0 | L87: 0 | N87: 32856.74 | P87: 0 | Q87: 0 | T87: 0 | U87: 0 | V87: 0 | W87: 0 | X87: 0 | Y87: 0 | Z87: 0 | AA87: 0 | AB87: 0 | AC87: 0 | AD87: 0 | AE87: 0 | AF87: 0 | AG87: 0 | AH87: 0 | AI87: 0 | AJ87: 0 | AK87: 0 | AL87: 0 | AM87: 0 | AN87: 0 | AO87: 0 | AP87: 0 | AQ87: 0 | AR87: 0 | AS87: 0 | AT87: 0 | AU87: 0 | AV87: 0 | AW87: 0 | AX87: 0 | AY87: 0 | AZ87: 0 | BA87: 0 | BB87: 0 | BC87: 0 | BD87: 0 | BE87: 0 | BF87: 0 | BG87: 0 | BH87: 0 | BI87: 16650 | BJ87: 0 | BK87: 0 | BL87: 0 | BM87: 0 | BN87: 0 | BO87: 0 | BP87: 0 | BQ87: 0 | BR87: 0 | BS87: 0 | BT87: 0 | BU87: 0 | BV87: 0 | BW87: 0 | BX87: 0 | BY87: 0 | BZ87: 0 | CA87: 0 | CB87: 0 | CC87: 0 | CD87: 0 | CE87: 0 | CF87: 0 | CG87: 16650 | CI87: 0 | CJ87: 332 | CK87: 14071.34 | CL87: 0 | CM87: 14403.34 | CO87: 0 | CP87: 0 | CQ87: 0 | CS87: 14403.34 | CT87: =CG87-CS87 -> 2246.66 | CU87: =IF(CG87=0,"n/a",CS87/(CG87)) -> 0.86506547
A88: %,V770000 | B88: 770000 | C88: Risk Management Charges | D88: 0 | E88: 443.41 | F88: 36051.35 | G88: 0 | H88: 36494.76 | J88: 0 | K88: 0 | L88: 0 | N88: 36494.76 | P88: 0 | Q88: 0 | T88: 0 | U88: 0 | V88: 0 | W88: 0 | X88: 0 | Y88: 0 | Z88: 0 | AA88: 0 | AB88: 0 | AC88: 0 | AD88: 0 | AE88: 0 | AF88: 0 | AG88: 0 | AH88: 0 | AI88: 0 | AJ88: 0 | AK88: 0 | AL88: 0 | AM88: 0 | AN88: 0 | AO88: 0 | AP88: 0 | AQ88: 0 | AR88: 0 | AS88: 0 | AT88: 0 | AU88: 0 | AV88: 0 | AW88: 0 | AX88: 0 | AY88: 0 | AZ88: 0 | BA88: 0 | BB88: 0 | BC88: 0 | BD88: 0 | BE88: 0 | BF88: 0 | BG88: 0 | BH88: 0 | BI88: 0 | BJ88: 80500 | BK88: 0 | BL88: 0 | BM88: 0 | BN88: 0 | BO88: 0 | BP88: 0 | BQ88: 0 | BR88: 0 | BS88: 0 | BT88: 0 | BU88: 0 | BV88: 0 | BW88: 0 | BX88: 0 | BY88: 0 | BZ88: 0 | CA88: 0 | CB88: 0 | CC88: 0 | CD88: 0 | CE88: 0 | CF88: 0 | CG88: 58500 | CI88: 0 | CJ88: 1107.49 | CK88: 53890.73 | CL88: 0 | CM88: 54998.22 | CO88: 0 | CP88: 0 | CQ88: 0 | CS88: 54998.22 | CT88: =CG88-CS88 -> 3501.78 | CU88: =IF(CG88=0,"n/a",CS88/(CG88)) -> 0.94014051
A89: %,V770800 | B89: 770800 | C89: Unemployment Comp Insur | D89: 0 | E89: 199.04 | F89: 9968.59 | G89: 0 | H89: 10167.63 | J89: 0 | K89: 0 | L89: 0 | N89: 10167.63 | P89: 0 | Q89: 0 | T89: 0 | U89: 0 | V89: 0 | W89: 0 | X89: 0 | Y89: 0 | Z89: 0 | AA89: 0 | AB89: 0 | AC89: 0 | AD89: 0 | AE89: 0 | AF89: 0 | AG89: 0 | AH89: 0 | AI89: 0 | AJ89: 0 | AK89: 0 | AL89: 0 | AM89: 0 | AN89: 0 | AO89: 0 | AP89: 0 | AQ89: 0 | AR89: 0 | AS89: 0 | AT89: 0 | AU89: 0 | AV89: 0 | AW89: 0 | AX89: 0 | AY89: 0 | AZ89: 0 | BA89: 0 | BB89: 0 | BC89: 0 | BD89: 0 | BE89: 0 | BF89: 0 | BG89: 0 | BH89: 0 | BI89: 0 | BJ89: 0 | BK89: 10400 | BL89: 0 | BM89: 0 | BN89: 0 | BO89: 0 | BP89: 0 | BQ89: 0 | BR89: 0 | BS89: 0 | BT89: 0 | BU89: 0 | BV89: 0 | BW89: 0 | BX89: 0 | BY89: 0 | BZ89: 0 | CA89: 0 | CB89: 0 | CC89: 0 | CD89: 0 | CE89: 0 | CF89: 0 | CG89: 10400 | CI89: 0 | CJ89: 209.65 | CK89: 7963.61 | CL89: 0 | CM89: 8173.26 | CO89: 0 | CP89: 0 | CQ89: 0 | CS89: 8173.26 | CT89: =CG89-CS89 -> 2226.74 | CU89: =IF(CG89=0,"n/a",CS89/(CG89)) -> 0.78589038
A90: %,V775000 | B90: 775000 | C90: Community Relations | D90: 0 | E90: 0 | F90: 0 | G90: 0 | H90: 0 | J90: 0 | K90: 0 | L90: 0 | N90: 0 | P90: 0 | Q90: 0 | T90: 0 | U90: 0 | V90: 0 | W90: 0 | X90: 0 | Y90: 0 | Z90: 0 | AA90: 0 | AB90: 0 | AC90: 0 | AD90: 0 | AE90: 0 | AF90: 0 | AG90: 0 | AH90: 0 | AI90: 0 | AJ90: 0 | AK90: 0 | AL90: 0 | AM90: 0 | AN90: 0 | AO90: 0 | AP90: 0 | AQ90: 0 | AR90: 0 | AS90: 0 | AT90: 0 | AU90: 0 | AV90: 0 | AW90: 0 | AX90: 0 | AY90: 0 | AZ90: 0 | BA90: 0 | BB90: 0 | BC90: 0 | BD90: 0 | BE90: 0 | BF90: 0 | BG90: 0 | BH90: 0 | BI90: 0 | BJ90: 0 | BK90: 0 | BL90: 0 | BM90: 0 | BN90: 0 | BO90: 0 | BP90: 0 | BQ90: 0 | BR90: 0 | BS90: 0 | BT90: 0 | BU90: 0 | BV90: 0 | BW90: 0 | BX90: 0 | BY90: 0 | BZ90: 0 | CA90: 0 | CB90: 0 | CC90: 0 | CD90: 0 | CE90: 0 | CF90: 0 | CG90: 0 | CI90: 0 | CJ90: 0 | CK90: 0 | CL90: 0 | CM90: 0 | CO90: 0 | CP90: 0 | CQ90: 0 | CS90: 0 | CT90: =CG90-CS90 -> 0 | CU90: =IF(CG90=0,"n/a",CS90/(CG90)) -> n/a
A91: %,V781000 | B91: 781000 | C91: Lease Purch-Other-Principal Bond | D91: 0 | E91: 0 | F91: 252735.94 | G91: 0 | H91: 252735.94 | J91: 0 | K91: 150000 | L91: 150000 | N91: 150000 | P91: 0 | Q91: 0 | T91: 0 | U91: 0 | V91: 0 | W91: 0 | X91: 0 | Y91: 0 | Z91: 0 | AA91: 0 | AB91: 0 | AC91: 0 | AD91: 0 | AE91: 0 | AF91: 0 | AG91: 0 | AH91: 0 | AI91: 0 | AJ91: 0 | AK91: 0 | AL91: 0 | AM91: 0 | AN91: 0 | AO91: 0 | AP91: 0 | AQ91: 0 | AR91: 0 | AS91: 0 | AT91: 0 | AU91: 0 | AV91: 0 | AW91: 0 | AX91: 0 | AY91: 0 | AZ91: 0 | BA91: 0 | BB91: 0 | BC91: 0 | BD91: 0 | BE91: 0 | BF91: 0 | BG91: 0 | BH91: 0 | BI91: 0 | BJ91: 0 | BK91: 0 | BL91: 433661 | BM91: 0 | BN91: 0 | BO91: 0 | BP91: 0 | BQ91: 0 | BR91: 0 | BS91: 0 | BT91: 0 | BU91: 0 | BV91: 0 | BW91: 0 | BX91: 0 | BY91: 0 | BZ91: 0 | CA91: 0 | CB91: 0 | CC91: 0 | CD91: 0 | CE91: 0 | CF91: 0 | CG91: 160000 | CI91: 0 | CJ91: 0 | CK91: 0 | CL91: 0 | CM91: 0 | CO91: 0 | CP91: 160000 | CQ91: 160000 | CS91: 160000 | CT91: =CG91-CS91 -> 0 | CU91: =IF(CG91=0,"n/a",CS91/(CG91)) -> 1
B92: 781000 | C92: Lease Purch-Other-Principal Loan | N92: 252735.94 | CG92: 273661.42 | CI92: 0 | CJ92: 0 | CK92: 88055.02 | CL92: 0 | CM92: 88055.02 | CO92: 0 | CP92: 0 | CQ92: 0 | CS92: 88055.02 | CT92: =CG92-CS92 -> 185606.4 | CU92: =IF(CG92=0,"n/a",CS92/(CG92)) -> 0.32176629
A93: %,V781500 | B93: 781500 | C93: Lease Purch-Other-Interest Bond | D93: 0 | E93: 0 | F93: 56773.5 | G93: 0 | H93: 56773.5 | J93: 0 | K93: 314740 | L93: 314740 | N93: 314740 | P93: 0 | Q93: 0 | T93: 0 | U93: 0 | V93: 0 | W93: 0 | X93: 0 | Y93: 0 | Z93: 0 | AA93: 0 | AB93: 0 | AC93: 0 | AD93: 0 | AE93: 0 | AF93: 0 | AG93: 0 | AH93: 0 | AI93: 0 | AJ93: 0 | AK93: 0 | AL93: 0 | AM93: 0 | AN93: 0 | AO93: 0 | AP93: 0 | AQ93: 0 | AR93: 0 | AS93: 0 | AT93: 0 | AU93: 0 | AV93: 0 | AW93: 0 | AX93: 0 | AY93: 0 | AZ93: 0 | BA93: 0 | BB93: 0 | BC93: 0 | BD93: 0 | BE93: 0 | BF93: 0 | BG93: 0 | BH93: 0 | BI93: 0 | BJ93: 0 | BK93: 0 | BL93: 0 | BM93: 354722 | BN93: 0 | BO93: 0 | BP93: 0 | BQ93: 0 | BR93: 0 | BS93: 0 | BT93: 0 | BU93: 0 | BV93: 0 | BW93: 0 | BX93: 0 | BY93: 0 | BZ93: 0 | CA93: 0 | CB93: 0 | CC93: 0 | CD93: 0 | CE93: 0 | CF93: 0 | CG93: 307915 | CI93: 0 | CJ93: 0 | CK93: 0 | CL93: 0 | CM93: 0 | CO93: 0 | CP93: 307915 | CQ93: 307915 | CS93: 307915 | CT93: =CG93-CS93 -> 0 | CU93: =IF(CG93=0,"n/a",CS93/(CG93)) -> 1
B94: 781500 | C94: Lease Purch-Other-Interest Loan | N94: 56773.5 | CG94: 46807.14 | CI94: 0 | CJ94: 0 | CK94: 43454.42 | CL94: 0 | CM94: 43454.42 | CO94: 0 | CP94: 0 | CQ94: 0 | CS94: 43454.42 | CT94: =CG94-CS94 -> 3352.72 | CU94: =IF(CG94=0,"n/a",CS94/(CG94)) -> 0.92837161
A95: %,V950000 | B95: 950000 | C95: District Fees | D95: 0 | E95: 0 | F95: 718174.69 | G95: 0 | H95: 718174.69 | J95: 0 | K95: 0 | L95: 0 | N95: 718174.69 | P95: 0 | Q95: 0 | T95: 0 | U95: 0 | V95: 0 | W95: 0 | X95: 0 | Y95: 0 | Z95: 0 | AA95: 0 | AB95: 0 | AC95: 0 | AD95: 0 | AE95: 0 | AF95: 0 | AG95: 0 | AH95: 0 | AI95: 0 | AJ95: 0 | AK95: 0 | AL95: 0 | AM95: 0 | AN95: 0 | AO95: 0 | AP95: 0 | AQ95: 0 | AR95: 0 | AS95: 0 | AT95: 0 | AU95: 0 | AV95: 0 | AW95: 0 | AX95: 0 | AY95: 0 | AZ95: 0 | BA95: 0 | BB95: 0 | BC95: 0 | BD95: 0 | BE95: 0 | BF95: 0 | BG95: 0 | BH95: 0 | BI95: 0 | BJ95: 0 | BK95: 0 | BL95: 0 | BM95: 0 | BN95: 0 | BO95: 0 | BP95: 0 | BQ95: 0 | BR95: 0 | BS95: 0 | BT95: 0 | BU95: 0 | BV95: 0 | BW95: 0 | BX95: 0 | BY95: 0 | BZ95: 0 | CA95: 0 | CB95: 0 | CC95: 0 | CD95: 0 | CE95: 0 | CF95: 704125 | CG95: 704125 | CI95: 0 | CJ95: 0 | CK95: 703783 | CL95: 0 | CM95: 703783 | CO95: 0 | CP95: 0 | CQ95: 0 | CS95: 703783 | CT95: =CG95-CS95 -> 342 | CU95: =IF(CG95=0,"n/a",CS95/(CG95)) -> 0.99951429 | DA95: PROJECTED UNUSED PUR SERVICES
A96: %,FACCOUNT,TACCOUNT_ROLLUP,X,NPURCHASED SERVICES | C96: Purchased Services | D96: 60121.6 | E96: 1975.03 | F96: 1382071.5 | G96: 0 | H96: 1444168.1 | J96: 0 | K96: 464740 | L96: 464740 | N96: 1908908.1 | P96: 0 | Q96: 0 | T96: 0 | U96: 0 | V96: 0 | W96: 0 | X96: 0 | Y96: 0 | Z96: 0 | AA96: 0 | AB96: 0 | AC96: 0 | AD96: 0 | AE96: 0 | AF96: 0 | AG96: 0 | AH96: 0 | AI96: 0 | AJ96: 0 | AK96: 0 | AL96: 0 | AM96: 0 | AN96: 0 | AO96: 0 | AP96: 1100 | AQ96: 17470 | AR96: 825 | AS96: 7805 | AT96: 10384 | AU96: 48882 | AV96: 5000 | AW96: 1000 | AX96: 139128 | AY96: 1250 | AZ96: 11600 | BA96: 57037 | BB96: 79200 | BC96: 500 | BD96: 21125 | BE96: 51400 | BF96: 13770 | BG96: 17775 | BH96: 530 | BI96: 16650 | BJ96: 80500 | BK96: 10400 | BL96: 433661 | BM96: 354722 | BN96: 0 | BO96: 0 | BP96: 0 | BQ96: 0 | BR96: 0 | BS96: 0 | BT96: 0 | BU96: 0 | BV96: 0 | BW96: 0 | BX96: 0 | BY96: 0 | BZ96: 0 | CA96: 0 | CB96: 0 | CC96: 0 | CD96: 0 | CE96: 0 | CF96: 704125 | CG96: 2075983.6 | CI96: 55595.35 | CJ96: 2645.66 | CK96: 1187044.7 | CL96: 0 | CM96: 1245285.7 | CO96: 0 | CP96: 467915 | CQ96: 467915 | CS96: 1713200.7 | CT96: =CG96-CS96 -> 362782.85 | CU96: =IF(CG96=0,"n/a",CS96/(CG96)) -> 0.82524772 | DA96: 34500
A98: %,V801000 | B98: 801000 | C98: Contingency | D98: 0 | E98: 0 | F98: 0 | G98: 0 | H98: 0 | J98: 0 | K98: 0 | L98: 0 | N98: 0 | P98: 0 | Q98: 0 | T98: 0 | U98: 0 | V98: 0 | W98: 0 | X98: 0 | Y98: 0 | Z98: 0 | AA98: 0 | AB98: 0 | AC98: 0 | AD98: 0 | AE98: 0 | AF98: 0 | AG98: 0 | AH98: 0 | AI98: 0 | AJ98: 0 | AK98: 0 | AL98: 0 | AM98: 0 | AN98: 0 | AO98: 0 | AP98: 0 | AQ98: 0 | AR98: 0 | AS98: 0 | AT98: 0 | AU98: 0 | AV98: 0 | AW98: 0 | AX98: 0 | AY98: 0 | AZ98: 0 | BA98: 0 | BB98: 0 | BC98: 0 | BD98: 0 | BE98: 0 | BF98: 0 | BG98: 0 | BH98: 0 | BI98: 0 | BJ98: 0 | BK98: 0 | BL98: 0 | BM98: 0 | BN98: 0 | BO98: 0 | BP98: 0 | BQ98: 0 | BR98: 0 | BS98: 0 | BT98: 0 | BU98: 0 | BV98: 0 | BW98: 0 | BX98: 0 | BY98: 0 | BZ98: 0 | CA98: 0 | CB98: 0 | CC98: 0 | CD98: 0 | CE98: 0 | CF98: 0 | CG98: 0 | CI98: 0 | CJ98: 0 | CK98: 0 | CL98: 0 | CM98: 0 | CO98: 0 | CP98: 0 | CQ98: 0 | CS98: 0 | CT98: =CG98-CS98 -> 0 | CU98: =IF(CG98=0,"n/a",CS98/(CG98)) -> n/a
A99: %,V804000 | B99: 804000 | C99: Fund Raising | D99: 0 | E99: 0 | F99: 0 | G99: 0 | H99: 0 | J99: 0 | K99: 0 | L99: 0 | N99: 0 | P99: 0 | Q99: 0 | T99: 0 | U99: 0 | V99: 0 | W99: 0 | X99: 0 | Y99: 0 | Z99: 0 | AA99: 0 | AB99: 0 | AC99: 0 | AD99: 0 | AE99: 0 | AF99: 0 | AG99: 0 | AH99: 0 | AI99: 0 | AJ99: 0 | AK99: 0 | AL99: 0 | AM99: 0 | AN99: 0 | AO99: 0 | AP99: 0 | AQ99: 0 | AR99: 0 | AS99: 0 | AT99: 0 | AU99: 0 | AV99: 0 | AW99: 0 | AX99: 0 | AY99: 0 | AZ99: 0 | BA99: 0 | BB99: 0 | BC99: 0 | BD99: 0 | BE99: 0 | BF99: 0 | BG99: 0 | BH99: 0 | BI99: 0 | BJ99: 0 | BK99: 0 | BL99: 0 | BM99: 0 | BN99: 1561 | BO99: 0 | BP99: 0 | BQ99: 0 | BR99: 0 | BS99: 0 | BT99: 0 | BU99: 0 | BV99: 0 | BW99: 0 | BX99: 0 | BY99: 0 | BZ99: 0 | CA99: 0 | CB99: 0 | CC99: 0 | CD99: 0 | CE99: 0 | CF99: 0 | CG99: 1561 | CI99: 1125 | CJ99: 0 | CK99: 0 | CL99: 0 | CM99: 1125 | CO99: 0 | CP99: 0 | CQ99: 0 | CS99: 1125 | CT99: =CG99-CS99 -> 436 | CU99: =IF(CG99=0,"n/a",CS99/(CG99)) -> 0.72069186
A100: %,V805000 | B100: 805000 | C100: Materials/Supplies-Other | D100: 5297.28 | E100: 49.5 | F100: 7491.11 | G100: 0 | H100: 12837.89 | J100: 0 | K100: 0 | L100: 0 | N100: 12837.89 | P100: 0 | Q100: 0 | T100: 0 | U100: 0 | V100: 0 | W100: 0 | X100: 0 | Y100: 0 | Z100: 0 | AA100: 0 | AB100: 0 | AC100: 0 | AD100: 0 | AE100: 0 | AF100: 0 | AG100: 0 | AH100: 0 | AI100: 0 | AJ100: 0 | AK100: 0 | AL100: 0 | AM100: 0 | AN100: 0 | AO100: 0 | AP100: 0 | AQ100: 0 | AR100: 0 | AS100: 0 | AT100: 0 | AU100: 0 | AV100: 0 | AW100: 0 | AX100: 0 | AY100: 0 | AZ100: 0 | BA100: 0 | BB100: 0 | BC100: 0 | BD100: 0 | BE100: 0 | BF100: 0 | BG100: 0 | BH100: 0 | BI100: 0 | BJ100: 0 | BK100: 0 | BL100: 0 | BM100: 0 | BN100: 0 | BO100: 15995 | BP100: 0 | BQ100: 0 | BR100: 0 | BS100: 0 | BT100: 0 | BU100: 0 | BV100: 0 | BW100: 0 | BX100: 0 | BY100: 0 | BZ100: 0 | CA100: 0 | CB100: 0 | CC100: 0 | CD100: 0 | CE100: 0 | CF100: 0 | CG100: 15995 | CI100: 4361.12 | CJ100: 0 | CK100: 8575.38 | CL100: 0 | CM100: 12936.5 | CO100: 0 | CP100: 0 | CQ100: 0 | CS100: 12936.5 | CT100: =CG100-CS100 -> 3058.5 | CU100: =IF(CG100=0,"n/a",CS100/(CG100)) -> 0.80878399
A101: %,V806000 | B101: 806000 | C101: Materials/Supplies Resale | D101: 17683.79 | E101: 0 | F101: 0 | G101: 0 | H101: 17683.79 | J101: 0 | K101: 0 | L101: 0 | N101: 17683.79 | P101: 0 | Q101: 0 | T101: 0 | U101: 0 | V101: 0 | W101: 0 | X101: 0 | Y101: 0 | Z101: 0 | AA101: 0 | AB101: 0 | AC101: 0 | AD101: 0 | AE101: 0 | AF101: 0 | AG101: 0 | AH101: 0 | AI101: 0 | AJ101: 0 | AK101: 0 | AL101: 0 | AM101: 0 | AN101: 0 | AO101: 0 | AP101: 0 | AQ101: 0 | AR101: 0 | AS101: 0 | AT101: 0 | AU101: 0 | AV101: 0 | AW101: 0 | AX101: 0 | AY101: 0 | AZ101: 0 | BA101: 0 | BB101: 0 | BC101: 0 | BD101: 0 | BE101: 0 | BF101: 0 | BG101: 0 | BH101: 0 | BI101: 0 | BJ101: 0 | BK101: 0 | BL101: 0 | BM101: 0 | BN101: 0 | BO101: 0 | BP101: 18800 | BQ101: 0 | BR101: 0 | BS101: 0 | BT101: 0 | BU101: 0 | BV101: 0 | BW101: 0 | BX101: 0 | BY101: 0 | BZ101: 0 | CA101: 0 | CB101: 0 | CC101: 0 | CD101: 0 | CE101: 0 | CF101: 0 | CG101: 18800 | CI101: 12428.3 | CJ101: 0 | CK101: 1902.5 | CL101: 0 | CM101: 14330.8 | CO101: 0 | CP101: 0 | CQ101: 0 | CS101: 14330.8 | CT101: =CG101-CS101 -> 4469.2 | CU101: =IF(CG101=0,"n/a",CS101/(CG101)) -> 0.7622766
A102: %,V810000 | B102: 810000 | C102: Office Material/Supplies | D102: 0 | E102: 0 | F102: 1564.39 | G102: 0 | H102: 1564.39 | J102: 0 | K102: 0 | L102: 0 | N102: 1564.39 | P102: 0 | Q102: 0 | T102: 0 | U102: 0 | V102: 0 | W102: 0 | X102: 0 | Y102: 0 | Z102: 0 | AA102: 0 | AB102: 0 | AC102: 0 | AD102: 0 | AE102: 0 | AF102: 0 | AG102: 0 | AH102: 0 | AI102: 0 | AJ102: 0 | AK102: 0 | AL102: 0 | AM102: 0 | AN102: 0 | AO102: 0 | AP102: 0 | AQ102: 0 | AR102: 0 | AS102: 0 | AT102: 0 | AU102: 0 | AV102: 0 | AW102: 0 | AX102: 0 | AY102: 0 | AZ102: 0 | BA102: 0 | BB102: 0 | BC102: 0 | BD102: 0 | BE102: 0 | BF102: 0 | BG102: 0 | BH102: 0 | BI102: 0 | BJ102: 0 | BK102: 0 | BL102: 0 | BM102: 0 | BN102: 0 | BO102: 0 | BP102: 0 | BQ102: 3183 | BR102: 0 | BS102: 0 | BT102: 0 | BU102: 0 | BV102: 0 | BW102: 0 | BX102: 0 | BY102: 0 | BZ102: 0 | CA102: 0 | CB102: 0 | CC102: 0 | CD102: 0 | CE102: 0 | CF102: 0 | CG102: 3183 | CI102: 0 | CJ102: 0 | CK102: 1349.26 | CL102: 0 | CM102: 1349.26 | CO102: 0 | CP102: 0 | CQ102: 0 | CS102: 1349.26 | CT102: =CG102-CS102 -> 1833.74 | CU102: =IF(CG102=0,"n/a",CS102/(CG102)) -> 0.4238957
A103: %,V810001 | B103: 810001 | C103: Office Equipment - Under $5K | D103: 0 | E103: 0 | F103: 9757.1 | G103: 0 | H103: 9757.1 | J103: 0 | K103: 0 | L103: 0 | N103: 9757.1 | P103: 0 | Q103: 0 | T103: 0 | U103: 0 | V103: 0 | W103: 0 | X103: 0 | Y103: 0 | Z103: 0 | AA103: 0 | AB103: 0 | AC103: 0 | AD103: 0 | AE103: 0 | AF103: 0 | AG103: 0 | AH103: 0 | AI103: 0 | AJ103: 0 | AK103: 0 | AL103: 0 | AM103: 0 | AN103: 0 | AO103: 0 | AP103: 0 | AQ103: 0 | AR103: 0 | AS103: 0 | AT103: 0 | AU103: 0 | AV103: 0 | AW103: 0 | AX103: 0 | AY103: 0 | AZ103: 0 | BA103: 0 | BB103: 0 | BC103: 0 | BD103: 0 | BE103: 0 | BF103: 0 | BG103: 0 | BH103: 0 | BI103: 0 | BJ103: 0 | BK103: 0 | BL103: 0 | BM103: 0 | BN103: 0 | BO103: 0 | BP103: 0 | BQ103: 0 | BR103: 18528 | BS103: 0 | BT103: 0 | BU103: 0 | BV103: 0 | BW103: 0 | BX103: 0 | BY103: 0 | BZ103: 0 | CA103: 0 | CB103: 0 | CC103: 0 | CD103: 0 | CE103: 0 | CF103: 0 | CG103: 18528 | CI103: 0 | CJ103: 0 | CK103: 6240.01 | CL103: 0 | CM103: 6240.01 | CO103: 0 | CP103: 0 | CQ103: 0 | CS103: 6240.01 | CT103: =CG103-CS103 -> 12287.99 | CU103: =IF(CG103=0,"n/a",CS103/(CG103)) -> 0.3367881
A104: %,V812000 | B104: 812000 | C104: Clinic Supplies/Materials | D104: 0 | E104: 21.42 | F104: 761.23 | G104: 0 | H104: 782.65 | J104: 0 | K104: 0 | L104: 0 | N104: 782.65 | P104: 0 | Q104: 0 | T104: 0 | U104: 0 | V104: 0 | W104: 0 | X104: 0 | Y104: 0 | Z104: 0 | AA104: 0 | AB104: 0 | AC104: 0 | AD104: 0 | AE104: 0 | AF104: 0 | AG104: 0 | AH104: 0 | AI104: 0 | AJ104: 0 | AK104: 0 | AL104: 0 | AM104: 0 | AN104: 0 | AO104: 0 | AP104: 0 | AQ104: 0 | AR104: 0 | AS104: 0 | AT104: 0 | AU104: 0 | AV104: 0 | AW104: 0 | AX104: 0 | AY104: 0 | AZ104: 0 | BA104: 0 | BB104: 0 | BC104: 0 | BD104: 0 | BE104: 0 | BF104: 0 | BG104: 0 | BH104: 0 | BI104: 0 | BJ104: 0 | BK104: 0 | BL104: 0 | BM104: 0 | BN104: 0 | BO104: 0 | BP104: 0 | BQ104: 0 | BR104: 0 | BS104: 1171 | BT104: 0 | BU104: 0 | BV104: 0 | BW104: 0 | BX104: 0 | BY104: 0 | BZ104: 0 | CA104: 0 | CB104: 0 | CC104: 0 | CD104: 0 | CE104: 0 | CF104: 0 | CG104: 1171 | CI104: 0 | CJ104: 0 | CK104: 540.92 | CL104: 0 | CM104: 540.92 | CO104: 0 | CP104: 0 | CQ104: 0 | CS104: 540.92 | CT104: =CG104-CS104 -> 630.08 | CU104: =IF(CG104=0,"n/a",CS104/(CG104)) -> 0.46192997
A105: %,V814000 | B105: 814000 | C105: Custodial Supplies | D105: 0 | E105: 0 | F105: 15195.25 | G105: 0 | H105: 15195.25 | J105: 0 | K105: 0 | L105: 0 | N105: 15195.25 | P105: 0 | Q105: 0 | T105: 0 | U105: 0 | V105: 0 | W105: 0 | X105: 0 | Y105: 0 | Z105: 0 | AA105: 0 | AB105: 0 | AC105: 0 | AD105: 0 | AE105: 0 | AF105: 0 | AG105: 0 | AH105: 0 | AI105: 0 | AJ105: 0 | AK105: 0 | AL105: 0 | AM105: 0 | AN105: 0 | AO105: 0 | AP105: 0 | AQ105: 0 | AR105: 0 | AS105: 0 | AT105: 0 | AU105: 0 | AV105: 0 | AW105: 0 | AX105: 0 | AY105: 0 | AZ105: 0 | BA105: 0 | BB105: 0 | BC105: 0 | BD105: 0 | BE105: 0 | BF105: 0 | BG105: 0 | BH105: 0 | BI105: 0 | BJ105: 0 | BK105: 0 | BL105: 0 | BM105: 0 | BN105: 0 | BO105: 0 | BP105: 0 | BQ105: 0 | BR105: 0 | BS105: 0 | BT105: 20808 | BU105: 0 | BV105: 0 | BW105: 0 | BX105: 0 | BY105: 0 | BZ105: 0 | CA105: 0 | CB105: 0 | CC105: 0 | CD105: 0 | CE105: 0 | CF105: 0 | CG105: 20808 | CI105: 0 | CJ105: 0 | CK105: 13564.85 | CL105: 0 | CM105: 13564.85 | CO105: 0 | CP105: 0 | CQ105: 0 | CS105: 13564.85 | CT105: =CG105-CS105 -> 7243.15 | CU105: =IF(CG105=0,"n/a",CS105/(CG105)) -> 0.65190552
A106: %,V820000 | B106: 820000 | C106: Instructional Material/Supply | D106: 189.34 | E106: 1160.91 | F106: 91181.86 | G106: 176.4 | H106: 92708.51 | J106: 0 | K106: 0 | L106: 0 | N106: 92708.51 | P106: 0 | Q106: 0 | T106: 0 | U106: 0 | V106: 0 | W106: 0 | X106: 0 | Y106: 0 | Z106: 0 | AA106: 0 | AB106: 0 | AC106: 0 | AD106: 0 | AE106: 0 | AF106: 0 | AG106: 0 | AH106: 0 | AI106: 0 | AJ106: 0 | AK106: 0 | AL106: 0 | AM106: 0 | AN106: 0 | AO106: 0 | AP106: 0 | AQ106: 0 | AR106: 0 | AS106: 0 | AT106: 0 | AU106: 0 | AV106: 0 | AW106: 0 | AX106: 0 | AY106: 0 | AZ106: 0 | BA106: 0 | BB106: 0 | BC106: 0 | BD106: 0 | BE106: 0 | BF106: 0 | BG106: 0 | BH106: 0 | BI106: 0 | BJ106: 0 | BK106: 0 | BL106: 0 | BM106: 0 | BN106: 0 | BO106: 0 | BP106: 0 | BQ106: 0 | BR106: 0 | BS106: 0 | BT106: 0 | BU106: 203026 | BV106: 0 | BW106: 0 | BX106: 0 | BY106: 0 | BZ106: 0 | CA106: 0 | CB106: 0 | CC106: 0 | CD106: 0 | CE106: 0 | CF106: 0 | CG106: 203026 | CI106: 235.69 | CJ106: 1498.8 | CK106: 151211.09 | CL106: 474.91 | CM106: 153420.49 | CO106: 0 | CP106: 0 | CQ106: 0 | CS106: 153420.49 | CT106: =CG106-CS106 -> 49605.51 | CU106: =IF(CG106=0,"n/a",CS106/(CG106)) -> 0.75566918
A107: %,V820001 | B107: 820001 | C107: Instructional Equip-Under $5K | D107: 0 | E107: 235.1 | F107: 46637.68 | G107: 0 | H107: 46872.78 | J107: 0 | K107: 0 | L107: 0 | N107: 46872.78 | P107: 0 | Q107: 0 | T107: 0 | U107: 0 | V107: 0 | W107: 0 | X107: 0 | Y107: 0 | Z107: 0 | AA107: 0 | AB107: 0 | AC107: 0 | AD107: 0 | AE107: 0 | AF107: 0 | AG107: 0 | AH107: 0 | AI107: 0 | AJ107: 0 | AK107: 0 | AL107: 0 | AM107: 0 | AN107: 0 | AO107: 0 | AP107: 0 | AQ107: 0 | AR107: 0 | AS107: 0 | AT107: 0 | AU107: 0 | AV107: 0 | AW107: 0 | AX107: 0 | AY107: 0 | AZ107: 0 | BA107: 0 | BB107: 0 | BC107: 0 | BD107: 0 | BE107: 0 | BF107: 0 | BG107: 0 | BH107: 0 | BI107: 0 | BJ107: 0 | BK107: 0 | BL107: 0 | BM107: 0 | BN107: 0 | BO107: 0 | BP107: 0 | BQ107: 0 | BR107: 0 | BS107: 0 | BT107: 0 | BU107: 0 | BV107: 209127 | BW107: 0 | BX107: 0 | BY107: 0 | BZ107: 0 | CA107: 0 | CB107: 0 | CC107: 0 | CD107: 0 | CE107: 0 | CF107: 0 | CG107: 214827 | CI107: 0 | CJ107: 1871.53 | CK107: 123072.98 | CL107: 724.09 | CM107: 125668.6 | CO107: 0 | CP107: 0 | CQ107: 0 | CS107: 125668.6 | CT107: =CG107-CS107 -> 89158.4 | CU107: =IF(CG107=0,"n/a",CS107/(CG107)) -> 0.58497582
A108: %,V822000 | B108: 822000 | C108: Textbooks | D108: 0 | E108: 20.11 | F108: 22649.42 | G108: 123.6 | H108: 22793.13 | J108: 0 | K108: 0 | L108: 0 | N108: 22793.13 | P108: 0 | Q108: 0 | T108: 0 | U108: 0 | V108: 0 | W108: 0 | X108: 0 | Y108: 0 | Z108: 0 | AA108: 0 | AB108: 0 | AC108: 0 | AD108: 0 | AE108: 0 | AF108: 0 | AG108: 0 | AH108: 0 | AI108: 0 | AJ108: 0 | AK108: 0 | AL108: 0 | AM108: 0 | AN108: 0 | AO108: 0 | AP108: 0 | AQ108: 0 | AR108: 0 | AS108: 0 | AT108: 0 | AU108: 0 | AV108: 0 | AW108: 0 | AX108: 0 | AY108: 0 | AZ108: 0 | BA108: 0 | BB108: 0 | BC108: 0 | BD108: 0 | BE108: 0 | BF108: 0 | BG108: 0 | BH108: 0 | BI108: 0 | BJ108: 0 | BK108: 0 | BL108: 0 | BM108: 0 | BN108: 0 | BO108: 0 | BP108: 0 | BQ108: 0 | BR108: 0 | BS108: 0 | BT108: 0 | BU108: 0 | BV108: 0 | BW108: 26600 | BX108: 0 | BY108: 0 | BZ108: 0 | CA108: 0 | CB108: 0 | CC108: 0 | CD108: 0 | CE108: 0 | CF108: 0 | CG108: 20900 | CI108: 0 | CJ108: 42.91 | CK108: 20321.54 | CL108: 0 | CM108: 20364.45 | CO108: 0 | CP108: 0 | CQ108: 0 | CS108: 20364.45 | CT108: =CG108-CS108 -> 535.55 | CU108: =IF(CG108=0,"n/a",CS108/(CG108)) -> 0.9743756
A109: %,V823000 | B109: 823000 | C109: Copier Usage | D109: 0 | E109: 0 | F109: 19977.28 | G109: 0 | H109: 19977.28 | J109: 0 | K109: 0 | L109: 0 | N109: 19977.28 | P109: 0 | Q109: 0 | T109: 0 | U109: 0 | V109: 0 | W109: 0 | X109: 0 | Y109: 0 | Z109: 0 | AA109: 0 | AB109: 0 | AC109: 0 | AD109: 0 | AE109: 0 | AF109: 0 | AG109: 0 | AH109: 0 | AI109: 0 | AJ109: 0 | AK109: 0 | AL109: 0 | AM109: 0 | AN109: 0 | AO109: 0 | AP109: 0 | AQ109: 0 | AR109: 0 | AS109: 0 | AT109: 0 | AU109: 0 | AV109: 0 | AW109: 0 | AX109: 0 | AY109: 0 | AZ109: 0 | BA109: 0 | BB109: 0 | BC109: 0 | BD109: 0 | BE109: 0 | BF109: 0 | BG109: 0 | BH109: 0 | BI109: 0 | BJ109: 0 | BK109: 0 | BL109: 0 | BM109: 0 | BN109: 0 | BO109: 0 | BP109: 0 | BQ109: 0 | BR109: 0 | BS109: 0 | BT109: 0 | BU109: 0 | BV109: 0 | BW109: 0 | BX109: 23650 | BY109: 0 | BZ109: 0 | CA109: 0 | CB109: 0 | CC109: 0 | CD109: 0 | CE109: 0 | CF109: 0 | CG109: 23650 | CI109: 0 | CJ109: 0 | CK109: 16880.07 | CL109: 0 | CM109: 16880.07 | CO109: 0 | CP109: 0 | CQ109: 0 | CS109: 16880.07 | CT109: =CG109-CS109 -> 6769.93 | CU109: =IF(CG109=0,"n/a",CS109/(CG109)) -> 0.71374503
... A114: %,V885000 | B114: 885000 | C114: Miscellaneous Expense | D114: 0 | E114: 0 | F114: 0 | G114: 0 | H114: 0 | J114: 0 | K114: 0 | L114: 0 | N114: 0 | P114: 0 | Q114: 0 | T114: 0 | U114: 0 | V114: 0 | W114: 0 | X114: 0 | Y114: 0 | Z114: 0 | AA114: 0 | AB114: 0 | AC114: 0 | AD114: 0 | AE114: 0 | AF114: 0 | AG114: 0 | AH114: 0 | AI114: 0 | AJ114: 0 | AK114: 0 | AL114: 0 | AM114: 0 | AN114: 0 | AO114: 0 | AP114: 0 | AQ114: 0 | AR114: 0 | AS114: 0 | AT114: 0 | AU114: 0 | AV114: 0 | AW114: 0 | AX114: 0 | AY114: 0 | AZ114: 0 | BA114: 0 | BB114: 0 | BC114: 0 | BD114: 0 | BE114: 0 | BF114: 0 | BG114: 0 | BH114: 0 | BI114: 0 | BJ114: 0 | BK114: 0 | BL114: 0 | BM114: 0 | BN114: 0 | BO114: 0 | BP114: 0 | BQ114: 0 | BR114: 0 | BS114: 0 | BT114: 0 | BU114: 0 | BV114: 0 | BW114: 0 | BX114: 0 | BY114: 0 | BZ114: 0 | CA114: 0 | CB114: 0 | CC114: 500 | CD114: 0 | CE114: 0 | CF114: 0 | CG114: 500 | CI114: 0 | CJ114: 0 | CK114: 0 | CL114: 0 | CM114: 0 | CO114: 0 | CP114: 0 | CQ114: 0 | CS114: 0 | CT114: =CG114-CS114 -> 500 | CU114: =IF(CG114=0,"n/a",CS114/(CG114)) -> 0
A115: %,V889000 | B115: 889000 | C115: Consumable Supplies | D115: 0 | E115: 7.28 | F115: 305.47 | G115: 0 | H115: 312.75 | J115: 0 | K115: 0 | L115: 0 | N115: 312.75 | P115: 0 | Q115: 0 | T115: 0 | U115: 0 | V115: 0 | W115: 0 | X115: 0 | Y115: 0 | Z115: 0 | AA115: 0 | AB115: 0 | AC115: 0 | AD115: 0 | AE115: 0 | AF115: 0 | AG115: 0 | AH115: 0 | AI115: 0 | AJ115: 0 | AK115: 0 | AL115: 0 | AM115: 0 | AN115: 0 | AO115: 0 | AP115: 0 | AQ115: 0 | AR115: 0 | AS115: 0 | AT115: 0 | AU115: 0 | AV115: 0 | AW115: 0 | AX115: 0 | AY115: 0 | AZ115: 0 | BA115: 0 | BB115: 0 | BC115: 0 | BD115: 0 | BE115: 0 | BF115: 0 | BG115: 0 | BH115: 0 | BI115: 0 | BJ115: 0 | BK115: 0 | BL115: 0 | BM115: 0 | BN115: 0 | BO115: 0 | BP115: 0 | BQ115: 0 | BR115: 0 | BS115: 0 | BT115: 0 | BU115: 0 | BV115: 0 | BW115: 0 | BX115: 0 | BY115: 0 | BZ115: 0 | CA115: 0 | CB115: 0 | CC115: 0 | CD115: 510 | CE115: 0 | CF115: 0 | CG115: 510 | CI115: 0 | CJ115: 0 | CK115: 213.63 | CL115: 0 | CM115: 213.63 | CO115: 0 | CP115: 0 | CQ115: 0 | CS115: 213.63 | CT115: =CG115-CS115 -> 296.37 | CU115: =IF(CG115=0,"n/a",CS115/(CG115)) -> 0.41888235 | DA115: PROJECTED UNUSED MAT
A116: %,FACCOUNT,TACCOUNT_ROLLUP,X,NSUPPLIES | C116: Materials and Supplies | D116: 23380.79 | E116: 2284.29 | F116: 232829.25 | G116: 300 | H116: 258794.33 | J116: 0 | K116: 0 | L116: 0 | N116: 258794.33 | P116: 0 | Q116: 0 | T116: 0 | U116: 0 | V116: 0 | W116: 0 | X116: 0 | Y116: 0 | Z116: 0 | AA116: 0 | AB116: 0 | AC116: 0 | AD116: 0 | AE116: 0 | AF116: 0 | AG116: 0 | AH116: 0 | AI116: 0 | AJ116: 0 | AK116: 0 | AL116: 0 | AM116: 0 | AN116: 0 | AO116: 0 | AP116: 0 | AQ116: 0 | AR116: 0 | AS116: 0 | AT116: 0 | AU116: 0 | AV116: 0 | AW116: 0 | AX116: 0 | AY116: 0 | AZ116: 0 | BA116: 0 | BB116: 0 | BC116: 0 | BD116: 0 | BE116: 0 | BF116: 0 | BG116: 0 | BH116: 0 | BI116: 0 | BJ116: 0 | BK116: 0 | BL116: 0 | BM116: 0 | BN116: 1561 | BO116: 15995 | BP116: 18800 | BQ116: 3183 | BR116: 18528 | BS116: 1171 | BT116: 20808 | BU116: 203026 | BV116: 209127 | BW116: 26600 | BX116: 23650 | BY116: 3435 | BZ116: 500 | CA116: 20130 | CB116: 5000 | CC116: 500 | CD116: 510 | CE116: 0 | CF116: 0 | CG116: 572524 | CI116: 18382.18 | CJ116: 5084.72 | CK116: 364374.46 | CL116: 1199 | CM116: 389040.36 | CO116: 0 | CP116: 0 | CQ116: 0 | CS116: 389040.36 | CT116: =CG116-CS116 -> 183483.64 | CU116: =IF(CG116=0,"n/a",CS116/(CG116)) -> 0.67951799 | DA116: 33500
A118: %,V914000 | B118: 914000 | C118: Vehicles - Utility Fleet | D118: 0 | E118: 0 | F118: 12500 | G118: 0 | H118: 12500 | J118: 0 | K118: 0 | L118: 0 | N118: 12500 | P118: 0 | Q118: 0 | T118: 0 | U118: 0 | V118: 0 | W118: 0 | X118: 0 | Y118: 0 | Z118: 0 | AA118: 0 | AB118: 0 | AC118: 0 | AD118: 0 | AE118: 0 | AF118: 0 | AG118: 0 | AH118: 0 | AI118: 0 | AJ118: 0 | AK118: 0 | AL118: 0 | AM118: 0 | AN118: 0 | AO118: 0 | AP118: 0 | AQ118: 0 | AR118: 0 | AS118: 0 | AT118: 0 | AU118: 0 | AV118: 0 | AW118: 0 | AX118: 0 | AY118: 0 | AZ118: 0 | BA118: 0 | BB118: 0 | BC118: 0 | BD118: 0 | BE118: 0 | BF118: 0 | BG118: 0 | BH118: 0 | BI118: 0 | BJ118: 0 | BK118: 0 | BL118: 0 | BM118: 0 | BN118: 0 | BO118: 0 | BP118: 0 | BQ118: 0 | BR118: 0 | BS118: 0 | BT118: 0 | BU118: 0 | BV118: 0 | BW118: 0 | BX118: 0 | BY118: 0 | BZ118: 0 | CA118: 0 | CB118: 0 | CC118: 0 | CD118: 0 | CE118: 0 | CF118: 0 | CG118: 0 | CI118: 0 | CJ118: 0 | CK118: 0 | CL118: 0 | CM118: 0 | CO118: 0 | CP118: 0 | CQ118: 0 | CS118: 0 | CT118: =CG118-CS118 -> 0 | CU118: =IF(CG118=0,"n/a",CS118/(CG118)) -> n/a
...
